Workbook

Sheet Resumo
A1: PLANILHA ESTIMATIVA
A2: Anexo V - Planilha de Custos e Formação de Preços para Serviços de Vigilância - GEX – Goiânia/GO e Anápolis/GO
A4: INSS - GERÊNCIAS EXECUTIVAS EM GOIÂNIA/GO E ANÁPOLIS/GO
A5: PREGÃO ELETRÔNICO Nº
A6: DATA DA ABERTURA: | G6: Hora:
A8: 1 - OBJETO:
A9: Contratação de serviços de segurança e vigilância orgânica e patrimonial desarmada, visando atender as demandas da Superintendência Regional Norte/Centro-Oeste e Gerências Executivas vinculadas, conforme condições, quantidades e exigências estabelecidas neste instrumento convocatório.
A11: 2 - CONDIÇÕES GERAIS
A12: Conforme Termo de Referência.
A16: RESUMO GERAL
B17: DESCRIÇÃO | F17: POSTOS / HE | G17: VALOR MENSAL | H17: VALOR GLOBAL
B18: POSTO DE VIGILÂNCIA DESARMADA 12x36 DIURNO | F18: =E27+E30+E33+E36+E39+E42+E45+E48+E51+E54+E57+E60+E63+E66+E69+E72+E75+E78+E81+E84+E87+E90+E93+E96+E99+E102+E105+E108+E111+E114+E117+E120+E123+E126+E129+E132+E135+E138+E141+E144+E147+E150+E153+E156+E159+E162+E165+E168+E172+E175+E178+E181+E184+E187 -> 2 | G18: =G27+G30+G33+G36+G39+G42+G45+G48+G51+G54+G57+G60+G63+G66+G69+G72+G75+G78+G81+G84+G87+G90+G93+G96+G99+G102+G105+G108+G111+G114+G117+G120+G123+G126+G129+G132+G135+G138+G141+G144+G147+G150+G153+G156+G159+G162+G165+G168+G172+G175+G178+G181+G184+G187 -> 21637.74 | H18: =G18*12 -> 259652.88
B19: POSTO DE VIGILÂNCIA DESARMADA 12x36 NOTURNO | F19: 1 | G19: =G169 -> 10897.76 | H19: =G19*12 -> 130773.12
B20: POSTO DE VIGILÂNCIA DESARMADA 44 HORAS SEMANAIS | F20: =E28+E31+E34+E37+E40+E43+E46+E49+E52+E55+E58+E61+E64+E67+E70+E73+E76+E79+E82+E85+E88+E91+E94+E97+E100+E103+E106+E109+E112+E115+E118+E121+E124+E127+E130+E133+E136+E139+E142+E145+E148+E151+E154+E157+E160+E163+E166+E170+E173+E176+E179+E182+E185+E188 -> 119 | G20: =G28+G31+G34+G37+G40+G43+G46+G49+G52+G55+G58+G61+G64+G67+G70+G73+G76+G79+G82+G85+G88+G91+G94+G97+G100+G103+G106+G109+G112+G115+G118+G121+G124+G127+G130+G133+G136+G139+G142+G145+G148+G151+G154+G157+G160+G163+G166+G170+G173+G176+G179+G182+G185+G188 -> 669499.9 | H20: =G20*12 -> 8033998.8
B21: HORA EXTRA (Sábado) | F21: 334 | G21: =H21/12 -> 915.16 | H21: =F21*'Horas Extras'!C126 -> 10981.92
B22: HORA EXTRA (Domingo e Feriado) | F22: 80 | G22: =H22/12 -> 292.26667 | H22: =F22*'Horas Extras'!D126 -> 3507.2
B23: VALOR TOTAL: | F23: =SUM(F18:F20) -> 122 | G23: =SUM(G18:G22) -> 703242.83 | H23: =SUM(H18:H22) -> 8438913.9
A25: PLANILHA 2023
A26: Item | B26: Descrição | E26: Quant. | F26: Valor do Posto | G26: Valor Mensal | H26: Valor 12 Meses
A27: 1 | B27: GOIÂNIA | C27: POSTO 12x36 DIURNO | E27: 1 | F27: =Goiânia!C131 -> 10947.34 | G27: =F27*E27 -> 10947.34 | H27: =G27*12 -> 131368.08
C28: POSTO 44 HORAS SEMANAIS | E28: 26 | F28: =Goiânia!C130 -> 5777.79 | G28: =F28*E28 -> 150222.54 | H28: =G28*12 -> 1802670.5
C29: VALOR TOTAL: | G29: =SUM(G27:G28) -> 161169.88 | H29: =SUM(H27:H28) -> 1934038.6
A30: 2 | B30: ACREÚNA | C30: POSTO 12x36 DIURNO | E30: 0 | F30: =Acreúna!C131 -> 10897.76 | G30: =F30*E30 -> 0 | H30: =G30*12 -> 0
C31: POSTO 44 HORAS SEMANAIS | E31: 1 | F31: =Acreúna!C130 -> 5632.75 | G31: =F31*E31 -> 5632.75 | H31: =G31*12 -> 67593
C32: VALOR TOTAL: | G32: =SUM(G30:G31) -> 5632.75 | H32: =SUM(H30:H31) -> 67593
A33: 3 | B33: ANICUNS | C33: POSTO 12x36 DIURNO | E33: 0 | F33: =Anicuns!C131 -> 10664.28 | G33: =F33*E33 -> 0 | H33: =G33*12 -> 0
C34: POSTO 44 HORAS SEMANAIS | E34: 2 | F34: =Anicuns!C130 -> 5512.07 | G34: =F34*E34 -> 11024.14 | H34: =G34*12 -> 132289.68
C35: VALOR TOTAL: | G35: =SUM(G33:G34) -> 11024.14 | H35: =SUM(H33:H34) -> 132289.68
A36: 4 | B36: APARECIDA DE GOIÂNIA | C36: POSTO 12x36 DIURNO | E36: 0 | F36: ='Aparecida de Goiânia'!C131 -> 10712.8 | G36: =F36*E36 -> 0 | H36: =G36*12 -> 0
C37: POSTO 44 HORAS SEMANAIS | E37: 4 | F37: ='Aparecida de Goiânia'!C130 -> 5654 | G37: =F37*E37 -> 22616 | H37: =G37*12 -> 271392
C38: VALOR TOTAL: | G38: =SUM(G36:G37) -> 22616 | H38: =SUM(H36:H37) -> 271392
A39: 5 | B39: BELA VISTA DE GOIÁS | C39: POSTO 12x36 DIURNO | E39: 0 | F39: ='Bela Vista de Goiás'!C131 -> 10599.26 | G39: =F39*E39 -> 0 | H39: =G39*12 -> 0
C40: POSTO 44 HORAS SEMANAIS | E40: 1 | F40: ='Bela Vista de Goiás'!C130 -> 5594.08 | G40: =F40*E40 -> 5594.08 | H40: =G40*12 -> 67128.96
C41: VALOR TOTAL: | G41: =SUM(G39:G40) -> 5594.08 | H41: =SUM(H39:H40) -> 67128.96
A42: 6 | B42: CAIAPÔNIA | C42: POSTO 12x36 DIURNO | E42: 0 | F42: =Caiapônia!C131 -> 10897.76 | G42: =F42*E42 -> 0 | H42: =G42*12 -> 0
C43: POSTO 44 HORAS SEMANAIS | E43: 1 | F43: =Caiapônia!C130 -> 5632.75 | G43: =F43*E43 -> 5632.75 | H43: =G43*12 -> 67593
C44: VALOR TOTAL: | G44: =SUM(G42:G43) -> 5632.75 | H44: =SUM(H42:H43) -> 67593
A45: 7 | B45: GOIATUBA | C45: POSTO 12x36 DIURNO | E45: 0 | F45: =Goiatuba!C131 -> 10664.28 | G45: =F45*E45 -> 0 | H45: =G45*12 -> 0
C46: POSTO 44 HORAS SEMANAIS | E46: 2 | F46: =Goiatuba!C130 -> 5512.07 | G46: =F46*E46 -> 11024.14 | H46: =G46*12 -> 132289.68
C47: VALOR TOTAL: | G47: =SUM(G45:G46) -> 11024.14 | H47: =SUM(H45:H46) -> 132289.68
A48: 8 | B48: IPORÁ | C48: POSTO 12x36 DIURNO | E48: 0 | F48: =Iporá!C131 -> 10607.46 | G48: =F48*E48 -> 0 | H48: =G48*12 -> 0
C49: POSTO 44 HORAS SEMANAIS | E49: 2 | F49: =Iporá!C130 -> 5482.7 | G49: =F49*E49 -> 10965.4 | H49: =G49*12 -> 131584.8
C50: VALOR TOTAL: | G50: =SUM(G48:G49) -> 10965.4 | H50: =SUM(H48:H49) -> 131584.8
A51: 9 | B51: ITUMBIARA | C51: POSTO 12x36 DIURNO | E51: 0 | F51: =Itumbiara!C131 -> 10664.28 | G51: =F51*E51 -> 0 | H51: =G51*12 -> 0
C52: POSTO 44 HORAS SEMANAIS | E52: 2 | F52: =Itumbiara!C130 -> 5569.91 | G52: =F52*E52 -> 11139.82 | H52: =G52*12 -> 133677.84
C53: VALOR TOTAL: | G53: =SUM(G51:G52) -> 11139.82 | H53: =SUM(H51:H52) -> 133677.84
A54: 10 | B54: JATAÍ | C54: POSTO 12x36 DIURNO | E54: 0 | F54: =Jataí!C131 -> 10828.8 | G54: =F54*E54 -> 0 | H54: =G54*12 -> 0
C55: POSTO 44 HORAS SEMANAIS | E55: 2 | F55: =Jataí!C130 -> 5715.23 | G55: =F55*E55 -> 11430.46 | H55: =G55*12 -> 137165.52
C56: VALOR TOTAL: | G56: =SUM(G54:G55) -> 11430.46 | H56: =SUM(H54:H55) -> 137165.52
A57: 11 | B57: MINEIROS | C57: POSTO 12x36 DIURNO | E57: 0 | F57: =Mineiros!C131 -> 10664.28 | G57: =F57*E57 -> 0 | H57: =G57*12 -> 0
C58: POSTO 44 HORAS SEMANAIS | E58: 1 | F58: =Mineiros!C130 -> 5512.07 | G58: =F58*E58 -> 5512.07 | H58: =G58*12 -> 66144.84
C59: VALOR TOTAL: | G59: =SUM(G57:G58) -> 5512.07 | H59: =SUM(H57:H58) -> 66144.84
A60: 12 | B60: MORRINHOS | C60: POSTO 12x36 DIURNO | E60: 0 | F60: =Morrinhos!C131 -> 10897.76 | G60: =F60*E60 -> 0 | H60: =G60*12 -> 0
C61: POSTO 44 HORAS SEMANAIS | E61: 1 | F61: =Morrinhos!C130 -> 5632.75 | G61: =F61*E61 -> 5632.75 | H61: =G61*12 -> 67593
C62: VALOR TOTAL: | G62: =SUM(G60:G61) -> 5632.75 | H62: =SUM(H60:H61) -> 67593
A63: 13 | B63: PALMEIRAS DE GOIÁS | C63: POSTO 12x36 DIURNO | E63: 0 | F63: ='Palmeiras de Goiás'!C131 -> 10664.28 | G63: =F63*E63 -> 0 | H63: =G63*12 -> 0
C64: POSTO 44 HORAS SEMANAIS | E64: 2 | F64: ='Palmeiras de Goiás'!C130 -> 5512.07 | G64: =F64*E64 -> 11024.14 | H64: =G64*12 -> 132289.68
C65: VALOR TOTAL: | G65: =SUM(G63:G64) -> 11024.14 | H65: =SUM(H63:H64) -> 132289.68
A66: 14 | B66: PONTALINA | C66: POSTO 12x36 DIURNO | E66: 0 | F66: =Pontalina!C131 -> 10664.28 | G66: =F66*E66 -> 0 | H66: =G66*12 -> 0
C67: POSTO 44 HORAS SEMANAIS | E67: 2 | F67: =Pontalina!C130 -> 5512.07 | G67: =F67*E67 -> 11024.14 | H67: =G67*12 -> 132289.68
C68: VALOR TOTAL: | G68: =SUM(G66:G67) -> 11024.14 | H68: =SUM(H66:H67) -> 132289.68
A69: 15 | B69: QUIRINÓPOLIS | C69: POSTO 12x36 DIURNO | E69: 0 | F69: =Quirinópolis!C131 -> 10897.76 | G69: =F69*E69 -> 0 | H69: =G69*12 -> 0
C70: POSTO 44 HORAS SEMANAIS | E70: 2 | F70: =Quirinópolis!C130 -> 5632.75 | G70: =F70*E70 -> 11265.5 | H70: =G70*12 -> 135186
C71: VALOR TOTAL: | G71: =SUM(G69:G70) -> 11265.5 | H71: =SUM(H69:H70) -> 135186
A72: 16 | B72: RIO VERDE | C72: POSTO 12x36 DIURNO | E72: 0 | F72: ='Rio Verde'!C131 -> 10668.02 | G72: =F72*E72 -> 0 | H72: =G72*12 -> 0
C73: POSTO 44 HORAS SEMANAIS | E73: 3 | F73: ='Rio Verde'!C130 -> 5615.19 | G73: =F73*E73 -> 16845.57 | H73: =G73*12 -> 202146.84
C74: VALOR TOTAL: | G74: =SUM(G72:G73) -> 16845.57 | H74: =SUM(H72:H73) -> 202146.84
A75: 17 | B75: SANTA HELENA DE GOIÁS | C75: POSTO 12x36 DIURNO | E75: 0 | F75: ='Santa Helena de Goiás'!C131 -> 10897.76 | G75: =F75*E75 -> 0 | H75: =G75*12 -> 0
C76: POSTO 44 HORAS SEMANAIS | E76: 2 | F76: ='Santa Helena de Goiás'!C130 -> 5632.75 | G76: =F76*E76 -> 11265.5 | H76: =G76*12 -> 135186
C77: VALOR TOTAL: | G77: =SUM(G75:G76) -> 11265.5 | H77: =SUM(H75:H76) -> 135186
A78: 18 | B78: SÃO LUIZ DE MONTES BELOS | C78: POSTO 12x36 DIURNO | E78: 0 | F78: ='São Luiz de Montes Belos'!C131 -> 10897.76 | G78: =F78*E78 -> 0 | H78: =G78*12 -> 0
C79: POSTO 44 HORAS SEMANAIS | E79: 1 | F79: ='São Luiz de Montes Belos'!C130 -> 5632.75 | G79: =F79*E79 -> 5632.75 | H79: =G79*12 -> 67593
C80: VALOR TOTAL: | G80: =SUM(G78:G79) -> 5632.75 | H80: =SUM(H78:H79) -> 67593
A81: 19 | B81: SÃO SIMÃO | C81: POSTO 12x36 DIURNO | E81: 0 | F81: ='São Simão'!C131 -> 10897.76 | G81: =F81*E81 -> 0 | H81: =G81*12 -> 0
C82: POSTO 44 HORAS SEMANAIS | E82: 1 | F82: ='São Simão'!C130 -> 5632.75 | G82: =F82*E82 -> 5632.75 | H82: =G82*12 -> 67593
C83: VALOR TOTAL: | G83: =SUM(G81:G82) -> 5632.75 | H83: =SUM(H81:H82) -> 67593
A84: 20 | B84: SENADOR CANEDO | C84: POSTO 12x36 DIURNO | E84: 0 | F84: ='Senador Canedo'!C131 -> 10897.76 | G84: =F84*E84 -> 0 | H84: =G84*12 -> 0
C85: POSTO 44 HORAS SEMANAIS | E85: 2 | F85: ='Senador Canedo'!C130 -> 5635.67 | G85: =F85*E85 -> 11271.34 | H85: =G85*12 -> 135256.08
C86: VALOR TOTAL: | G86: =SUM(G84:G85) -> 11271.34 | H86: =SUM(H84:H85) -> 135256.08
A87: 21 | B87: TRINDADE | C87: POSTO 12x36 DIURNO | E87: 0 | F87: =Trindade!C131 -> 10897.76 | G87: =F87*E87 -> 0 | H87: =G87*12 -> 0
C88: POSTO 44 HORAS SEMANAIS | E88: 1 | F88: =Trindade!C130 -> 5635.67 | G88: =F88*E88 -> 5635.67 | H88: =G88*12 -> 67628.04
C89: VALOR TOTAL: | G89: =SUM(G87:G88) -> 5635.67 | H89: =SUM(H87:H88) -> 67628.04
A90: 22 | B90: ANÁPOLIS | C90: POSTO 12x36 DIURNO | E90: 1 | F90: =Anápolis!C131 -> 10690.4 | G90: =F90*E90 -> 10690.4 | H90: =G90*12 -> 128284.8
C91: POSTO 44 HORAS SEMANAIS | E91: 14 | F91: =Anápolis!C130 -> 5634.6 | G91: =F91*E91 -> 78884.4 | H91: =G91*12 -> 946612.8
C92: VALOR TOTAL: | G92: =SUM(G90:G91) -> 89574.8 | H92: =SUM(H90:H91) -> 1074897.6
A93: 23 | B93: CATALÃO | C93: POSTO 12x36 DIURNO | E93: 0 | F93: =Catalão!C131 -> 10551.26 | G93: =F93*E93 -> 0 | H93: =G93*12 -> 0
C94: POSTO 44 HORAS SEMANAIS | E94: 2 | F94: =Catalão!C130 -> 5504.48 | G94: =F94*E94 -> 11008.96 | H94: =G94*12 -> 132107.52
C95: VALOR TOTAL: | G95: =SUM(G93:G94) -> 11008.96 | H95: =SUM(H93:H94) -> 132107.52
A96: 24 | B96: CERES | C96: POSTO 12x36 DIURNO | E96: 0 | F96: =Ceres!C131 -> 10664.28 | G96: =F96*E96 -> 0 | H96: =G96*12 -> 0
C97: POSTO 44 HORAS SEMANAIS | E97: 2 | F97: =Ceres!C130 -> 5512.07 | G97: =F97*E97 -> 11024.14 | H97: =G97*12 -> 132289.68
C98: VALOR TOTAL: | G98: =SUM(G96:G97) -> 11024.14 | H98: =SUM(H96:H97) -> 132289.68
A99: 25 | B99: GOIANÉSIA | C99: POSTO 12x36 DIURNO | E99: 0 | F99: =Goianésia!C131 -> 10664.28 | G99: =F99*E99 -> 0 | H99: =G99*12 -> 0
C100: POSTO 44 HORAS SEMANAIS | E100: 1 | F100: =Goianésia!C130 -> 5512.07 | G100: =F100*E100 -> 5512.07 | H100: =G100*12 -> 66144.84
C101: VALOR TOTAL: | G101: =SUM(G99:G100) -> 5512.07 | H101: =SUM(H99:H100) -> 66144.84
A102: 26 | B102: GOIÁS | C102: POSTO 12x36 DIURNO | E102: 0 | F102: =Goiás!C131 -> 10897.76 | G102: =F102*E102 -> 0 | H102: =G102*12 -> 0
C103: POSTO 44 HORAS SEMANAIS | E103: 2 | F103: =Goiás!C130 -> 5632.75 | G103: =F103*E103 -> 11265.5 | H103: =G103*12 -> 135186
C104: VALOR TOTAL: | G104: =SUM(G102:G103) -> 11265.5 | H104: =SUM(H102:H103) -> 135186
A105: 27 | B105: URUAÇU | C105: POSTO 12x36 DIURNO | E105: 0 | F105: =Uruaçu!C131 -> 10897.76 | G105: =F105*E105 -> 0 | H105: =G105*12 -> 0
C106: POSTO 44 HORAS SEMANAIS | E106: 2 | F106: =Uruaçu!C130 -> 5632.75 | G106: =F106*E106 -> 11265.5 | H106: =G106*12 -> 135186
C107: VALOR TOTAL: | G107: =SUM(G105:G106) -> 11265.5 | H107: =SUM(H105:H106) -> 135186
...

Sheet Insumos
A1: CÁLCULO DOS INSUMOS
A3: ESTIMATIVA ANUAL DE UNIFORMES POR VIGILANTE
A4: ITEM | B4: DISCRIMINAÇÃO | C4: UNIDADE | D4: QTDE | E4: Preço 1 R$ | F4: Preço 2 | G4: Preço 3 | H4: Média Painel de Preços | I4: VALOR MÉDIO | J4: VALOR MENSAL
A5: 1 | B5: Calça | C5: unid | D5: 2 | E5: 85 | F5: 65 | G5: 99 | H5: 83.27 | I5: 65.77 | J5: =D5*I5/12 -> 10.961667
A6: 2 | B6: Camisa de mangas curtas | C6: unid | D6: 2 | E6: 59.99 | F6: 71 | G6: 78.9 | H6: 63.39 | I6: 41.64 | J6: =D6*I6/12 -> 6.94
A7: 3 | B7: Cinto de nylon | C7: unid | D7: 1 | E7: 32.72 | F7: 59.9 | G7: 45 | H7: 37.99 | I7: 21.81 | J7: =D7*I7/12 -> 1.8175
A8: 4 | B8: Coturno | C8: par | D8: 1 | E8: 152 | F8: 169.9 | G8: 99.9 | H8: 162.44 | I8: 109.31 | J8: =D8*I8/12 -> 9.1091667
A9: 5 | B9: Meia | C9: par | D9: 2 | E9: 10 | F9: 13.35 | G9: 8.31 | H9: 9.05 | I9: 13.19 | J9: =D9*I9/12 -> 2.1983333
A10: 6 | B10: Blusa de frio - japona | C10: unid | D10: 1 | E10: 147.3 | F10: 180 | G10: 173.5 | H10: 119.82 | I10: 114.05 | J10: =D10*I10/12 -> 9.5041667
A11: 7 | B11: Crachá | C11: unid | D11: 1 | E11: 9.92 | F11: 5.9 | G11: 6.45 | H11: 10.8 | I11: 2.99 | J11: =D11*I11/12 -> 0.24916667
A12: 8 | B12: Apito de metal com cordão | C12: unid | D12: 1 | E12: 11.86 | F12: 5.88 | G12: 19.9 | H12: 8.91 | I12: 10.84 | J12: =I12*D12/12 -> 0.90333333
A13: CUSTO MENSAL DE UNIFORMES | J13: =SUM(J5:J12) -> 41.683333
A15: MATERIAIS POR POSTO
A16: ITEM | B16: DISCRIMINAÇÃO | C16: UNIDADE | D16: QTDE | E16: Preço 1 | F16: Preço 2 | G16: Preço 3 | H16: Média Painel de Preços | I16: VALOR MÉDIO | J16: VALOR MENSAL
A17: 1 | B17: Livro de ocorrência | C17: unid | D17: 2 | E17: 12.94 | F17: 10.57 | G17: 11.25 | H17: 15.5 | I17: 11.86 | J17: =(I17*D17)/12 -> 1.9766667
A18: 2 | B18: Tonfa (cassetete) | C18: unid | D18: 1 | E18: 46 | F18: 54 | G18: 59.9 | H18: 22.8 | I18: 25.41 | J18: =I18*D18/12 -> 2.1175
A19: 3 | B19: Porta tonfa (Cassetete) | C19: unid | D19: 1 | E19: 39.9 | F19: 29.9 | G19: 25.9 | H19: 59.48 | I19: 16.52 | J19: =I19*D19/12 -> 1.3766667
A20: 4 | B20: Lanterna tática recarregável | C20: unid | D20: 1 | E20: 46.8 | F20: 58.49 | G20: 58.88 | H20: 47.68 | I20: 56.79 | J20: =I20*D20/12 -> 4.7325
A21: CUSTO MENSAL DE MATERIAIS E EQUIPAMENTOS | J21: =SUM(J17:J20) -> 10.203333

Sheet Memória de Cálculo
A3: Memória de Cálculo
A5: AUXÍLIO REFEIÇÃO | B5: QTDE DE TICKETS | C5: VALOR UNITÁRIO | D5: DESCONTO (8,5% valor do Auxílio) | E5: VALOR MENSAL
A6: POSTOS 44h | B6: 26 | C6: 25 | D6: =(B6*C6)*8.5% -> 55.25 | E6: =(C6*B6)-D6 -> 594.75
A7: POSTOS 12x36h Diurno | B7: 15 | C7: 25 | D7: =(B7*C7)*8.5% -> 31.875 | E7: =(C7*B7)-D7 -> 343.125
A8: POSTOS 12x36h Noturno | B8: 15 | C8: 25 | D8: =(B8*C8)*8.5% -> 31.875 | E8: =(C8*B8)-D8 -> 343.125
A11: Média de faltas anuais por motivos legais
A12: Ausências legais: Art. 473 da CLT. Considerando que em média se falta 2 dias por ano com esse tipo de ausência e que apenas 3% dos profissionais se beneficiarão com tal ausência. Índice que demonstra o custo estimado com a substituição na cobertura de ausência legal. Esse índice BCCPA = deverá ser aplicado sobre (Módulo 1 + Módulo 2 + Módulo 3). % Ausências legais = Cálculo do valor = [(BCCPA/30)x1 dia]/12 = 0,28%
A19: Total | C19: 0.0028
A22: Licença Paternidade
A23: Percentual de Homens: | D23: 0.5167
A24: Expectativa anual de nascimento de filhos dos trabalhadores (IBGE): | D24: 0.015
A25: Percentual de homens no serviço: | D25: 0.8988
A26: Duração da Licença Paternidade (em dias) | D26: 5
A29: Ausências por acidente de trabalho
A30: Média de faltas anuais por acidente de trabalho: | D30: 0.6913
A33: Afastamento Maternidade
A34: Discriminação do Item | D34: Valor (R$)
A35: 13º Salário + Férias + Adicional Férias | D35: =Goiânia!D38+Goiânia!D38+(Goiânia!D38/3) -> 5535.8333
A36: GPS + FGTS | D36: =Goiânia!C54 -> 970.08889
A37: Assistência Médica e Familiar | D37: =Goiânia!B58 -> 0
A38: Base de Cálculo | D38: =SUM(D35:D37) -> 6505.9222
A40: Percentual de Mulheres: | D40: 0.1012
A41: Expectativa mensal Afastamento Maternidade (Censo IBGE): | D41: 0.0032
A43: * NOTA INFORMATIVA
A44: ITENS QUE NÃO PODERÃO SER COTADOS NA PLANILHA DE CUSTOS E FORMAÇÃO DE PREÇOS À LUZ DA JURISPRUDÊNCIA CONSOLIDADA DO TCU:
A45: 1. A ADMINISTRAÇÃO NÃO PODERÁ DESCLASSIFICAR PROPOSTAS QUE APRESENTEM COTAÇÕES PARA RESERVA TÉCNICA, IRPJ, CSLL, SUPERVISÃO/FISCALIZAÇÃO E RECICLAGEM/TREINAMENTO, NEM PODERÁ DESCLASSIFICAR EMPRESAS QUE APRESENTEM PLANILHAS COM COTAÇÕES INCORRETAS PARA OS ENCARGOS TRIBUTÁRIOS.
A46: ADVERTE-SE, CONTUDO, QUE, DE ACORDO COM A JURISPRUDÊNCIA CONSOLIDADA DO TCU, É INDEVIDA A COTAÇÃO, COMO ITEM ESPECÍFICO DA PLANILHA, DE CUSTOS RELATIVOS A:
A47: A) RESERVA TÉCNICA, POIS JÁ ESTARIAM COMPREENDIDOS NAS FALTAS LEGAIS (ACÓRDÃOS TCU Nº 1.696/2010-2ª CÂMARA E Nº 1.319/2010-2ª CÂMARA);
A48: B) TREINAMENTO/RECICLAGEM/CAPACITAÇÃO OU ITEM CONGÊNERE, UMA VEZ QUE ESSES CUSTOS JÁ ESTÃO ENGLOBADOS NAS DESPESAS ADMINISTRATIVAS DA CONTRATADA, SENDO DE SUA EXCLUSIVA RESPONSABILIDADE (ACÓRDÃOS TCU Nº 592/2010-PLENÁRIO, Nº 1.696/2010-2ª CÂMARA E Nº 592/2010-PLENÁRIO);
A49: C) SUPERVISÃO E FISCALIZAÇÃO, UMA VEZ QUE ESSES CUSTOS JÁ ESTÃO ENGLOBADOS NAS DESPESAS ADMINISTRATIVAS DA CONTRATADA (ACÓRDÃO Nº 592/2010-PLENÁRIO);*
A50: D) IRPJ E CSLL, POR SE CONSTITUÍREM EM TRIBUTOS DE NATUREZA DIRETA E PERSONALÍSTICA, QUE ONERAM PESSOALMENTE O CONTRATADO, NÃO DEVEM SER REPASSADOS À CONTRATANTE, NÃO PODENDO, AINDA, SEREM COTADOS NO ITEM REFERENTE AO LUCRO E DESPESAS ADMINISTRATIVAS/OPERACIONAIS (ACÓRDÃOS TCU N° 1.595/2006 - PLENÁRIO, N° 325/2009 - PLENÁRIO E N° 2.354/2010 - 2ª CÂMARA). *
A51: DESSE MODO, SE A EMPRESA OS COTAR, HAVERÁ SUPRESSÃO UNILATERAL DO ITEM DA PLANILHA E DEDUÇÃO/GLOSA, NO VALOR TOTAL DO DÉBITO, QUANDO DO PAGAMENTO MENSAL OU DA REPACTUAÇÃO. A EMPRESA QUE OS TENHA COTADO INCORRETAMENTE PODERÁ CORRIGIR A PLANILHA DE CUSTOS E FORMAÇÃO DOS PREÇOS ATÉ O MOMENTO DA ACEITABILIDADE DA PROPOSTA PELO PREGOEIRO, OPORTUNIDADE NA QUAL PRECLUIRÁ SEU DIREITO A CORREÇÕES.
A53: 2. COTAÇÃO DE ENCARGOS TRIBUTÁRIOS - CUIDADOS E CONSEQUÊNCIAS À LUZ DA JURISPRUDÊNCIA DO TCU:
A54: A EMPRESA É A ÚNICA RESPONSÁVEL PELA COTAÇÃO CORRETA DOS ENCARGOS TRIBUTÁRIOS. EM CASO DE ERRO OU COTAÇÃO INCOMPATÍVEL COM O REGIME TRIBUTÁRIO A QUE SE SUBMETE, SERÃO ADOTADAS AS ORIENTAÇÕES A SEGUIR:*
A55: A) COTAÇÃO DE PERCENTUAL MENOR QUE O ADEQUADO: O PERCENTUAL SERÁ MANTIDO DURANTE TODA A EXECUÇÃO CONTRATUAL;
... A66: OBS: Em conformidade com a IN N° 05 DE 26/05/2017 e alteração acrescentada pela IN N° 07 de 20/09/2018, e em referência a Nota 3 do Módulo 2 do Anexo VII-D, resaltamos o texto a seguir "Levando em consideração a vigência contratual prevista no art. 57 da Lei nº 8.666, de 23 de junho de 1993, a rubrica férias do subítem 2.1 tem como objetivo principal suprir a necessidade do pagamento das férias remuneradas ao final do contrato de 12 meses. Esta rubrica, quando da prorrogação contratual, torna-se custo não renovável".

Sheet Horas Extras
A1: PLANILHA ESTIMATIVA
A2: Planilha de Custos e Formação de Preços para Serviços de Vigilância Ostensiva
A4: Nº do Processo: | B4: 35014.499513/2022-13
A5: Pregão Eletrônico nº
A6: Data:
A8: Discriminação dos Serviços (dados referentes à contratação)
A9: A – Data de apresentação da proposta (dia/mês/ano)
A10: B – Município/UF | B10: Goiás
A11: C – Ano Acordo, Convenção ou Sentença Normativa em Dissídio Coletivo | B11: 2023
A12: D – Nº de meses de execução contratual | B12: 12
A14: Identificação do Serviço
A15: Tipo de Serviço | B15: Unid. de Medida | C15: Horas Extras Sábado | D15: Horas Extras Domingo e Feriado
A16: Contratação de serviços de segurança e vigilância orgânica e patrimonial desarmada, visando atender as demandas das Gerências Executivas de Goiânia, Anápolis e DF (unidades em Goiás), conforme condições, quantidades e exigências estabelecidas no instrumento convocatório. | B16: Hora | C16: =Resumo!F21 -> 334 | D16: =Resumo!F22 -> 80
A19: Mão de obra vinculada à execução contratual
A20: Dados para composição dos custos referente à mão de obra
A21: 1 – Tipo de serviço (mesmo serviço com características distintas) | B21: Vigilância
A22: 2 – Classificação Brasileira de Ocupações (CBO) | B22: 517330
A23: 3 – Salário Normativo da Categoria Profissional | B23: 1825
A24: 4 – Categoria profissional (vinculada à execução contratual) | B24: Vigilante
A25: 5 – Data base da categoria (dia/mês/ano) | B25: 01 de janeiro
A26: 6 – Numero de registro da convenção coletiva no MTE:
A28: CUSTOS | B28: Percentuais e Valores de Referência | C28: Horas Extras Sábado | D28: Horas Extras Domingo e Feriado
A29: MÓDULO 1: COMPOSIÇÃO DA REMUNERAÇÃO
A30: 1 - Composição da Remuneração | B30: Valores/ Percentuais | C30: Valor (R$) | D30: Valor (R$)
A31: A – Salário Base (conforme Cláusula Terceira da CCT) | B31: =B23 -> 1825 | C31: =B31 -> 1825 | D31: =B31 -> 1825
A32: B - Adicional de Periculosidade (conforme Cláusula Oitava da CCT) | B32: 0.3 | C32: =C31*B32 -> 547.5 | D32: =D31*B32 -> 547.5
A33: C - Adicional de Insalubridade
A34: D - Adicional Noturno | C34: 0 | D34: 0
A35: E - Adicional de Hora Noturna Reduzida | C35: 0 | D35: 0
A36: F - Penosidade | C36: 0 | D36: 0
A37: G - Outros | C37: =(SUM(C31:C36))/220*1.5 -> 16.176136 | D37: =(SUM(D31:D36))/220*2 -> 21.568182
A38: Total | C38: =C37 -> 16.176136 | D38: =D37 -> 21.568182
A40: MÓDULO 2: ENCARGOS E BENEFÍCIOS ANUAIS, MENSAIS E DIÁRIOS
A41: 2.1 - 13º Salário, Férias e Adicional de Férias | B41: Percentuais | C41: Valor (R$) | D41: Valor (R$)
A42: A - 13º salário | B42: =1/12 -> 0.083333333 | C42: =B42*C38 -> 1.3480114 | D42: =B42*D38 -> 1.7973485
A43: B - Férias e Adicional de Férias (O custo com o valor pago ao substituto durante as férias do empregado consta na letra "A" do submódulo 4.1), (custo não renovável). | B43: =B42/3 -> 0.027777778 | C43: =B43*C38 -> 0.44933712 | D43: =B43*D38 -> 0.59911616
A44: Total | B44: =SUM(B42:B43) -> 0.11111111 | C44: =SUM(C42:C43) -> 1.7973485 | D44: =SUM(D42:D43) -> 2.3964646
A45: 2.2 - GPS, FGTS e outras contribuições (Incide sobre os Módulos 1 e 2.1) | B45: Percentuais | C45: Valor (R$) | D45: Valor (R$)
A46: A - INSS | B46: 0.2 | C46: =B46*(C38+C44) -> 3.594697 | D46: =B46*(D38+D44) -> 4.7929293
A47: B - Salário Educação | B47: 0.025 | C47: =B47*(C38+C44) -> 0.44933712 | D47: =B47*(D38+D44) -> 0.59911616
A48: C - SAT (Utilizar o RAT Ajustado conforme GFIP: RAT x FAP) | B48: 0.0423 | C48: =B48*(C38+C44) -> 0.76027841 | D48: =B48*(D38+D44) -> 1.0137045
A49: D - SESI ou SESC | B49: 0.015 | C49: =B49*(C38+C44) -> 0.26960227 | D49: =B49*(D38+D44) -> 0.3594697
A50: E - SENAI ou SENAC | B50: 0.01 | C50: =B50*(C38+C44) -> 0.17973485 | D50: =B50*(D38+D44) -> 0.23964646
A51: F - SEBRAE | B51: 0.006 | C51: =B51*(C38+C44) -> 0.10784091 | D51: =B51*(D38+D44) -> 0.14378788
A52: G - INCRA | B52: 0.002 | C52: =B52*(C38+C44) -> 0.03594697 | D52: =B52*(D38+D44) -> 0.047929293
A53: F - FGTS | B53: 0.08 | C53: =B53*(C38+C44) -> 1.4378788 | D53: =B53*(D38+D44) -> 1.9171717
A54: Total | B54: =SUM(B46:B53) -> 0.3803 | C54: =SUM(C46:C53) -> 6.8353163 | D54: =SUM(D46:D53) -> 9.1137551
A55: 2.3 - Benefícios Mensais e Diários | B55: Valores/ Percentuais | C55: Valor (R$) | D55: Valor (R$)
A56: A – Transporte (Devido por dias efetivamente trabalhado) | B56: 0 | C56: 0 | D56: 0
A57: B – Auxílio-Refeição/Alimentação (Auxílio Alimentação conforme CCT) | B57: 0 | C57: 0 | D57: 0
A58: C - Assistência Médica e Familiar | C58: 0 | D58: 0
A59: D – Outros (Amparo Social, conforme CCT) | B59: 0 | C59: 0 | D59: 0
A60: E – Outros (Auxílio Morte/Funeral, conforme CCT) | B60: 0 | C60: 0 | D60: 0
A61: F – Outros (Seguro de Vida), conforme CCT | B61: 0 | C61: 0 | D61: 0
A62: Total | C62: =SUM(C56:C61) -> 0 | D62: =SUM(D56:D61) -> 0
A63: 2 - Encargos e Benefícios Anuais, Mensais e Diários | B63: Percentuais | C63: Valor (R$) | D63: Valor (R$)
A64: 2.1 - 13º Salário, Férias e Adicional de Férias | B64: =B44 -> 0.11111111 | C64: =C44 -> 1.7973485 | D64: =D44 -> 2.3964646
A65: 2.2 - GPS, FGTS e outras contribuições | B65: =B54 -> 0.3803 | C65: =C54 -> 6.8353163 | D65: =D54 -> 9.1137551
A66: 2.3 - Benefícios Mensais e Diários | B66: 0 | C66: =C62 -> 0 | D66: =D62 -> 0
A67: Total | C67: =SUM(C64:C66) -> 8.6326648 | D67: =SUM(D64:D66) -> 11.51022
A69: MÓDULO 3: PROVISÃO PARA RESCISÃO
A70: 3 - Provisão para Rescisão | B70: Percentuais | C70: Valor (R$) | D70: Valor (R$)
A71: A - Aviso Prévio Indenizado (Esta parcela deverá ser reduzida após o primeiro ano da contratação para o percentual máximo de 0,042%: Acórdão 1.186/2017-P) | B71: =1/12*0.05 -> 0.0041666667 | C71: =B71*C38 -> 0.067400568 | D71: =B71*D38 -> 0.089867424
A72: B - Incidência do FGTS sobre Aviso Prévio Indenizado | B72: =B53*B71 -> 0.00033333333 | C72: =B72*C38 -> 0.0053920455 | D72: =B72*D38 -> 0.0071893939
A73: C - Multa do FGTS e contribuições sociais sobre o Aviso Prévio Indenizado | B73: 0 | C73: =B73*C38 -> 0 | D73: =B73*D38 -> 0
A74: D - Aviso Prévio Trabalhado (Esta parcela deverá ser reduzida após o primeiro ano da contratação para o percentual máximo de 0,194%: Acórdão 1.186/2017-P) | B74: =1/30*7/12 -> 0.019444444 | C74: =B74*C38 -> 0.31453598 | D74: =B74*D38 -> 0.41938131
A75: E - Incidência de GPS, FGTS e outras contribuições (submódulo 2.2) sobre o Aviso Prévio Trabalhado | B75: =B54*B74 -> 0.0073947222 | C75: =B75*C38 -> 0.11961804 | D75: =B75*D38 -> 0.15949071
A76: F - Multa do FGTS sobre o Aviso Prévio Trabalhado (Rescisões sem justa causa) | B76: =0.08*0.4*0.9*(1+1/12+1/12+1/3*1/12) -> 0.0344 | C76: =B76*C38 -> 0.55645909 | D76: =B76*D38 -> 0.74194545
A77: Total | B77: =SUM(B71:B76) -> 0.065739167 | C77: =SUM(C71:C76) -> 1.0634057 | D77: =SUM(D71:D76) -> 1.4178743
A79: MÓDULO 4: CUSTO DE REPOSIÇÃO DO PROFISSIONAL AUSENTE
A80: 4.1 – Substituto nas Ausências Legais | B80: Percentuais | C80: Valor (R$) | D80: Valor (R$)
A81: A – Substituto na cobertura de Férias | B81: =1/12 -> 0.083333333 | C81: =B81*(C38+C67+C77) -> 2.1560172 | D81: =B81*(D38+D67+D77) -> 2.8746897
A82: B – Substituto na cobertura de ausências Legais | B82: 0.0028 | C82: =B82*(C38+C67+C77) -> 0.072442179 | D82: =B82*(D38+D67+D77) -> 0.096589572
A83: C - Substituto na cobertura na licença-paternidade | B83: ='Memória de Cálculo'!D18/30/12*'Memória de Cálculo'!D18*'Memória de Cálculo'!D18 -> 0 | C83: =B83*(C38+C67+C77) -> 0 | D83: =B83*(D38+D67+D77) -> 0
A84: D - Substituto na cobertura na ausências por acidente de trabalho | B84: ='Memória de Cálculo'!D22/30/12 -> 0 | C84: =B84*(C38+C67+C77) -> 0 | D84: =B84*(D38+D67+D77) -> 0
A85: E - Substituto na cobertura de afastamento maternidade | B85: =120/30*'Memória de Cálculo'!D32*'Memória de Cálculo'!D33 -> 0 | C85: =B85*(C38+C67+C77) -> 0 | D85: =B85*(D38+D67+D77) -> 0
A86: F - Substituto na cobertura de outras ausências (especificar) | B86: 0 | C86: =B86*(C38+C67+C77) -> 0 | D86: =B86*(D38+D67+D77) -> 0
A87: Total | B87: =SUM(B81:B86) -> 0.086133333 | C87: =SUM(C81:C86) -> 2.2284594 | D87: =SUM(D81:D86) -> 2.9712792
A88: 4.2 - Substituto na Intrajornada (Indenizada) | B88: Percentuais | C88: Valor (R$) | D88: Valor (R$)
A89: A - Substituto na cobertura de intervalo para repouso ou alimentação (Intrajornada indenizada de 30 minutos) | B89: 0.5 | C89: 0 | D89: 0
A90: Total | C90: =SUM(C89:C89) -> 0 | D90: =SUM(D89:D89) -> 0
A92: 4 - Custo de Reposição do Profissional Ausente | B92: Percentuais | C92: Valor (R$) | D92: Valor (R$)
A93: 4.1 - Substituto nas ausências Legais | B93: =B87 -> 0.086133333 | C93: =C87 -> 2.2284594 | D93: =D87 -> 2.9712792
A94: 4.2 - Intrajornada indenizada | B94: =B89 -> 0.5 | C94: =C90 -> 0 | D94: =D90 -> 0
A95: Total | C95: =SUM(C93:C94) -> 2.2284594 | D95: =SUM(D93:D94) -> 2.9712792
A97: MÓDULO 5: INSUMOS DIVERSOS
A98: 5 - Insumos Diversos | B98: Valores | C98: Valor (R$) | D98: Valor (R$)
A99: A - Uniformes | B99: 0 | C99: =B99 -> 0 | D99: =B99 -> 0
A100: B - Materiais | B100: 0 | C100: =B100 -> 0 | D100: =B100 -> 0
A101: C – Equipamentos | B101: 0 | C101: =B101 -> 0 | D101: =B101 -> 0
A102: D - Outros (especificar) | B102: 0 | C102: =B102 -> 0 | D102: =B102 -> 0
A103: Total | B103: =SUM(B99:B102) -> 0 | C103: =SUM(C99:C102) -> 0 | D103: =SUM(D99:D102) -> 0
A105: MÓDULO 6: CUSTOS INDIRETOS, TRIBUTOS E LUCRO
A106: 6 - Custos Indiretos, Tributos e Lucro | B106: Percentuais | C106: Valor (R$) | D106: Valor (R$)
A107: A - Custos Indiretos | B107: 0.032 | C107: =B107*(C38+C67+C77+C95+C103) -> 0.89922132 | D107: =B107*(D38+D67+D77+D95+D103) -> 1.1989618
A108: B - Lucro | B108: 0.0358 | C108: =B108*(C38+C67+C77+C95+C103+C107) -> 1.038196 | D108: =B108*(D38+D67+D77+D95+D103+D107) -> 1.3842613
A109: C - Tributos (De acordo com o regime tributário da empresa) | B109: =SUM(B110:B114) -> 0.0865 | C109: =((C38+C67+C77+C95+C103+C107+C108)/(1-B109))*B109 -> 2.8443287 | D109: =((D38+D67+D77+D95+D103+D107+D108)/(1-B109))*B109 -> 3.7924382
A110: C.1.1 - Tributos Federais (PIS) | B110: 0.0065 | C110: =((C38+C67+C77+C95+C103+C107+C108)/(1-B109))*B110 -> 0.21373568 | D110: =((D38+D67+D77+D95+D103+D107+D108)/(1-B109))*B110 -> 0.28498091
A111: C.1.2 - Tributos Federais (COFINS) | B111: 0.03 | C111: =((C38+C67+C77+C95+C103+C107+C108)/(1-B109))*B111 -> 0.98647237 | D111: =((D38+D67+D77+D95+D103+D107+D108)/(1-B109))*B111 -> 1.3152965
A112: C.2 - Tributos Estaduais (especificar)
...

Sheet Goiânia
A1: PLANILHA ESTIMATIVA
A2: Planilha de Custos e Formação de Preços para Serviços de Vigilância Ostensiva
A4: Nº do Processo: | B4: 35014.499513/2022-13
A5: Pregão Eletrônico nº | B5: ='Horas Extras'!B5:D5 -> 0
A6: Data: | B6: ='Horas Extras'!B6:D6 -> 0
A8: Discriminação dos Serviços (dados referentes à contratação)
A9: A – Data de apresentação da proposta (dia/mês/ano)
A10: B – Município/UF | B10: Goiânia - GO
A11: C – Ano Acordo, Convenção ou Sentença Normativa em Dissídio Coletivo | B11: 2023
A12: D – Nº de meses de execução contratual | B12: 12
A14: Identificação do Serviço
A15: Tipo de Serviço | B15: Unid. de Medida | C15: Posto de 44 h semanais (Qtde) | D15: Posto 12X36 Diurnas (Qtde)
A16: Contratação de serviços de segurança e vigilância orgânica e patrimonial desarmada, visando atender as demandas das Gerências Executivas de Goiânia, Anápolis e DF (unidades em Goiás), conforme condições, quantidades e exigências estabelecidas no instrumento convocatório. | B16: Serviço | C16: =Resumo!E28 -> 26 | D16: =Resumo!E27 -> 1
A19: Mão de obra vinculada à execução contratual
A20: Dados para composição dos custos referente à mão de obra
A21: 1 – Tipo de serviço (mesmo serviço com características distintas) | B21: Vigilância
A22: 2 – Classificação Brasileira de Ocupações (CBO) | B22: 517330
A23: 3 – Salário Normativo da Categoria Profissional | B23: 1825
A24: 4 – Categoria profissional (vinculada à execução contratual) | B24: Vigilante
A25: 5 – Data base da categoria (dia/mês/ano) | B25: 01 de janeiro
A26: 6 – Numero de registro da convenção coletiva no MTE: | B26: GO000845/2022
A28: CUSTOS | B28: Percentuais e Valores de Referência | C28: 44 horas semanais diurnas | D28: 12X36 Diurnas
A29: MÓDULO 1: COMPOSIÇÃO DA REMUNERAÇÃO
A30: 1 - Composição da Remuneração | B30: Valores/ Percentuais | C30: Valor (R$) | D30: Valor (R$)
A31: A – Salário Normativo | B31: =B23 -> 1825 | C31: =B31 -> 1825 | D31: =B31 -> 1825
A32: B - Adicional de Periculosidade | B32: 0.3 | C32: =C31*B32 -> 547.5 | D32: =D31*B32 -> 547.5
A33: C - Adicional de Insalubridade
A34: D - Adicional Noturno | C34: 0 | D34: 0
A35: E - Adicional de Hora Noturna Reduzida | C35: 0 | D35: 0
A36: F - Penosidade | C36: 0 | D36: 0
A37: G - Outros | C37: 0 | D37: 0
A38: Total | C38: =SUM(C31:C37) -> 2372.5 | D38: =SUM(D31:D37) -> 2372.5
A40: MÓDULO 2: ENCARGOS E BENEFÍCIOS ANUAIS, MENSAIS E DIÁRIOS
A41: 2.1 - 13º Salário, Férias e Adicional de Férias | B41: Percentuais | C41: Valor (R$) | D41: Valor (R$)
A42: A - 13º salário | B42: =1/12 -> 0.083333333 | C42: =B42*C38 -> 197.70833 | D42: =B42*D38 -> 197.70833
A43: B - Férias e Adicional de Férias (O custo com o valor pago ao substituto durante as férias do empregado consta na letra "A" do submódulo 4.1), (custo não renovável). | B43: =B42/3 -> 0.027777778 | C43: =B43*C38 -> 65.902778 | D43: =B43*D38 -> 65.902778
A44: Total | B44: =SUM(B42:B43) -> 0.11111111 | C44: =SUM(C42:C43) -> 263.61111 | D44: =SUM(D42:D43) -> 263.61111
A45: 2.2 - GPS, FGTS e outras contribuições (Incide sobre os Módulos 1 e 2.1) | B45: Percentuais | C45: Valor (R$) | D45: Valor (R$)
A46: A - INSS | B46: 0.2 | C46: =B46*(C38+C44) -> 527.22222 | D46: =B46*(D38+D44) -> 527.22222
A47: B - Salário Educação | B47: 0.025 | C47: =B47*(C38+C44) -> 65.902778 | D47: =B47*(D38+D44) -> 65.902778
A48: C - SAT (Utilizar o RAT Ajustado conforme GFIP: RAT x FAP) | B48: 0.03 | C48: =B48*(C38+C44) -> 79.083333 | D48: =B48*(D38+D44) -> 79.083333
A49: D - SESI ou SESC | B49: 0.015 | C49: =B49*(C38+C44) -> 39.541667 | D49: =B49*(D38+D44) -> 39.541667
A50: E - SENAI ou SENAC | B50: 0.01 | C50: =B50*(C38+C44) -> 26.361111 | D50: =B50*(D38+D44) -> 26.361111
A51: F - SEBRAE | B51: 0.006 | C51: =B51*(C38+C44) -> 15.816667 | D51: =B51*(D38+D44) -> 15.816667
A52: G - INCRA | B52: 0.002 | C52: =B52*(C38+C44) -> 5.2722222 | D52: =B52*(D38+D44) -> 5.2722222
A53: F - FGTS | B53: 0.08 | C53: =B53*(C38+C44) -> 210.88889 | D53: =B53*(D38+D44) -> 210.88889
A54: Total | B54: =SUM(B46:B53) -> 0.368 | C54: =SUM(C46:C53) -> 970.08889 | D54: =SUM(D46:D53) -> 970.08889
A55: 2.3 - Benefícios Mensais e Diários | B55: Valores/ Percentuais | C55: Valor (R$) | D55: Valor (R$)
A56: A – Auxílio Transporte (Devido por dias efetivamente trabalhado) | B56: 4.3 | C56: =(B56*26*2)-(C31*0.06) -> 114.1 | D56: =(B56*15*2)-(D31*0.06) -> 19.5
A57: B – Auxílio Alimentação (Jornada acima de 6 horas) | B57: ='Memória de Cálculo'!C6 -> 25 | C57: ='Memória de Cálculo'!E6 -> 594.75 | D57: ='Memória de Cálculo'!E7 -> 343.125
A58: C – Plano de Saúde Médico e Odontológico | B58: 0
A59: D – Amparo Social | B59: 16 | C59: =B59 -> 16 | D59: =C59 -> 16
A60: E – Seguro de Vida (Auxílio Morte/Alimentação) | B60: 9.55e-05 | C60: =C38*B60*26-1 -> 4.8909175 | D60: =D38*B60*26-1 -> 4.8909175
A61: F – Outros (Cesta Básica) | B61: 0.04 | C61: =C31*B61/12 -> 6.0833333 | D61: =D31*B61/12 -> 6.0833333
A62: Total | C62: =SUM(C56:C61) -> 735.82425 | D62: =SUM(D56:D61) -> 389.59925
A63: 2 - Encargos e Benefícios Anuais, Mensais e Diários | B63: Percentuais | C63: Valor (R$) | D63: Valor (R$)
A64: 2.1 - 13º Salário, Férias e Adicional de Férias | B64: =B44 -> 0.11111111 | C64: =C44 -> 263.61111 | D64: =D44 -> 263.61111
A65: 2.2 - GPS, FGTS e outras contribuições | B65: =B54 -> 0.368 | C65: =C54 -> 970.08889 | D65: =D54 -> 970.08889
A66: 2.3 - Benefícios Mensais e Diários | B66: 0 | C66: =C62 -> 735.82425 | D66: =D62 -> 389.59925
A67: Total | C67: =SUM(C64:C66) -> 1969.5243 | D67: =SUM(D64:D66) -> 1623.2993
A69: MÓDULO 3: PROVISÃO PARA RESCISÃO
A70: 3 - Provisão para Rescisão | B70: Percentuais | C70: Valor (R$) | D70: Valor (R$)
A71: A - Aviso Prévio Indenizado (Esta parcela deverá ser reduzida após o primeiro ano da contratação para o percentual máximo de 0,042%: Acórdão 1.186/2017-P) | B71: =1/12*0.05 -> 0.0041666667 | C71: =B71*C38 -> 9.8854167 | D71: =B71*D38 -> 9.8854167
A72: B - Incidência do FGTS sobre Aviso Prévio Indenizado | B72: =B53*B71 -> 0.00033333333 | C72: =B72*C38 -> 0.79083333 | D72: =B72*D38 -> 0.79083333
A73: C - Multa do FGTS e contribuições sociais sobre o Aviso Prévio Indenizado | B73: 0 | C73: =B73*C38 -> 0 | D73: =B73*D38 -> 0
A74: D - Aviso Prévio Trabalhado (Esta parcela deverá ser reduzida após o primeiro ano da contratação para o percentual máximo de 0,194%: Acórdão 1.186/2017-P) | B74: =1/30*7/12 -> 0.019444444 | C74: =B74*C38 -> 46.131944 | D74: =B74*D38 -> 46.131944
A75: E - Incidência de GPS, FGTS e outras contribuições (submódulo 2.2) sobre o Aviso Prévio Trabalhado | B75: =B54*B74 -> 0.0071555556 | C75: =B75*C38 -> 16.976556 | D75: =B75*D38 -> 16.976556
A76: F - Multa do FGTS sobre o Aviso Prévio Trabalhado (Rescisões sem justa causa) | B76: =0.08*0.4*0.9*(1+1/12+1/12+1/3*1/12) -> 0.0344 | C76: =B76*C38 -> 81.614 | D76: =B76*D38 -> 81.614
A77: Total | B77: =SUM(B71:B76) -> 0.0655 | C77: =SUM(C71:C76) -> 155.39875 | D77: =SUM(D71:D76) -> 155.39875
A79: MÓDULO 4: CUSTO DE REPOSIÇÃO DO PROFISSIONAL AUSENTE
A80: 4.1 – Substituto nas Ausências Legais | B80: Percentuais | C80: Valor (R$) | D80: Valor (R$)
A81: A – Substituto na cobertura de Férias | B81: =1/12 -> 0.083333333 | C81: =B81*(C38+C67+C77) -> 374.78525 | D81: =B81*(D38+D67+D77) -> 345.93317
A82: B – Substituto na cobertura de ausências Legais | B82: 0.0028 | C82: =B82*(C38+C67+C77) -> 12.592784 | D82: =B82*(D38+D67+D77) -> 11.623354
A83: C - Substituto na cobertura na licença-paternidade | B83: 0.0002 | C83: =B83*(C38+C67+C77) -> 0.8994846 | D83: =B83*(D38+D67+D77) -> 0.8302396
A84: D - Substituto na cobertura na ausências por acidente de trabalho | B84: ='Memória de Cálculo'!D22/30/12 -> 0 | C84: =B84*(C38+C67+C77) -> 0 | D84: =B84*(D38+D67+D77) -> 0
A85: E - Substituto na cobertura de afastamento maternidade | B85: =120/30*'Memória de Cálculo'!D32*'Memória de Cálculo'!D33 -> 0 | C85: =B85*(C38+C67+C77) -> 0 | D85: =B85*(D38+D67+D77) -> 0
A86: F - Substituto na cobertura de outras ausências (especificar) | B86: 0 | C86: =B86*(C38+C67+C77) -> 0 | D86: =B86*(D38+D67+D77) -> 0
A87: Total | B87: =SUM(B81:B86) -> 0.086333333 | C87: =SUM(C81:C86) -> 388.27752 | D87: =SUM(D81:D86) -> 358.38676
A88: 4.2 - Substituto na Intrajornada (Indenizada) | B88: Percentuais | C88: Valor (R$) | D88: Valor (R$)
A89: A - Substituto na cobertura de intervalo para repouso ou alimentação (Intrajornada indenizada de 30 minutos) | B89: 0.5 | C89: 0 | D89: =(D38/220)*15*1.5/2 -> 121.32102
A90: Total | C90: =SUM(C89:C89) -> 0 | D90: =SUM(D89:D89) -> 121.32102
A92: 4 - Custo de Reposição do Profissional Ausente | B92: Percentuais | C92: Valor (R$) | D92: Valor (R$)
A93: 4.1 - Substituto nas ausências Legais | B93: =B87 -> 0.086333333 | C93: =C87 -> 388.27752 | D93: =D87 -> 358.38676
A94: 4.2 - Intrajornada indenizada | B94: =B89 -> 0.5 | C94: =C90 -> 0 | D94: =D90 -> 121.32102
A95: Total | C95: =SUM(C93:C94) -> 388.27752 | D95: =SUM(D93:D94) -> 479.70778
A97: MÓDULO 5: INSUMOS DIVERSOS
A98: 5 - Insumos Diversos | B98: Valores | C98: Valor (R$) | D98: Valor (R$)
A99: A - Uniformes | B99: =Insumos!J13 -> 41.683333 | C99: =B99 -> 41.683333 | D99: =B99 -> 41.683333
A100: B - Materiais | B100: =Insumos!J21 -> 10.203333 | C100: =B100 -> 10.203333 | D100: =B100/2 -> 5.1016667
A101: C – Equipamentos | C101: =B101 -> 0 | D101: =B101 -> 0
A102: D - Outros (especificar) | B102: 0 | C102: =B102 -> 0 | D102: =B102 -> 0
A103: Total | B103: =SUM(B99:B102) -> 51.886667 | C103: =SUM(C99:C102) -> 51.886667 | D103: =SUM(D99:D102) -> 46.785
A105: MÓDULO 6: CUSTOS INDIRETOS, TRIBUTOS E LUCRO
A106: 6 - Custos Indiretos, Tributos e Lucro | B106: Percentuais | C106: Valor (R$) | D106: Valor (R$)
A107: A - Custos Indiretos | B107: 0.032 | C107: =B107*(C38+C67+C77+C95+C103) -> 158.00279 | D107: =B107*(D38+D67+D77+D95+D103) -> 149.68611
A108: B - Lucro | B108: 0.0358 | C108: =B108*(C38+C67+C77+C95+C103+C107) -> 182.42212 | D108: =B108*(D38+D67+D77+D95+D103+D107) -> 172.82009
A109: C - Tributos (De acordo com o regime tributário da empresa) | B109: =SUM(B110:B114) -> 0.0865 | C109: =((C38+C67+C77+C95+C103+C107+C108)/(1-B109))*B109 -> 499.77892 | D109: =((D38+D67+D77+D95+D103+D107+D108)/(1-B109))*B109 -> 473.4724
A110: C.1.1 - Tributos Federais (PIS) | B110: 0.0065 | C110: =((C38+C67+C77+C95+C103+C107+C108)/(1-B109))*B110 -> 37.555642 | D110: =((D38+D67+D77+D95+D103+D107+D108)/(1-B109))*B110 -> 35.578851
A111: C.1.2 - Tributos Federais (COFINS) | B111: 0.03 | C111: =((C38+C67+C77+C95+C103+C107+C108)/(1-B109))*B111 -> 173.33373 | D111: =((D38+D67+D77+D95+D103+D107+D108)/(1-B109))*B111 -> 164.21008
A112: C.2 - Tributos Estaduais (especificar)
...

Sheet Acreúna
A1: PLANILHA ESTIMATIVA
A2: Planilha de Custos e Formação de Preços para Serviços de Vigilância Ostensiva
A4: Nº do Processo: | B4: 35014.499513/2022-13
A5: Pregão Eletrônico nº | B5: ='Horas Extras'!B5:D5 -> 0
A6: Data: | B6: ='Horas Extras'!B6:D6 -> 0
A8: Discriminação dos Serviços (dados referentes à contratação)
A9: A – Data de apresentação da proposta (dia/mês/ano)
A10: B – Município/UF | B10: Acreúna - GO
A11: C – Ano Acordo, Convenção ou Sentença Normativa em Dissídio Coletivo | B11: 2021/2022
A12: D – Nº de meses de execução contratual | B12: 12
A14: Identificação do Serviço
A15: Tipo de Serviço | B15: Unid. de Medida | C15: Posto de 44 h semanais (Qtde) | D15: Quant. Total a Contratar (em função da un. de medida) para 12X36 Diurnas
A16: Contratação de serviços de segurança e vigilância orgânica e patrimonial desarmada, visando atender as demandas das Gerências Executivas de Goiânia, Anápolis e DF (unidades em Goiás), conforme condições, quantidades e exigências estabelecidas no instrumento convocatório. | B16: Serviço | C16: =Resumo!E31 -> 1 | D16: =Resumo!E30 -> 0
A19: Mão de obra vinculada à execução contratual
A20: Dados para composição dos custos referente à mão de obra
A21: 1 – Tipo de serviço (mesmo serviço com características distintas) | B21: Vigilância
A22: 2 – Classificação Brasileira de Ocupações (CBO) | B22: 517330
A23: 3 – Salário Normativo da Categoria Profissional (conforme Cláusula Terceira da CCT) | B23: =Jataí!B23 -> 1825
A24: 4 – Categoria profissional (vinculada à execução contratual) | B24: Vigilante
A25: 5 – Data base da categoria (dia/mês/ano) | B25: 01 de janeiro
A26: 6 – Numero de registro da convenção coletiva no MTE: | B26: GO000846/2022
A28: CUSTOS | B28: Percentuais e Valores de Referência | C28: 44 horas semanais diurnas | D28: 12X36 Diurnas
A29: MÓDULO 1: COMPOSIÇÃO DA REMUNERAÇÃO
A30: 1 - Composição da Remuneração | B30: Valores/ Percentuais | C30: Valor (R$) | D30: Valor (R$)
A31: A – Salário Base (conforme Cláusula Terceira da CCT) | B31: =B23 -> 1825 | C31: =B31 -> 1825 | D31: =B31 -> 1825
A32: B - Adicional de Periculosidade | B32: 0.3 | C32: =C31*B32 -> 547.5 | D32: =D31*B32 -> 547.5
A33: C - Adicional de Insalubridade
A34: D - Adicional Noturno | C34: 0 | D34: 0
A35: E - Adicional de Hora Noturna Reduzida | C35: 0 | D35: 0
A36: F - Penosidade | C36: 0 | D36: 0
A37: G - Outros | C37: 0 | D37: 0
A38: Total | C38: =SUM(C31:C37) -> 2372.5 | D38: =SUM(D31:D37) -> 2372.5
A40: MÓDULO 2: ENCARGOS E BENEFÍCIOS ANUAIS, MENSAIS E DIÁRIOS
A41: 2.1 - 13º Salário, Férias e Adicional de Férias | B41: Percentuais | C41: Valor (R$) | D41: Valor (R$)
A42: A - 13º salário | B42: =1/12 -> 0.083333333 | C42: =B42*C38 -> 197.70833 | D42: =B42*D38 -> 197.70833
A43: B - Férias e Adicional de Férias (O custo com o valor pago ao substituto durante as férias do empregado consta na letra "A" do submódulo 4.1), (custo não renovável). | B43: =B42/3 -> 0.027777778 | C43: =B43*C38 -> 65.902778 | D43: =B43*D38 -> 65.902778
A44: Total | B44: =SUM(B42:B43) -> 0.11111111 | C44: =SUM(C42:C43) -> 263.61111 | D44: =SUM(D42:D43) -> 263.61111
A45: 2.2 - GPS, FGTS e outras contribuições (Incide sobre os Módulos 1 e 2.1) | B45: Percentuais | C45: Valor (R$) | D45: Valor (R$)
A46: A - INSS | B46: 0.2 | C46: =B46*(C38+C44) -> 527.22222 | D46: =B46*(D38+D44) -> 527.22222
A47: B - Salário Educação | B47: 0.025 | C47: =B47*(C38+C44) -> 65.902778 | D47: =B47*(D38+D44) -> 65.902778
A48: C - SAT (Utilizar o RAT Ajustado conforme GFIP: RAT x FAP) | B48: 0.03 | C48: =B48*(C38+C44) -> 79.083333 | D48: =B48*(D38+D44) -> 79.083333
A49: D - SESI ou SESC | B49: 0.015 | C49: =B49*(C38+C44) -> 39.541667 | D49: =B49*(D38+D44) -> 39.541667
A50: E - SENAI ou SENAC | B50: 0.01 | C50: =B50*(C38+C44) -> 26.361111 | D50: =B50*(D38+D44) -> 26.361111
A51: F - SEBRAE | B51: 0.006 | C51: =B51*(C38+C44) -> 15.816667 | D51: =B51*(D38+D44) -> 15.816667
A52: G - INCRA | B52: 0.002 | C52: =B52*(C38+C44) -> 5.2722222 | D52: =B52*(D38+D44) -> 5.2722222
A53: F - FGTS | B53: 0.08 | C53: =B53*(C38+C44) -> 210.88889 | D53: =B53*(D38+D44) -> 210.88889
A54: Total | B54: =SUM(B46:B53) -> 0.368 | C54: =SUM(C46:C53) -> 970.08889 | D54: =SUM(D46:D53) -> 970.08889
A55: 2.3 - Benefícios Mensais e Diários | B55: Valores/ Percentuais | C55: Valor (R$) | D55: Valor (R$)
A56: A – Auxílio Transporte (Devido por dias efetivamente trabalhado) | B56: 0 | C56: 0 | D56: 0
A57: B – Auxílio Alimentação (Jornada acima de 6 horas) | B57: ='Memória de Cálculo'!C6 -> 25 | C57: ='Memória de Cálculo'!E6 -> 594.75 | D57: ='Memória de Cálculo'!E7 -> 343.125
A58: C – Plano de Saúde Médico e Odontológico | B58: 0
A59: D – Amparo Social | B59: =Jataí!$B59 -> 16 | C59: =B59 -> 16 | D59: =C59 -> 16
A60: E – Seguro de Vida (Auxílio Morte/Alimentação) | B60: 9.55e-05 | C60: =C38*B60*26-1 -> 4.8909175 | D60: =D38*B60*26-1 -> 4.8909175
A61: F – Outros (Cesta Básica) | B61: 0.04 | C61: =C31*B61/12 -> 6.0833333 | D61: =D31*B61/12 -> 6.0833333
A62: Total | C62: =SUM(C56:C61) -> 621.72425 | D62: =SUM(D56:D61) -> 370.09925
A63: 2 - Encargos e Benefícios Anuais, Mensais e Diários | B63: Percentuais | C63: Valor (R$) | D63: Valor (R$)
A64: 2.1 - 13º Salário, Férias e Adicional de Férias | B64: =B44 -> 0.11111111 | C64: =C44 -> 263.61111 | D64: =D44 -> 263.61111
A65: 2.2 - GPS, FGTS e outras contribuições | B65: =B54 -> 0.368 | C65: =C54 -> 970.08889 | D65: =D54 -> 970.08889
A66: 2.3 - Benefícios Mensais e Diários | B66: 0 | C66: =C62 -> 621.72425 | D66: =D62 -> 370.09925
A67: Total | C67: =SUM(C64:C66) -> 1855.4243 | D67: =SUM(D64:D66) -> 1603.7993
A69: MÓDULO 3: PROVISÃO PARA RESCISÃO
A70: 3 - Provisão para Rescisão | B70: Percentuais | C70: Valor (R$) | D70: Valor (R$)
A71: A - Aviso Prévio Indenizado (Esta parcela deverá ser reduzida após o primeiro ano da contratação para o percentual máximo de 0,042%: Acórdão 1.186/2017-P) | B71: =1/12*0.05 -> 0.0041666667 | C71: =B71*C38 -> 9.8854167 | D71: =B71*D38 -> 9.8854167
A72: B - Incidência do FGTS sobre Aviso Prévio Indenizado | B72: =B53*B71 -> 0.00033333333 | C72: =B72*C38 -> 0.79083333 | D72: =B72*D38 -> 0.79083333
A73: C - Multa do FGTS e contribuições sociais sobre o Aviso Prévio Indenizado | B73: 0 | C73: =B73*C38 -> 0 | D73: =B73*D38 -> 0
A74: D - Aviso Prévio Trabalhado (Esta parcela deverá ser reduzida após o primeiro ano da contratação para o percentual máximo de 0,194%: Acórdão 1.186/2017-P) | B74: =1/30*7/12 -> 0.019444444 | C74: =B74*C38 -> 46.131944 | D74: =B74*D38 -> 46.131944
A75: E - Incidência de GPS, FGTS e outras contribuições (submódulo 2.2) sobre o Aviso Prévio Trabalhado | B75: =B54*B74 -> 0.0071555556 | C75: =B75*C38 -> 16.976556 | D75: =B75*D38 -> 16.976556
A76: F - Multa do FGTS sobre o Aviso Prévio Trabalhado (Rescisões sem justa causa) | B76: =0.08*0.4*0.9*(1+1/12+1/12+1/3*1/12) -> 0.0344 | C76: =B76*C38 -> 81.614 | D76: =B76*D38 -> 81.614
A77: Total | B77: =SUM(B71:B76) -> 0.0655 | C77: =SUM(C71:C76) -> 155.39875 | D77: =SUM(D71:D76) -> 155.39875
A79: MÓDULO 4: CUSTO DE REPOSIÇÃO DO PROFISSIONAL AUSENTE
A80: 4.1 – Substituto nas Ausências Legais | B80: Percentuais | C80: Valor (R$) | D80: Valor (R$)
A81: A – Substituto na cobertura de Férias | B81: =1/12 -> 0.083333333 | C81: =B81*(C38+C67+C77) -> 365.27692 | D81: =B81*(D38+D67+D77) -> 344.30817
A82: B – Substituto na cobertura de ausências Legais | B82: 0.0028 | C82: =B82*(C38+C67+C77) -> 12.273304 | D82: =B82*(D38+D67+D77) -> 11.568754
A83: C - Substituto na cobertura na licença-paternidade | B83: 0.0002 | C83: =B83*(C38+C67+C77) -> 0.8766646 | D83: =B83*(D38+D67+D77) -> 0.8263396
A84: D - Substituto na cobertura na ausências por acidente de trabalho | B84: ='Memória de Cálculo'!D22/30/12 -> 0 | C84: =B84*(C38+C67+C77) -> 0 | D84: =B84*(D38+D67+D77) -> 0
A85: E - Substituto na cobertura de afastamento maternidade | B85: =120/30*'Memória de Cálculo'!D32*'Memória de Cálculo'!D33 -> 0 | C85: =B85*(C38+C67+C77) -> 0 | D85: =B85*(D38+D67+D77) -> 0
A86: F - Substituto na cobertura de outras ausências (especificar) | B86: 0 | C86: =B86*(C38+C67+C77) -> 0 | D86: =B86*(D38+D67+D77) -> 0
A87: Total | B87: =SUM(B81:B86) -> 0.086333333 | C87: =SUM(C81:C86) -> 378.42689 | D87: =SUM(D81:D86) -> 356.70326
A88: 4.2 - Substituto na Intrajornada (Indenizada) | B88: Percentuais | C88: Valor (R$) | D88: Valor (R$)
A89: A - Substituto na cobertura de intervalo para repouso ou alimentação (Intrajornada indenizada de 30 (trinta) minutos) | B89: 0.5 | C89: 0 | D89: =(D38/220)*15*1.5/2 -> 121.32102
A90: Total | C90: =SUM(C89:C89) -> 0 | D90: =SUM(D89:D89) -> 121.32102
A92: 4 - Custo de Reposição do Profissional Ausente | B92: Percentuais | C92: Valor (R$) | D92: Valor (R$)
A93: 4.1 - Substituto nas ausências Legais | B93: =B87 -> 0.086333333 | C93: =C87 -> 378.42689 | D93: =D87 -> 356.70326
A94: 4.2 - Intrajornada indenizada | B94: =B89 -> 0.5 | C94: =C90 -> 0 | D94: =D90 -> 121.32102
A95: Total | C95: =SUM(C93:C94) -> 378.42689 | D95: =SUM(D93:D94) -> 478.02428
A97: MÓDULO 5: INSUMOS DIVERSOS
A98: 5 - Insumos Diversos | B98: Valores | C98: Valor (R$) | D98: Valor (R$)
A99: A - Uniformes | B99: =Insumos!J13 -> 41.683333 | C99: =B99 -> 41.683333 | D99: =B99 -> 41.683333
A100: B - Materiais | B100: =Insumos!J21 -> 10.203333 | C100: =B100 -> 10.203333 | D100: =B100/2 -> 5.1016667
A101: C – Equipamentos | C101: =B101 -> 0 | D101: =B101 -> 0
A102: D - Outros (especificar) | B102: 0 | C102: =B102 -> 0 | D102: =B102 -> 0
A103: Total | B103: =SUM(B99:B102) -> 51.886667 | C103: =SUM(C99:C102) -> 51.886667 | D103: =SUM(D99:D102) -> 46.785
A105: MÓDULO 6: CUSTOS INDIRETOS, TRIBUTOS E LUCRO
A106: 6 - Custos Indiretos, Tributos e Lucro | B106: Percentuais | C106: Valor (R$) | D106: Valor (R$)
A107: A - Custos Indiretos | B107: 0.032 | C107: =B107*(C38+C67+C77+C95+C103) -> 154.03637 | D107: =B107*(D38+D67+D77+D95+D103) -> 149.00823
A108: B - Lucro | B108: 0.0358 | C108: =B108*(C38+C67+C77+C95+C103+C107) -> 177.84269 | D108: =B108*(D38+D67+D77+D95+D103+D107) -> 172.03746
A109: C - Tributos (De acordo com o regime tributário da empresa) | B109: =SUM(B110:B114) -> 0.0865 | C109: =((C38+C67+C77+C95+C103+C107+C108)/(1-B109))*B109 -> 487.23273 | D109: =((D38+D67+D77+D95+D103+D107+D108)/(1-B109))*B109 -> 471.32822
A110: C.1.1 - Tributos Federais (PIS) | B110: 0.0065 | C110: =((C38+C67+C77+C95+C103+C107+C108)/(1-B109))*B110 -> 36.612864 | D110: =((D38+D67+D77+D95+D103+D107+D108)/(1-B109))*B110 -> 35.417728
A111: C.1.2 - Tributos Federais (COFINS) | B111: 0.03 | C111: =((C38+C67+C77+C95+C103+C107+C108)/(1-B109))*B111 -> 168.98245 | D111: =((D38+D67+D77+D95+D103+D107+D108)/(1-B109))*B111 -> 163.46644
A112: C.2 - Tributos Estaduais (especificar)
...

Sheet Anicuns
A1: PLANILHA ESTIMATIVA
A2: Planilha de Custos e Formação de Preços para Serviços de Vigilância Ostensiva
A4: Nº do Processo: | B4: 35014.499513/2022-13
A5: Pregão Eletrônico nº | B5: =Acreúna!B5 -> 0
A6: Data: | B6: =Acreúna!B6 -> 0
A8: Discriminação dos Serviços (dados referentes à contratação)
A9: A – Data de apresentação da proposta (dia/mês/ano)
A10: B – Município/UF | B10: Anicuns - GO
A11: C – Ano Acordo, Convenção ou Sentença Normativa em Dissídio Coletivo | B11: 2020/2021
A12: D – Nº de meses de execução contratual | B12: 12
A14: Identificação do Serviço
A15: Tipo de Serviço | B15: Unid. de Medida | C15: Posto de 44 h semanais (Qtde) | D15: Quant. Total a Contratar (em função da un. de medida) para 12X36 Diurnas
A16: Contratação de serviços de segurança e vigilância orgânica e patrimonial desarmada, visando atender as demandas das Gerências Executivas de Goiânia, Anápolis e DF (unidades em Goiás), conforme condições, quantidades e exigências estabelecidas no instrumento convocatório. | B16: Serviço | C16: =Resumo!E34 -> 2 | D16: =Resumo!E33 -> 0
A19: Mão de obra vinculada à execução contratual
A20: Dados para composição dos custos referente à mão de obra
A21: 1 – Tipo de serviço (mesmo serviço com características distintas) | B21: Vigilância
A22: 2 – Classificação Brasileira de Ocupações (CBO) | B22: 517330
A23: 3 – Salário Normativo da Categoria Profissional | B23: =Goiânia!B23 -> 1825
A24: 4 – Categoria profissional (vinculada à execução contratual) | B24: Vigilante
A25: 5 – Data base da categoria (dia/mês/ano) | B25: 01 de janeiro
A26: 6 – Numero de registro da convenção coletiva no MTE: | B26: SRT00035/2023
A28: CUSTOS | B28: Percentuais e Valores | C28: 44 horas semanais diurnas | D28: 12X36 Diurnas
A29: MÓDULO 1: COMPOSIÇÃO DA REMUNERAÇÃO
A30: 1 - Composição da Remuneração | B30: Valores/ Percentuais | C30: Valor (R$) | D30: Valor (R$)
A31: A – Salário Base (conforme Cláusula Terceira da CCT) | B31: =B23 -> 1825 | C31: =B31 -> 1825 | D31: =B31 -> 1825
A32: B - Adicional de Periculosidade | B32: 0.3 | C32: =C31*B32 -> 547.5 | D32: =D31*B32 -> 547.5
A33: C - Adicional de Insalubridade
A34: D - Adicional Noturno | C34: 0 | D34: 0
A35: E - Adicional de Hora Noturna Reduzida | C35: 0 | D35: 0
A36: F - Penosidade | C36: 0 | D36: 0
A37: G - Outros | C37: 0 | D37: 0
A38: Total | C38: =SUM(C31:C37) -> 2372.5 | D38: =SUM(D31:D37) -> 2372.5
A40: MÓDULO 2: ENCARGOS E BENEFÍCIOS ANUAIS, MENSAIS E DIÁRIOS
A41: 2.1 - 13º Salário, Férias e Adicional de Férias | B41: Percentuais | C41: Valor (R$) | D41: Valor (R$)
A42: A - 13º salário | B42: =1/12 -> 0.083333333 | C42: =B42*C38 -> 197.70833 | D42: =B42*D38 -> 197.70833
A43: B - Férias e Adicional de Férias (O custo com o valor pago ao substituto durante as férias do empregado consta na letra "A" do submódulo 4.1), (custo não renovável). | B43: =B42/3 -> 0.027777778 | C43: =B43*C38 -> 65.902778 | D43: =B43*D38 -> 65.902778
A44: Total | B44: =SUM(B42:B43) -> 0.11111111 | C44: =SUM(C42:C43) -> 263.61111 | D44: =SUM(D42:D43) -> 263.61111
A45: 2.2 - GPS, FGTS e outras contribuições (Incide sobre os Módulos 1 e 2.1) | B45: Percentuais | C45: Valor (R$) | D45: Valor (R$)
A46: A - INSS | B46: 0.2 | C46: =B46*(C38+C44) -> 527.22222 | D46: =B46*(D38+D44) -> 527.22222
A47: B - Salário Educação | B47: 0.025 | C47: =B47*(C38+C44) -> 65.902778 | D47: =B47*(D38+D44) -> 65.902778
A48: C - SAT (Utilizar o RAT Ajustado conforme GFIP: RAT x FAP) | B48: 0.03 | C48: =B48*(C38+C44) -> 79.083333 | D48: =B48*(D38+D44) -> 79.083333
A49: D - SESI ou SESC | B49: 0.015 | C49: =B49*(C38+C44) -> 39.541667 | D49: =B49*(D38+D44) -> 39.541667
A50: E - SENAI ou SENAC | B50: 0.01 | C50: =B50*(C38+C44) -> 26.361111 | D50: =B50*(D38+D44) -> 26.361111
A51: F - SEBRAE | B51: 0.006 | C51: =B51*(C38+C44) -> 15.816667 | D51: =B51*(D38+D44) -> 15.816667
A52: G - INCRA | B52: 0.002 | C52: =B52*(C38+C44) -> 5.2722222 | D52: =B52*(D38+D44) -> 5.2722222
A53: F - FGTS | B53: 0.08 | C53: =B53*(C38+C44) -> 210.88889 | D53: =B53*(D38+D44) -> 210.88889
A54: Total | B54: =SUM(B46:B53) -> 0.368 | C54: =SUM(C46:C53) -> 970.08889 | D54: =SUM(D46:D53) -> 970.08889
A55: 2.3 - Benefícios Mensais e Diários | B55: Valores/ Percentuais | C55: Valor (R$) | D55: Valor (R$)
A56: A – Auxílio Transporte (Devido por dias efetivamente trabalhado) | B56: 0 | C56: 0 | D56: 0
A57: B – Auxílio Alimentação (Jornada acima de 6 horas) | B57: ='Memória de Cálculo'!C6 -> 25 | C57: ='Memória de Cálculo'!E6 -> 594.75 | D57: ='Memória de Cálculo'!E7 -> 343.125
A58: C – Plano de Saúde Médico e Odontológico | B58: 0
A59: D – Amparo Social | B59: =Goiânia!B59 -> 16 | C59: =B59 -> 16 | D59: =C59 -> 16
A60: E – Seguro de Vida (Auxílio Morte/Alimentação) | B60: 9.55e-05 | C60: =C38*B60*26-1 -> 4.8909175 | D60: =D38*B60*26-1 -> 4.8909175
A61: F – Outros (Cesta Básica) | B61: 0.04 | C61: =C31*B61/12 -> 6.0833333 | D61: =D31*B61/12 -> 6.0833333
A62: Total | C62: =SUM(C56:C61) -> 621.72425 | D62: =SUM(D56:D61) -> 370.09925
A63: 2 - Encargos e Benefícios Anuais, Mensais e Diários | B63: Percentuais | C63: Valor (R$) | D63: Valor (R$)
A64: 2.1 - 13º Salário, Férias e Adicional de Férias | B64: =B44 -> 0.11111111 | C64: =C44 -> 263.61111 | D64: =D44 -> 263.61111
A65: 2.2 - GPS, FGTS e outras contribuições | B65: =B54 -> 0.368 | C65: =C54 -> 970.08889 | D65: =D54 -> 970.08889
A66: 2.3 - Benefícios Mensais e Diários | B66: 0 | C66: =C62 -> 621.72425 | D66: =D62 -> 370.09925
A67: Total | C67: =SUM(C64:C66) -> 1855.4243 | D67: =SUM(D64:D66) -> 1603.7993
A69: MÓDULO 3: PROVISÃO PARA RESCISÃO
A70: 3 - Provisão para Rescisão | B70: Percentuais | C70: Valor (R$) | D70: Valor (R$)
A71: A - Aviso Prévio Indenizado (Esta parcela deverá ser reduzida após o primeiro ano da contratação para o percentual máximo de 0,042%: Acórdão 1.186/2017-P) | B71: =1/12*0.05 -> 0.0041666667 | C71: =B71*C38 -> 9.8854167 | D71: =B71*D38 -> 9.8854167
A72: B - Incidência do FGTS sobre Aviso Prévio Indenizado | B72: =B53*B71 -> 0.00033333333 | C72: =B72*C38 -> 0.79083333 | D72: =B72*D38 -> 0.79083333
A73: C - Multa do FGTS e contribuições sociais sobre o Aviso Prévio Indenizado | B73: 0 | C73: =B73*C38 -> 0 | D73: =B73*D38 -> 0
A74: D - Aviso Prévio Trabalhado (Esta parcela deverá ser reduzida após o primeiro ano da contratação para o percentual máximo de 0,194%: Acórdão 1.186/2017-P) | B74: =1/30*7/12 -> 0.019444444 | C74: =B74*C38 -> 46.131944 | D74: =B74*D38 -> 46.131944
A75: E - Incidência de GPS, FGTS e outras contribuições (submódulo 2.2) sobre o Aviso Prévio Trabalhado | B75: =B54*B74 -> 0.0071555556 | C75: =B75*C38 -> 16.976556 | D75: =B75*D38 -> 16.976556
A76: F - Multa do FGTS sobre o Aviso Prévio Trabalhado (Rescisões sem justa causa) | B76: =0.08*0.4*0.9*(1+1/12+1/12+1/3*1/12) -> 0.0344 | C76: =B76*C38 -> 81.614 | D76: =B76*D38 -> 81.614
A77: Total | B77: =SUM(B71:B76) -> 0.0655 | C77: =SUM(C71:C76) -> 155.39875 | D77: =SUM(D71:D76) -> 155.39875
A79: MÓDULO 4: CUSTO DE REPOSIÇÃO DO PROFISSIONAL AUSENTE
A80: 4.1 – Substituto nas Ausências Legais | B80: Percentuais | C80: Valor (R$) | D80: Valor (R$)
A81: A – Substituto na cobertura de Férias | B81: =1/12 -> 0.083333333 | C81: =B81*(C38+C67+C77) -> 365.27692 | D81: =B81*(D38+D67+D77) -> 344.30817
A82: B – Substituto na cobertura de ausências Legais | B82: 0.0028 | C82: =B82*(C38+C67+C77) -> 12.273304 | D82: =B82*(D38+D67+D77) -> 11.568754
A83: C - Substituto na cobertura na licença-paternidade | B83: 0.0002 | C83: =B83*(C38+C67+C77) -> 0.8766646 | D83: =B83*(D38+D67+D77) -> 0.8263396
A84: D - Substituto na cobertura na ausências por acidente de trabalho | B84: ='Memória de Cálculo'!D22/30/12 -> 0 | C84: =B84*(C38+C67+C77) -> 0 | D84: =B84*(D38+D67+D77) -> 0
A85: E - Substituto na cobertura de afastamento maternidade | B85: =120/30*'Memória de Cálculo'!D32*'Memória de Cálculo'!D33 -> 0 | C85: =B85*(C38+C67+C77) -> 0 | D85: =B85*(D38+D67+D77) -> 0
A86: F - Substituto na cobertura de outras ausências (especificar) | B86: 0 | C86: =B86*(C38+C67+C77) -> 0 | D86: =B86*(D38+D67+D77) -> 0
A87: Total | B87: =SUM(B81:B86) -> 0.086333333 | C87: =SUM(C81:C86) -> 378.42689 | D87: =SUM(D81:D86) -> 356.70326
A88: 4.2 - Substituto na Intrajornada (Indenizada) | B88: Percentuais | C88: Valor (R$) | D88: Valor (R$)
A89: A - Substituto na cobertura de intervalo para repouso ou alimentação (Intrajornada indenizada de 30 (trinta) minutos) | B89: 0.5 | C89: 0 | D89: =(D38/220)*15*1.5/2 -> 121.32102
A90: Total | C90: =SUM(C89:C89) -> 0 | D90: =SUM(D89:D89) -> 121.32102
A92: 4 - Custo de Reposição do Profissional Ausente | B92: Percentuais | C92: Valor (R$) | D92: Valor (R$)
A93: 4.1 - Substituto nas ausências Legais | B93: =B87 -> 0.086333333 | C93: =C87 -> 378.42689 | D93: =D87 -> 356.70326
A94: 4.2 - Intrajornada indenizada | B94: =B89 -> 0.5 | C94: =C90 -> 0 | D94: =D90 -> 121.32102
A95: Total | C95: =SUM(C93:C94) -> 378.42689 | D95: =SUM(D93:D94) -> 478.02428
A97: MÓDULO 5: INSUMOS DIVERSOS
A98: 5 - Insumos Diversos | B98: Valores | C98: Valor (R$) | D98: Valor (R$)
A99: A - Uniformes | B99: =Insumos!J13 -> 41.683333 | C99: =B99 -> 41.683333 | D99: =B99 -> 41.683333
A100: B - Materiais | B100: =Insumos!J21 -> 10.203333 | C100: =B100 -> 10.203333 | D100: =B100/2 -> 5.1016667
A101: C – Equipamentos | C101: =B101 -> 0 | D101: =B101 -> 0
A102: D - Outros (especificar) | B102: 0 | C102: =B102 -> 0 | D102: =B102 -> 0
A103: Total | B103: =SUM(B99:B102) -> 51.886667 | C103: =SUM(C99:C102) -> 51.886667 | D103: =SUM(D99:D102) -> 46.785
A105: MÓDULO 6: CUSTOS INDIRETOS, TRIBUTOS E LUCRO
A106: 6 - Custos Indiretos, Tributos e Lucro | B106: Percentuais | C106: Valor (R$) | D106: Valor (R$)
A107: A - Custos Indiretos | B107: 0.032 | C107: =B107*(C38+C67+C77+C95+C103) -> 154.03637 | D107: =B107*(D38+D67+D77+D95+D103) -> 149.00823
A108: B - Lucro | B108: 0.0358 | C108: =B108*(C38+C67+C77+C95+C103+C107) -> 177.84269 | D108: =B108*(D38+D67+D77+D95+D103+D107) -> 172.03746
A109: C - Tributos (De acordo com o regime tributário da empresa) | B109: =SUM(B110:B114) -> 0.0665 | C109: =((C38+C67+C77+C95+C103+C107+C108)/(1-B109))*B109 -> 366.55253 | D109: =((D38+D67+D77+D95+D103+D107+D108)/(1-B109))*B109 -> 354.58733
A110: C.1.1 - Tributos Federais (PIS) | B110: 0.0065 | C110: =((C38+C67+C77+C95+C103+C107+C108)/(1-B109))*B110 -> 35.828443 | D110: =((D38+D67+D77+D95+D103+D107+D108)/(1-B109))*B110 -> 34.658912
A111: C.1.2 - Tributos Federais (COFINS) | B111: 0.03 | C111: =((C38+C67+C77+C95+C103+C107+C108)/(1-B109))*B111 -> 165.36204 | D111: =((D38+D67+D77+D95+D103+D107+D108)/(1-B109))*B111 -> 159.96421
A112: C.2 - Tributos Estaduais (especificar)
...

Sheet Aparecida de Goiânia
A1: PLANILHA ESTIMATIVA
A2: Planilha de Custos e Formação de Preços para Serviços de Vigilância Ostensiva
A4: Nº do Processo: | B4: 35014.499513/2022-13
A5: Pregão Eletrônico nº | B5: =Anicuns!B5 -> 0
A6: Data: | B6: =Anicuns!B6 -> 0
A8: Discriminação dos Serviços (dados referentes à contratação)
A9: A – Data de apresentação da proposta (dia/mês/ano)
A10: B – Município/UF | B10: Aparecida de Goiânia - GO
A11: C – Ano Acordo, Convenção ou Sentença Normativa em Dissídio Coletivo | B11: 2021/2022
A12: D – Nº de meses de execução contratual | B12: 12
A14: Identificação do Serviço
A15: Tipo de Serviço | B15: Unid. de Medida | C15: Posto de 44 h semanais (Qtde) | D15: Quant. Total a Contratar (em função da un. de medida) para 12X36 Diurnas
A16: Contratação de serviços de segurança e vigilância orgânica e patrimonial desarmada, visando atender as demandas das Gerências Executivas de Goiânia, Anápolis e DF (unidades em Goiás), conforme condições, quantidades e exigências estabelecidas no instrumento convocatório. | B16: Serviço | C16: =Resumo!E37 -> 4 | D16: =Resumo!E36 -> 0
A19: Mão de obra vinculada à execução contratual
A20: Dados para composição dos custos referente à mão de obra
A21: 1 – Tipo de serviço (mesmo serviço com características distintas) | B21: Vigilância
A22: 2 – Classificação Brasileira de Ocupações (CBO) | B22: 517330
A23: 3 – Salário Normativo da Categoria Profissional (conforme Cláusula Terceira da CCT) | B23: 1825
A24: 4 – Categoria profissional (vinculada à execução contratual) | B24: Vigilante
A25: 5 – Data base da categoria (dia/mês/ano) | B25: 01 de janeiro
A26: 6 – Numero de registro da convenção coletiva no MTE: | B26: GO000843/2022
A28: CUSTOS | B28: Percentuais e Valores de Referência | C28: 44 horas semanais diurnas | D28: 12X36 Diurnas
A29: MÓDULO 1: COMPOSIÇÃO DA REMUNERAÇÃO
A30: 1 - Composição da Remuneração | B30: Valores/ Percentuais | C30: Valor (R$) | D30: Valor (R$)
A31: A – Salário Base (conforme Cláusula Terceira da CCT) | B31: =B23 -> 1825 | C31: =B31 -> 1825 | D31: =B31 -> 1825
A32: B - Adicional de Periculosidade | B32: 0.3 | C32: =C31*B32 -> 547.5 | D32: =D31*B32 -> 547.5
A33: C - Adicional de Insalubridade
A34: D - Adicional Noturno | C34: 0 | D34: 0
A35: E - Adicional de Hora Noturna Reduzida | C35: 0 | D35: 0
A36: F - Penosidade | C36: 0 | D36: 0
A37: G - Outros | C37: 0 | D37: 0
A38: Total | C38: =SUM(C31:C37) -> 2372.5 | D38: =SUM(D31:D37) -> 2372.5
A40: MÓDULO 2: ENCARGOS E BENEFÍCIOS ANUAIS, MENSAIS E DIÁRIOS
A41: 2.1 - 13º Salário, Férias e Adicional de Férias | B41: Percentuais | C41: Valor (R$) | D41: Valor (R$)
A42: A - 13º salário | B42: =1/12 -> 0.083333333 | C42: =B42*C38 -> 197.70833 | D42: =B42*D38 -> 197.70833
A43: B - Férias e Adicional de Férias (O custo com o valor pago ao substituto durante as férias do empregado consta na letra "A" do submódulo 4.1), (custo não renovável). | B43: =B42/3 -> 0.027777778 | C43: =B43*C38 -> 65.902778 | D43: =B43*D38 -> 65.902778
A44: Total | B44: =SUM(B42:B43) -> 0.11111111 | C44: =SUM(C42:C43) -> 263.61111 | D44: =SUM(D42:D43) -> 263.61111
A45: 2.2 - GPS, FGTS e outras contribuições (Incide sobre os Módulos 1 e 2.1) | B45: Percentuais | C45: Valor (R$) | D45: Valor (R$)
A46: A - INSS | B46: 0.2 | C46: =B46*(C38+C44) -> 527.22222 | D46: =B46*(D38+D44) -> 527.22222
A47: B - Salário Educação | B47: 0.025 | C47: =B47*(C38+C44) -> 65.902778 | D47: =B47*(D38+D44) -> 65.902778
A48: C - SAT (Utilizar o RAT Ajustado conforme GFIP: RAT x FAP) | B48: 0.03 | C48: =B48*(C38+C44) -> 79.083333 | D48: =B48*(D38+D44) -> 79.083333
A49: D - SESI ou SESC | B49: 0.015 | C49: =B49*(C38+C44) -> 39.541667 | D49: =B49*(D38+D44) -> 39.541667
A50: E - SENAI ou SENAC | B50: 0.01 | C50: =B50*(C38+C44) -> 26.361111 | D50: =B50*(D38+D44) -> 26.361111
A51: F - SEBRAE | B51: 0.006 | C51: =B51*(C38+C44) -> 15.816667 | D51: =B51*(D38+D44) -> 15.816667
A52: G - INCRA | B52: 0.002 | C52: =B52*(C38+C44) -> 5.2722222 | D52: =B52*(D38+D44) -> 5.2722222
A53: F - FGTS | B53: 0.08 | C53: =B53*(C38+C44) -> 210.88889 | D53: =B53*(D38+D44) -> 210.88889
A54: Total | B54: =SUM(B46:B53) -> 0.368 | C54: =SUM(C46:C53) -> 970.08889 | D54: =SUM(D46:D53) -> 970.08889
A55: 2.3 - Benefícios Mensais e Diários | B55: Valores/ Percentuais | C55: Valor (R$) | D55: Valor (R$)
A56: A – Auxílio Transporte (Devido por dias efetivamente trabalhado) | B56: 4.3 | C56: =(B56*26*2)-(C31*0.06) -> 114.1 | D56: =(B56*15*2)-(D31*0.06) -> 19.5
A57: B – Auxílio Alimentação (Jornada acima de 6 horas) | B57: ='Memória de Cálculo'!C6 -> 25 | C57: ='Memória de Cálculo'!E6 -> 594.75 | D57: ='Memória de Cálculo'!E7 -> 343.125
A58: C – Plano de Saúde Médico e Odontológico | B58: 0
A59: D – Amparo Social | B59: 16 | C59: =B59 -> 16 | D59: =C59 -> 16
A60: E – Seguro de Vida (Auxílio Morte/Alimentação) | B60: 9.55e-05 | C60: =C38*B60*26-1 -> 4.8909175 | D60: =D38*B60*26-1 -> 4.8909175
A61: F – Outros (Cesta Básica) | B61: 0.04 | C61: =C31*B61/12 -> 6.0833333 | D61: =D31*B61/12 -> 6.0833333
A62: Total | C62: =SUM(C56:C61) -> 735.82425 | D62: =SUM(D56:D61) -> 389.59925
A63: 2 - Encargos e Benefícios Anuais, Mensais e Diários | B63: Percentuais | C63: Valor (R$) | D63: Valor (R$)
A64: 2.1 - 13º Salário, Férias e Adicional de Férias | B64: =B44 -> 0.11111111 | C64: =C44 -> 263.61111 | D64: =D44 -> 263.61111
A65: 2.2 - GPS, FGTS e outras contribuições | B65: =B54 -> 0.368 | C65: =C54 -> 970.08889 | D65: =D54 -> 970.08889
A66: 2.3 - Benefícios Mensais e Diários | B66: 0 | C66: =C62 -> 735.82425 | D66: =D62 -> 389.59925
A67: Total | C67: =SUM(C64:C66) -> 1969.5243 | D67: =SUM(D64:D66) -> 1623.2993
A69: MÓDULO 3: PROVISÃO PARA RESCISÃO
A70: 3 - Provisão para Rescisão | B70: Percentuais | C70: Valor (R$) | D70: Valor (R$)
A71: A - Aviso Prévio Indenizado (Esta parcela deverá ser reduzida após o primeiro ano da contratação para o percentual máximo de 0,042%: Acórdão 1.186/2017-P) | B71: =1/12*0.05 -> 0.0041666667 | C71: =B71*C38 -> 9.8854167 | D71: =B71*D38 -> 9.8854167
A72: B - Incidência do FGTS sobre Aviso Prévio Indenizado | B72: =B53*B71 -> 0.00033333333 | C72: =B72*C38 -> 0.79083333 | D72: =B72*D38 -> 0.79083333
A73: C - Multa do FGTS e contribuições sociais sobre o Aviso Prévio Indenizado | B73: 0 | C73: =B73*C38 -> 0 | D73: =B73*D38 -> 0
A74: D - Aviso Prévio Trabalhado (Esta parcela deverá ser reduzida após o primeiro ano da contratação para o percentual máximo de 0,194%: Acórdão 1.186/2017-P) | B74: =1/30*7/12 -> 0.019444444 | C74: =B74*C38 -> 46.131944 | D74: =B74*D38 -> 46.131944
A75: E - Incidência de GPS, FGTS e outras contribuições (submódulo 2.2) sobre o Aviso Prévio Trabalhado | B75: =B54*B74 -> 0.0071555556 | C75: =B75*C38 -> 16.976556 | D75: =B75*D38 -> 16.976556
A76: F - Multa do FGTS sobre o Aviso Prévio Trabalhado (Rescisões sem justa causa) | B76: =0.08*0.4*0.9*(1+1/12+1/12+1/3*1/12) -> 0.0344 | C76: =B76*C38 -> 81.614 | D76: =B76*D38 -> 81.614
A77: Total | B77: =SUM(B71:B76) -> 0.0655 | C77: =SUM(C71:C76) -> 155.39875 | D77: =SUM(D71:D76) -> 155.39875
A79: MÓDULO 4: CUSTO DE REPOSIÇÃO DO PROFISSIONAL AUSENTE
A80: 4.1 – Substituto nas Ausências Legais | B80: Percentuais | C80: Valor (R$) | D80: Valor (R$)
A81: A – Substituto na cobertura de Férias | B81: =1/12 -> 0.083333333 | C81: =B81*(C38+C67+C77) -> 374.78525 | D81: =B81*(D38+D67+D77) -> 345.93317
A82: B – Substituto na cobertura de ausências Legais | B82: 0.0028 | C82: =B82*(C38+C67+C77) -> 12.592784 | D82: =B82*(D38+D67+D77) -> 11.623354
A83: C - Substituto na cobertura na licença-paternidade | B83: 0.0002 | C83: =B83*(C38+C67+C77) -> 0.8994846 | D83: =B83*(D38+D67+D77) -> 0.8302396
A84: D - Substituto na cobertura na ausências por acidente de trabalho | B84: ='Memória de Cálculo'!D22/30/12 -> 0 | C84: =B84*(C38+C67+C77) -> 0 | D84: =B84*(D38+D67+D77) -> 0
A85: E - Substituto na cobertura de afastamento maternidade | B85: =120/30*'Memória de Cálculo'!D32*'Memória de Cálculo'!D33 -> 0 | C85: =B85*(C38+C67+C77) -> 0 | D85: =B85*(D38+D67+D77) -> 0
A86: F - Substituto na cobertura de outras ausências (especificar) | B86: 0 | C86: =B86*(C38+C67+C77) -> 0 | D86: =B86*(D38+D67+D77) -> 0
A87: Total | B87: =SUM(B81:B86) -> 0.086333333 | C87: =SUM(C81:C86) -> 388.27752 | D87: =SUM(D81:D86) -> 358.38676
A88: 4.2 - Substituto na Intrajornada (Indenizada) | B88: Percentuais | C88: Valor (R$) | D88: Valor (R$)
A89: A - Substituto na cobertura de intervalo para repouso ou alimentação (Intrajornada indenizada de 30 (trinta) minutos) | B89: 0.5 | C89: 0 | D89: =(D38/220)*15*1.5/2 -> 121.32102
A90: Total | C90: =SUM(C89:C89) -> 0 | D90: =SUM(D89:D89) -> 121.32102
A92: 4 - Custo de Reposição do Profissional Ausente | B92: Percentuais | C92: Valor (R$) | D92: Valor (R$)
A93: 4.1 - Substituto nas ausências Legais | B93: =B87 -> 0.086333333 | C93: =C87 -> 388.27752 | D93: =D87 -> 358.38676
A94: 4.2 - Intrajornada indenizada | B94: =B89 -> 0.5 | C94: =C90 -> 0 | D94: =D90 -> 121.32102
A95: Total | C95: =SUM(C93:C94) -> 388.27752 | D95: =SUM(D93:D94) -> 479.70778
A97: MÓDULO 5: INSUMOS DIVERSOS
A98: 5 - Insumos Diversos | B98: Valores | C98: Valor (R$) | D98: Valor (R$)
A99: A - Uniformes | B99: =Insumos!J13 -> 41.683333 | C99: =B99 -> 41.683333 | D99: =B99 -> 41.683333
A100: B - Materiais | B100: =Insumos!J21 -> 10.203333 | C100: =B100 -> 10.203333 | D100: =B100/2 -> 5.1016667
A101: C – Equipamentos | C101: =B101 -> 0 | D101: =B101 -> 0
A102: D - Outros (especificar) | B102: 0 | C102: =B102 -> 0 | D102: =B102 -> 0
A103: Total | B103: =SUM(B99:B102) -> 51.886667 | C103: =SUM(C99:C102) -> 51.886667 | D103: =SUM(D99:D102) -> 46.785
A105: MÓDULO 6: CUSTOS INDIRETOS, TRIBUTOS E LUCRO
A106: 6 - Custos Indiretos, Tributos e Lucro | B106: Percentuais | C106: Valor (R$) | D106: Valor (R$)
A107: A - Custos Indiretos | B107: 0.032 | C107: =B107*(C38+C67+C77+C95+C103) -> 158.00279 | D107: =B107*(D38+D67+D77+D95+D103) -> 149.68611
A108: B - Lucro | B108: 0.0358 | C108: =B108*(C38+C67+C77+C95+C103+C107) -> 182.42212 | D108: =B108*(D38+D67+D77+D95+D103+D107) -> 172.82009
A109: C - Tributos (De acordo com o regime tributário da empresa) | B109: =SUM(B110:B114) -> 0.0665 | C109: =((C38+C67+C77+C95+C103+C107+C108)/(1-B109))*B109 -> 375.99122 | D109: =((D38+D67+D77+D95+D103+D107+D108)/(1-B109))*B109 -> 356.20043
A110: C.1.1 - Tributos Federais (PIS) | B110: 0.0065 | C110: =((C38+C67+C77+C95+C103+C107+C108)/(1-B109))*B110 -> 36.751022 | D110: =((D38+D67+D77+D95+D103+D107+D108)/(1-B109))*B110 -> 34.816583
A111: C.1.2 - Tributos Federais (COFINS) | B111: 0.03 | C111: =((C38+C67+C77+C95+C103+C107+C108)/(1-B109))*B111 -> 169.6201 | D111: =((D38+D67+D77+D95+D103+D107+D108)/(1-B109))*B111 -> 160.69192
A112: C.2 - Tributos Estaduais (especificar)
...

Sheet Bela Vista de Goiás
A1: PLANILHA ESTIMATIVA
A2: Planilha de Custos e Formação de Preços para Serviços de Vigilância Ostensiva
A4: Nº do Processo: | B4: 35014.499513/2022-13
A5: Pregão Eletrônico nº | B5: ='Aparecida de Goiânia'!B5:D5 -> 0
A6: Data: | B6: ='Aparecida de Goiânia'!B6:D6 -> 0
A8: Discriminação dos Serviços (dados referentes à contratação)
A9: A – Data de apresentação da proposta (dia/mês/ano)
A10: B – Município/UF | B10: Bela Vista de Goiás- GO
A11: C – Ano Acordo, Convenção ou Sentença Normativa em Dissídio Coletivo | B11: 2020/2021
A12: D – Nº de meses de execução contratual | B12: 12
A14: Identificação do Serviço
A15: Tipo de Serviço | B15: Unid. de Medida | C15: Posto de 44 h semanais (Qtde) | D15: Quant. Total a Contratar (em função da un. de medida) para 12X36 Diurnas
A16: Contratação de serviços de segurança e vigilância orgânica e patrimonial desarmada, visando atender as demandas das Gerências Executivas de Goiânia, Anápolis e DF (unidades em Goiás), conforme condições, quantidades e exigências estabelecidas no instrumento convocatório. | B16: Serviço | C16: =Resumo!E40 -> 1 | D16: =Resumo!E39 -> 0
A19: Mão de obra vinculada à execução contratual
A20: Dados para composição dos custos referente à mão de obra
A21: 1 – Tipo de serviço (mesmo serviço com características distintas) | B21: Vigilância
A22: 2 – Classificação Brasileira de Ocupações (CBO) | B22: 517330
A23: 3 – Salário Normativo da Categoria Profissional (conforme Cláusula Terceira da CCT) | B23: =Goiânia!B23 -> 1825
A24: 4 – Categoria profissional (vinculada à execução contratual) | B24: Vigilante
A25: 5 – Data base da categoria (dia/mês/ano) | B25: 01 de janeiro
A26: 6 – Numero de registro da convenção coletiva no MTE: | B26: SRT00035/2023
A28: CUSTOS | B28: Percentuais e Valores de Referência | C28: 44 horas semanais diurnas | D28: 12X36 Diurnas
A29: MÓDULO 1: COMPOSIÇÃO DA REMUNERAÇÃO
A30: 1 - Composição da Remuneração | B30: Valores/ Percentuais | C30: Valor (R$) | D30: Valor (R$)
A31: A – Salário Base (conforme Cláusula Terceira da CCT) | B31: =B23 -> 1825 | C31: =B31 -> 1825 | D31: =B31 -> 1825
A32: B - Adicional de Periculosidade | B32: 0.3 | C32: =C31*B32 -> 547.5 | D32: =D31*B32 -> 547.5
A33: C - Adicional de Insalubridade
A34: D - Adicional Noturno | C34: 0 | D34: 0
A35: E - Adicional de Hora Noturna Reduzida | C35: 0 | D35: 0
A36: F - Penosidade | C36: 0 | D36: 0
A37: G - Outros | C37: 0 | D37: 0
A38: Total | C38: =SUM(C31:C37) -> 2372.5 | D38: =SUM(D31:D37) -> 2372.5
A40: MÓDULO 2: ENCARGOS E BENEFÍCIOS ANUAIS, MENSAIS E DIÁRIOS
A41: 2.1 - 13º Salário, Férias e Adicional de Férias | B41: Percentuais | C41: Valor (R$) | D41: Valor (R$)
A42: A - 13º salário | B42: =1/12 -> 0.083333333 | C42: =B42*C38 -> 197.70833 | D42: =B42*D38 -> 197.70833
A43: B - Férias e Adicional de Férias (O custo com o valor pago ao substituto durante as férias do empregado consta na letra "A" do submódulo 4.1), (custo não renovável). | B43: =B42/3 -> 0.027777778 | C43: =B43*C38 -> 65.902778 | D43: =B43*D38 -> 65.902778
A44: Total | B44: =SUM(B42:B43) -> 0.11111111 | C44: =SUM(C42:C43) -> 263.61111 | D44: =SUM(D42:D43) -> 263.61111
A45: 2.2 - GPS, FGTS e outras contribuições (Incide sobre os Módulos 1 e 2.1) | B45: Percentuais | C45: Valor (R$) | D45: Valor (R$)
A46: A - INSS | B46: 0.2 | C46: =B46*(C38+C44) -> 527.22222 | D46: =B46*(D38+D44) -> 527.22222
A47: B - Salário Educação | B47: 0.025 | C47: =B47*(C38+C44) -> 65.902778 | D47: =B47*(D38+D44) -> 65.902778
A48: C - SAT (Utilizar o RAT Ajustado conforme GFIP: RAT x FAP) | B48: 0.03 | C48: =B48*(C38+C44) -> 79.083333 | D48: =B48*(D38+D44) -> 79.083333
A49: D - SESI ou SESC | B49: 0.015 | C49: =B49*(C38+C44) -> 39.541667 | D49: =B49*(D38+D44) -> 39.541667
A50: E - SENAI ou SENAC | B50: 0.01 | C50: =B50*(C38+C44) -> 26.361111 | D50: =B50*(D38+D44) -> 26.361111
A51: F - SEBRAE | B51: 0.006 | C51: =B51*(C38+C44) -> 15.816667 | D51: =B51*(D38+D44) -> 15.816667
A52: G - INCRA | B52: 0.002 | C52: =B52*(C38+C44) -> 5.2722222 | D52: =B52*(D38+D44) -> 5.2722222
A53: F - FGTS | B53: 0.08 | C53: =B53*(C38+C44) -> 210.88889 | D53: =B53*(D38+D44) -> 210.88889
A54: Total | B54: =SUM(B46:B53) -> 0.368 | C54: =SUM(C46:C53) -> 970.08889 | D54: =SUM(D46:D53) -> 970.08889
A55: 2.3 - Benefícios Mensais e Diários | B55: Valores/ Percentuais | C55: Valor (R$) | D55: Valor (R$)
A56: A – Auxílio Transporte (Devido por dias efetivamente trabalhado) | B56: 4.3 | C56: =(B56*26*2)-(C31*0.06) -> 114.1 | D56: =(B56*15*2)-(D31*0.06) -> 19.5
A57: B – Auxílio Alimentação (Jornada acima de 6 horas) | B57: ='Memória de Cálculo'!C6 -> 25 | C57: ='Memória de Cálculo'!E6 -> 594.75 | D57: ='Memória de Cálculo'!E7 -> 343.125
A58: C – Plano de Saúde Médico e Odontológico | B58: 0
A59: D – Amparo Social | B59: =Goiânia!B59 -> 16 | C59: =B59 -> 16 | D59: =C59 -> 16
A60: E – Seguro de Vida (Auxílio Morte/Alimentação) | B60: 9.55e-05 | C60: =C38*B60*26-1 -> 4.8909175 | D60: =D38*B60*26-1 -> 4.8909175
A61: F – Outros (Cesta Básica) | B61: 0.04 | C61: =C31*B61/12 -> 6.0833333 | D61: =D31*B61/12 -> 6.0833333
A62: Total | C62: =SUM(C56:C61) -> 735.82425 | D62: =SUM(D56:D61) -> 389.59925
A63: 2 - Encargos e Benefícios Anuais, Mensais e Diários | B63: Percentuais | C63: Valor (R$) | D63: Valor (R$)
A64: 2.1 - 13º Salário, Férias e Adicional de Férias | B64: =B44 -> 0.11111111 | C64: =C44 -> 263.61111 | D64: =D44 -> 263.61111
A65: 2.2 - GPS, FGTS e outras contribuições | B65: =B54 -> 0.368 | C65: =C54 -> 970.08889 | D65: =D54 -> 970.08889
A66: 2.3 - Benefícios Mensais e Diários | B66: 0 | C66: =C62 -> 735.82425 | D66: =D62 -> 389.59925
A67: Total | C67: =SUM(C64:C66) -> 1969.5243 | D67: =SUM(D64:D66) -> 1623.2993
A69: MÓDULO 3: PROVISÃO PARA RESCISÃO
A70: 3 - Provisão para Rescisão | B70: Percentuais | C70: Valor (R$) | D70: Valor (R$)
A71: A - Aviso Prévio Indenizado (Esta parcela deverá ser reduzida após o primeiro ano da contratação para o percentual máximo de 0,042%: Acórdão 1.186/2017-P) | B71: =1/12*0.05 -> 0.0041666667 | C71: =B71*C38 -> 9.8854167 | D71: =B71*D38 -> 9.8854167
A72: B - Incidência do FGTS sobre Aviso Prévio Indenizado | B72: =B53*B71 -> 0.00033333333 | C72: =B72*C38 -> 0.79083333 | D72: =B72*D38 -> 0.79083333
A73: C - Multa do FGTS e contribuições sociais sobre o Aviso Prévio Indenizado | B73: 0 | C73: =B73*C38 -> 0 | D73: =B73*D38 -> 0
A74: D - Aviso Prévio Trabalhado (Esta parcela deverá ser reduzida após o primeiro ano da contratação para o percentual máximo de 0,194%: Acórdão 1.186/2017-P) | B74: =1/30*7/12 -> 0.019444444 | C74: =B74*C38 -> 46.131944 | D74: =B74*D38 -> 46.131944
A75: E - Incidência de GPS, FGTS e outras contribuições (submódulo 2.2) sobre o Aviso Prévio Trabalhado | B75: =B54*B74 -> 0.0071555556 | C75: =B75*C38 -> 16.976556 | D75: =B75*D38 -> 16.976556
A76: F - Multa do FGTS sobre o Aviso Prévio Trabalhado (Rescisões sem justa causa) | B76: =0.08*0.4*0.9*(1+1/12+1/12+1/3*1/12) -> 0.0344 | C76: =B76*C38 -> 81.614 | D76: =B76*D38 -> 81.614
A77: Total | B77: =SUM(B71:B76) -> 0.0655 | C77: =SUM(C71:C76) -> 155.39875 | D77: =SUM(D71:D76) -> 155.39875
A79: MÓDULO 4: CUSTO DE REPOSIÇÃO DO PROFISSIONAL AUSENTE
A80: 4.1 – Substituto nas Ausências Legais | B80: Percentuais | C80: Valor (R$) | D80: Valor (R$)
A81: A – Substituto na cobertura de Férias | B81: =1/12 -> 0.083333333 | C81: =B81*(C38+C67+C77) -> 374.78525 | D81: =B81*(D38+D67+D77) -> 345.93317
A82: B – Substituto na cobertura de ausências Legais | B82: 0.0028 | C82: =B82*(C38+C67+C77) -> 12.592784 | D82: =B82*(D38+D67+D77) -> 11.623354
A83: C - Substituto na cobertura na licença-paternidade | B83: 0.0002 | C83: =B83*(C38+C67+C77) -> 0.8994846 | D83: =B83*(D38+D67+D77) -> 0.8302396
A84: D - Substituto na cobertura na ausências por acidente de trabalho | B84: ='Memória de Cálculo'!D22/30/12 -> 0 | C84: =B84*(C38+C67+C77) -> 0 | D84: =B84*(D38+D67+D77) -> 0
A85: E - Substituto na cobertura de afastamento maternidade | B85: =120/30*'Memória de Cálculo'!D32*'Memória de Cálculo'!D33 -> 0 | C85: =B85*(C38+C67+C77) -> 0 | D85: =B85*(D38+D67+D77) -> 0
A86: F - Substituto na cobertura de outras ausências (especificar) | B86: 0 | C86: =B86*(C38+C67+C77) -> 0 | D86: =B86*(D38+D67+D77) -> 0
A87: Total | B87: =SUM(B81:B86) -> 0.086333333 | C87: =SUM(C81:C86) -> 388.27752 | D87: =SUM(D81:D86) -> 358.38676
A88: 4.2 - Substituto na Intrajornada (Indenizada) | B88: Percentuais | C88: Valor (R$) | D88: Valor (R$)
A89: A - Substituto na cobertura de intervalo para repouso ou alimentação (Intrajornada indenizada de 30 (trinta) minutos) | B89: 0.5 | C89: 0 | D89: =(D38/220)*15*1.5/2 -> 121.32102
A90: Total | C90: =SUM(C89:C89) -> 0 | D90: =SUM(D89:D89) -> 121.32102
A92: 4 - Custo de Reposição do Profissional Ausente | B92: Percentuais | C92: Valor (R$) | D92: Valor (R$)
A93: 4.1 - Substituto nas ausências Legais | B93: =B87 -> 0.086333333 | C93: =C87 -> 388.27752 | D93: =D87 -> 358.38676
A94: 4.2 - Intrajornada indenizada | B94: =B89 -> 0.5 | C94: =C90 -> 0 | D94: =D90 -> 121.32102
A95: Total | C95: =SUM(C93:C94) -> 388.27752 | D95: =SUM(D93:D94) -> 479.70778
A97: MÓDULO 5: INSUMOS DIVERSOS
A98: 5 - Insumos Diversos | B98: Valores | C98: Valor (R$) | D98: Valor (R$)
A99: A - Uniformes | B99: =Insumos!J13 -> 41.683333 | C99: =B99 -> 41.683333 | D99: =B99 -> 41.683333
A100: B - Materiais | B100: =Insumos!J21 -> 10.203333 | C100: =B100 -> 10.203333 | D100: =B100/2 -> 5.1016667
A101: C – Equipamentos | C101: =B101 -> 0 | D101: =B101 -> 0
A102: D - Outros (especificar) | B102: 0 | C102: =B102 -> 0 | D102: =B102 -> 0
A103: Total | B103: =SUM(B99:B102) -> 51.886667 | C103: =SUM(C99:C102) -> 51.886667 | D103: =SUM(D99:D102) -> 46.785
A105: MÓDULO 6: CUSTOS INDIRETOS, TRIBUTOS E LUCRO
A106: 6 - Custos Indiretos, Tributos e Lucro | B106: Percentuais | C106: Valor (R$) | D106: Valor (R$)
A107: A - Custos Indiretos | B107: 0.032 | C107: =B107*(C38+C67+C77+C95+C103) -> 158.00279 | D107: =B107*(D38+D67+D77+D95+D103) -> 149.68611
A108: B - Lucro | B108: 0.0358 | C108: =B108*(C38+C67+C77+C95+C103+C107) -> 182.42212 | D108: =B108*(D38+D67+D77+D95+D103+D107) -> 172.82009
A109: C - Tributos (De acordo com o regime tributário da empresa) | B109: =SUM(B110:B114) -> 0.0565 | C109: =((C38+C67+C77+C95+C103+C107+C108)/(1-B109))*B109 -> 316.06538 | D109: =((D38+D67+D77+D95+D103+D107+D108)/(1-B109))*B109 -> 299.42886
A110: C.1.1 - Tributos Federais (PIS) | B110: 0.0065 | C110: =((C38+C67+C77+C95+C103+C107+C108)/(1-B109))*B110 -> 36.361504 | D110: =((D38+D67+D77+D95+D103+D107+D108)/(1-B109))*B110 -> 34.447568
A111: C.1.2 - Tributos Federais (COFINS) | B111: 0.03 | C111: =((C38+C67+C77+C95+C103+C107+C108)/(1-B109))*B111 -> 167.82232 | D111: =((D38+D67+D77+D95+D103+D107+D108)/(1-B109))*B111 -> 158.98878
A112: C.2 - Tributos Estaduais (especificar)
...

Sheet Caiapônia
A1: PLANILHA ESTIMATIVA
A2: Planilha de Custos e Formação de Preços para Serviços de Vigilância Ostensiva
A4: Nº do Processo: | B4: 35014.499513/2022-13
A5: Pregão Eletrônico nº | B5: ='Bela Vista de Goiás'!B5:D5 -> 0
A6: Data: | B6: ='Bela Vista de Goiás'!B6:D6 -> 0
A8: Discriminação dos Serviços (dados referentes à contratação)
A9: A – Data de apresentação da proposta (dia/mês/ano)
A10: B – Município/UF | B10: Caiapônia - GO
A11: C – Ano Acordo, Convenção ou Sentença Normativa em Dissídio Coletivo | B11: 2021/2022
A12: D – Nº de meses de execução contratual | B12: 12
A14: Identificação do Serviço
A15: Tipo de Serviço | B15: Unid. de Medida | C15: Posto de 44 h semanais (Qtde) | D15: Quant. Total a Contratar (em função da un. de medida) para 12X36 Diurnas
A16: Contratação de serviços de segurança e vigilância orgânica e patrimonial desarmada, visando atender as demandas das Gerências Executivas de Goiânia, Anápolis e DF (unidades em Goiás), conforme condições, quantidades e exigências estabelecidas no instrumento convocatório. | B16: Serviço | C16: =Resumo!E43 -> 1 | D16: =Resumo!E42 -> 0
A19: Mão de obra vinculada à execução contratual
A20: Dados para composição dos custos referente à mão de obra
A21: 1 – Tipo de serviço (mesmo serviço com características distintas) | B21: Vigilância
A22: 2 – Classificação Brasileira de Ocupações (CBO) | B22: 517330
A23: 3 – Salário Normativo da Categoria Profissional (conforme Cláusula Terceira da CCT) | B23: =Jataí!B23 -> 1825
A24: 4 – Categoria profissional (vinculada à execução contratual) | B24: Vigilante
A25: 5 – Data base da categoria (dia/mês/ano) | B25: 01 de janeiro
A26: 6 – Numero de registro da convenção coletiva no MTE: | B26: GO000846/2022
A28: CUSTOS | B28: Percentuais e Valores de Referência | C28: 44 horas semanais diurnas | D28: 12X36 Diurnas
A29: MÓDULO 1: COMPOSIÇÃO DA REMUNERAÇÃO
A30: 1 - Composição da Remuneração | B30: Valores/ Percentuais | C30: Valor (R$) | D30: Valor (R$)
A31: A – Salário Base (conforme Cláusula Terceira da CCT) | B31: =B23 -> 1825 | C31: =B31 -> 1825 | D31: =B31 -> 1825
A32: B - Adicional de Periculosidade | B32: 0.3 | C32: =C31*B32 -> 547.5 | D32: =D31*B32 -> 547.5
A33: C - Adicional de Insalubridade
A34: D - Adicional Noturno | C34: 0 | D34: 0
A35: E - Adicional de Hora Noturna Reduzida | C35: 0 | D35: 0
A36: F - Penosidade | C36: 0 | D36: 0
A37: G - Outros | C37: 0 | D37: 0
A38: Total | C38: =SUM(C31:C37) -> 2372.5 | D38: =SUM(D31:D37) -> 2372.5
A40: MÓDULO 2: ENCARGOS E BENEFÍCIOS ANUAIS, MENSAIS E DIÁRIOS
A41: 2.1 - 13º Salário, Férias e Adicional de Férias | B41: Percentuais | C41: Valor (R$) | D41: Valor (R$)
A42: A - 13º salário | B42: =1/12 -> 0.083333333 | C42: =B42*C38 -> 197.70833 | D42: =B42*D38 -> 197.70833
A43: B - Férias e Adicional de Férias (O custo com o valor pago ao substituto durante as férias do empregado consta na letra "A" do submódulo 4.1), (custo não renovável). | B43: =B42/3 -> 0.027777778 | C43: =B43*C38 -> 65.902778 | D43: =B43*D38 -> 65.902778
A44: Total | B44: =SUM(B42:B43) -> 0.11111111 | C44: =SUM(C42:C43) -> 263.61111 | D44: =SUM(D42:D43) -> 263.61111
A45: 2.2 - GPS, FGTS e outras contribuições (Incide sobre os Módulos 1 e 2.1) | B45: Percentuais | C45: Valor (R$) | D45: Valor (R$)
A46: A - INSS | B46: 0.2 | C46: =B46*(C38+C44) -> 527.22222 | D46: =B46*(D38+D44) -> 527.22222
A47: B - Salário Educação | B47: 0.025 | C47: =B47*(C38+C44) -> 65.902778 | D47: =B47*(D38+D44) -> 65.902778
A48: C - SAT (Utilizar o RAT Ajustado conforme GFIP: RAT x FAP) | B48: 0.03 | C48: =B48*(C38+C44) -> 79.083333 | D48: =B48*(D38+D44) -> 79.083333
A49: D - SESI ou SESC | B49: 0.015 | C49: =B49*(C38+C44) -> 39.541667 | D49: =B49*(D38+D44) -> 39.541667
A50: E - SENAI ou SENAC | B50: 0.01 | C50: =B50*(C38+C44) -> 26.361111 | D50: =B50*(D38+D44) -> 26.361111
A51: F - SEBRAE | B51: 0.006 | C51: =B51*(C38+C44) -> 15.816667 | D51: =B51*(D38+D44) -> 15.816667
A52: G - INCRA | B52: 0.002 | C52: =B52*(C38+C44) -> 5.2722222 | D52: =B52*(D38+D44) -> 5.2722222
A53: F - FGTS | B53: 0.08 | C53: =B53*(C38+C44) -> 210.88889 | D53: =B53*(D38+D44) -> 210.88889
A54: Total | B54: =SUM(B46:B53) -> 0.368 | C54: =SUM(C46:C53) -> 970.08889 | D54: =SUM(D46:D53) -> 970.08889
A55: 2.3 - Benefícios Mensais e Diários | B55: Valores/ Percentuais | C55: Valor (R$) | D55: Valor (R$)
A56: A – Auxílio Transporte (Devido por dias efetivamente trabalhado) | B56: 0 | C56: 0 | D56: 0
A57: B – Auxílio Alimentação (Jornada acima de 6 horas) | B57: ='Memória de Cálculo'!C6 -> 25 | C57: ='Memória de Cálculo'!E6 -> 594.75 | D57: ='Memória de Cálculo'!E7 -> 343.125
A58: C – Plano de Saúde Médico e Odontológico | B58: 0
A59: D – Amparo Social | B59: =Jataí!$B59 -> 16 | C59: =B59 -> 16 | D59: =C59 -> 16
A60: E – Seguro de Vida (Auxílio Morte/Alimentação) | B60: 9.55e-05 | C60: =C38*B60*26-1 -> 4.8909175 | D60: =D38*B60*26-1 -> 4.8909175
A61: F – Outros (Cesta Básica) | B61: 0.04 | C61: =C31*B61/12 -> 6.0833333 | D61: =D31*B61/12 -> 6.0833333
A62: Total | C62: =SUM(C56:C61) -> 621.72425 | D62: =SUM(D56:D61) -> 370.09925
A63: 2 - Encargos e Benefícios Anuais, Mensais e Diários | B63: Percentuais | C63: Valor (R$) | D63: Valor (R$)
A64: 2.1 - 13º Salário, Férias e Adicional de Férias | B64: =B44 -> 0.11111111 | C64: =C44 -> 263.61111 | D64: =D44 -> 263.61111
A65: 2.2 - GPS, FGTS e outras contribuições | B65: =B54 -> 0.368 | C65: =C54 -> 970.08889 | D65: =D54 -> 970.08889
A66: 2.3 - Benefícios Mensais e Diários | B66: 0 | C66: =C62 -> 621.72425 | D66: =D62 -> 370.09925
A67: Total | C67: =SUM(C64:C66) -> 1855.4243 | D67: =SUM(D64:D66) -> 1603.7993
A69: MÓDULO 3: PROVISÃO PARA RESCISÃO
A70: 3 - Provisão para Rescisão | B70: Percentuais | C70: Valor (R$) | D70: Valor (R$)
A71: A - Aviso Prévio Indenizado (Esta parcela deverá ser reduzida após o primeiro ano da contratação para o percentual máximo de 0,042%: Acórdão 1.186/2017-P) | B71: =1/12*0.05 -> 0.0041666667 | C71: =B71*C38 -> 9.8854167 | D71: =B71*D38 -> 9.8854167
A72: B - Incidência do FGTS sobre Aviso Prévio Indenizado | B72: =B53*B71 -> 0.00033333333 | C72: =B72*C38 -> 0.79083333 | D72: =B72*D38 -> 0.79083333
A73: C - Multa do FGTS e contribuições sociais sobre o Aviso Prévio Indenizado | B73: 0 | C73: =B73*C38 -> 0 | D73: =B73*D38 -> 0
A74: D - Aviso Prévio Trabalhado (Esta parcela deverá ser reduzida após o primeiro ano da contratação para o percentual máximo de 0,194%: Acórdão 1.186/2017-P) | B74: =1/30*7/12 -> 0.019444444 | C74: =B74*C38 -> 46.131944 | D74: =B74*D38 -> 46.131944
A75: E - Incidência de GPS, FGTS e outras contribuições (submódulo 2.2) sobre o Aviso Prévio Trabalhado | B75: =B54*B74 -> 0.0071555556 | C75: =B75*C38 -> 16.976556 | D75: =B75*D38 -> 16.976556
A76: F - Multa do FGTS sobre o Aviso Prévio Trabalhado (Rescisões sem justa causa) | B76: =0.08*0.4*0.9*(1+1/12+1/12+1/3*1/12) -> 0.0344 | C76: =B76*C38 -> 81.614 | D76: =B76*D38 -> 81.614
A77: Total | B77: =SUM(B71:B76) -> 0.0655 | C77: =SUM(C71:C76) -> 155.39875 | D77: =SUM(D71:D76) -> 155.39875
A79: MÓDULO 4: CUSTO DE REPOSIÇÃO DO PROFISSIONAL AUSENTE
A80: 4.1 – Substituto nas Ausências Legais | B80: Percentuais | C80: Valor (R$) | D80: Valor (R$)
A81: A – Substituto na cobertura de Férias | B81: =1/12 -> 0.083333333 | C81: =B81*(C38+C67+C77) -> 365.27692 | D81: =B81*(D38+D67+D77) -> 344.30817
A82: B – Substituto na cobertura de ausências Legais | B82: 0.0028 | C82: =B82*(C38+C67+C77) -> 12.273304 | D82: =B82*(D38+D67+D77) -> 11.568754
A83: C - Substituto na cobertura na licença-paternidade | B83: 0.0002 | C83: =B83*(C38+C67+C77) -> 0.8766646 | D83: =B83*(D38+D67+D77) -> 0.8263396
A84: D - Substituto na cobertura na ausências por acidente de trabalho | B84: ='Memória de Cálculo'!D22/30/12 -> 0 | C84: =B84*(C38+C67+C77) -> 0 | D84: =B84*(D38+D67+D77) -> 0
A85: E - Substituto na cobertura de afastamento maternidade | B85: =120/30*'Memória de Cálculo'!D32*'Memória de Cálculo'!D33 -> 0 | C85: =B85*(C38+C67+C77) -> 0 | D85: =B85*(D38+D67+D77) -> 0
A86: F - Substituto na cobertura de outras ausências (especificar) | B86: 0 | C86: =B86*(C38+C67+C77) -> 0 | D86: =B86*(D38+D67+D77) -> 0
A87: Total | B87: =SUM(B81:B86) -> 0.086333333 | C87: =SUM(C81:C86) -> 378.42689 | D87: =SUM(D81:D86) -> 356.70326
A88: 4.2 - Substituto na Intrajornada (Indenizada) | B88: Percentuais | C88: Valor (R$) | D88: Valor (R$)
A89: A - Substituto na cobertura de intervalo para repouso ou alimentação (Intrajornada indenizada de 30 (trinta) minutos) | B89: 0.5 | C89: 0 | D89: =(D38/220)*15*1.5/2 -> 121.32102
A90: Total | C90: =SUM(C89:C89) -> 0 | D90: =SUM(D89:D89) -> 121.32102
A92: 4 - Custo de Reposição do Profissional Ausente | B92: Percentuais | C92: Valor (R$) | D92: Valor (R$)
A93: 4.1 - Substituto nas ausências Legais | B93: =B87 -> 0.086333333 | C93: =C87 -> 378.42689 | D93: =D87 -> 356.70326
A94: 4.2 - Intrajornada indenizada | B94: =B89 -> 0.5 | C94: =C90 -> 0 | D94: =D90 -> 121.32102
A95: Total | C95: =SUM(C93:C94) -> 378.42689 | D95: =SUM(D93:D94) -> 478.02428
A97: MÓDULO 5: INSUMOS DIVERSOS
A98: 5 - Insumos Diversos | B98: Valores | C98: Valor (R$) | D98: Valor (R$)
A99: A - Uniformes | B99: =Insumos!J13 -> 41.683333 | C99: =B99 -> 41.683333 | D99: =B99 -> 41.683333
A100: B - Materiais | B100: =Insumos!J21 -> 10.203333 | C100: =B100 -> 10.203333 | D100: =B100/2 -> 5.1016667
A101: C – Equipamentos | C101: =B101 -> 0 | D101: =B101 -> 0
A102: D - Outros (especificar) | B102: 0 | C102: =B102 -> 0 | D102: =B102 -> 0
A103: Total | B103: =SUM(B99:B102) -> 51.886667 | C103: =SUM(C99:C102) -> 51.886667 | D103: =SUM(D99:D102) -> 46.785
A105: MÓDULO 6: CUSTOS INDIRETOS, TRIBUTOS E LUCRO
A106: 6 - Custos Indiretos, Tributos e Lucro | B106: Percentuais | C106: Valor (R$) | D106: Valor (R$)
A107: A - Custos Indiretos | B107: 0.032 | C107: =B107*(C38+C67+C77+C95+C103) -> 154.03637 | D107: =B107*(D38+D67+D77+D95+D103) -> 149.00823
A108: B - Lucro | B108: 0.0358 | C108: =B108*(C38+C67+C77+C95+C103+C107) -> 177.84269 | D108: =B108*(D38+D67+D77+D95+D103+D107) -> 172.03746
A109: C - Tributos (De acordo com o regime tributário da empresa) | B109: =SUM(B110:B114) -> 0.0865 | C109: =((C38+C67+C77+C95+C103+C107+C108)/(1-B109))*B109 -> 487.23273 | D109: =((D38+D67+D77+D95+D103+D107+D108)/(1-B109))*B109 -> 471.32822
A110: C.1.1 - Tributos Federais (PIS) | B110: 0.0065 | C110: =((C38+C67+C77+C95+C103+C107+C108)/(1-B109))*B110 -> 36.612864 | D110: =((D38+D67+D77+D95+D103+D107+D108)/(1-B109))*B110 -> 35.417728
A111: C.1.2 - Tributos Federais (COFINS) | B111: 0.03 | C111: =((C38+C67+C77+C95+C103+C107+C108)/(1-B109))*B111 -> 168.98245 | D111: =((D38+D67+D77+D95+D103+D107+D108)/(1-B109))*B111 -> 163.46644
A112: C.2 - Tributos Estaduais (especificar)
...

Sheet Goiatuba
A1: PLANILHA ESTIMATIVA
A2: Planilha de Custos e Formação de Preços para Serviços de Vigilância Ostensiva
A4: Nº do Processo: | B4: 35014.499513/2022-13
A5: Pregão Eletrônico nº | B5: =Caiapônia!B5 -> 0
A6: Data: | B6: =Caiapônia!B6 -> 0
A8: Discriminação dos Serviços (dados referentes à contratação)
A9: A – Data de apresentação da proposta (dia/mês/ano)
A10: B – Município/UF | B10: Goiatuba - GO
A11: C – Ano Acordo, Convenção ou Sentença Normativa em Dissídio Coletivo | B11: 2020/2021
A12: D – Nº de meses de execução contratual | B12: 12
A14: Identificação do Serviço
A15: Tipo de Serviço | B15: Unid. de Medida | C15: Posto de 44 h semanais (Qtde) | D15: Quant. Total a Contratar (em função da un. de medida) para 12X36 Diurnas
A16: Contratação de serviços de segurança e vigilância orgânica e patrimonial desarmada, visando atender as demandas das Gerências Executivas de Goiânia, Anápolis e DF (unidades em Goiás), conforme condições, quantidades e exigências estabelecidas no instrumento convocatório. | B16: Serviço | C16: =Resumo!E46 -> 2 | D16: =Resumo!E45 -> 0
A19: Mão de obra vinculada à execução contratual
A20: Dados para composição dos custos referente à mão de obra
A21: 1 – Tipo de serviço (mesmo serviço com características distintas) | B21: Vigilância
A22: 2 – Classificação Brasileira de Ocupações (CBO) | B22: 517330
A23: 3 – Salário Normativo da Categoria Profissional (conforme Cláusula Terceira da CCT) | B23: =Goiânia!B23 -> 1825
A24: 4 – Categoria profissional (vinculada à execução contratual) | B24: Vigilante
A25: 5 – Data base da categoria (dia/mês/ano) | B25: 01 de janeiro
A26: 6 – Numero de registro da convenção coletiva no MTE: | B26: SRT00035/2023
A28: CUSTOS | B28: Percentuais e Valores de Referência | C28: 44 horas semanais diurnas | D28: 12X36 Diurnas
A29: MÓDULO 1: COMPOSIÇÃO DA REMUNERAÇÃO
A30: 1 - Composição da Remuneração | B30: Valores/ Percentuais | C30: Valor (R$) | D30: Valor (R$)
A31: A – Salário Base (conforme Cláusula Terceira da CCT) | B31: =B23 -> 1825 | C31: =B31 -> 1825 | D31: =B31 -> 1825
A32: B - Adicional de Periculosidade | B32: 0.3 | C32: =C31*B32 -> 547.5 | D32: =D31*B32 -> 547.5
A33: C - Adicional de Insalubridade
A34: D - Adicional Noturno | C34: 0 | D34: 0
A35: E - Adicional de Hora Noturna Reduzida | C35: 0 | D35: 0
A36: F - Penosidade | C36: 0 | D36: 0
A37: G - Outros | C37: 0 | D37: 0
A38: Total | C38: =SUM(C31:C37) -> 2372.5 | D38: =SUM(D31:D37) -> 2372.5
A40: MÓDULO 2: ENCARGOS E BENEFÍCIOS ANUAIS, MENSAIS E DIÁRIOS
A41: 2.1 - 13º Salário, Férias e Adicional de Férias | B41: Percentuais | C41: Valor (R$) | D41: Valor (R$)
A42: A - 13º salário | B42: =1/12 -> 0.083333333 | C42: =B42*C38 -> 197.70833 | D42: =B42*D38 -> 197.70833
A43: B - Férias e Adicional de Férias (O custo com o valor pago ao substituto durante as férias do empregado consta na letra "A" do submódulo 4.1), (custo não renovável). | B43: =B42/3 -> 0.027777778 | C43: =B43*C38 -> 65.902778 | D43: =B43*D38 -> 65.902778
A44: Total | B44: =SUM(B42:B43) -> 0.11111111 | C44: =SUM(C42:C43) -> 263.61111 | D44: =SUM(D42:D43) -> 263.61111
A45: 2.2 - GPS, FGTS e outras contribuições (Incide sobre os Módulos 1 e 2.1) | B45: Percentuais | C45: Valor (R$) | D45: Valor (R$)
A46: A - INSS | B46: 0.2 | C46: =B46*(C38+C44) -> 527.22222 | D46: =B46*(D38+D44) -> 527.22222
A47: B - Salário Educação | B47: 0.025 | C47: =B47*(C38+C44) -> 65.902778 | D47: =B47*(D38+D44) -> 65.902778
A48: C - SAT (Utilizar o RAT Ajustado conforme GFIP: RAT x FAP) | B48: 0.03 | C48: =B48*(C38+C44) -> 79.083333 | D48: =B48*(D38+D44) -> 79.083333
A49: D - SESI ou SESC | B49: 0.015 | C49: =B49*(C38+C44) -> 39.541667 | D49: =B49*(D38+D44) -> 39.541667
A50: E - SENAI ou SENAC | B50: 0.01 | C50: =B50*(C38+C44) -> 26.361111 | D50: =B50*(D38+D44) -> 26.361111
A51: F - SEBRAE | B51: 0.006 | C51: =B51*(C38+C44) -> 15.816667 | D51: =B51*(D38+D44) -> 15.816667
A52: G - INCRA | B52: 0.002 | C52: =B52*(C38+C44) -> 5.2722222 | D52: =B52*(D38+D44) -> 5.2722222
A53: F - FGTS | B53: 0.08 | C53: =B53*(C38+C44) -> 210.88889 | D53: =B53*(D38+D44) -> 210.88889
A54: Total | B54: =SUM(B46:B53) -> 0.368 | C54: =SUM(C46:C53) -> 970.08889 | D54: =SUM(D46:D53) -> 970.08889
A55: 2.3 - Benefícios Mensais e Diários | B55: Valores/ Percentuais | C55: Valor (R$) | D55: Valor (R$)
A56: A – Auxílio Transporte (Devido por dias efetivamente trabalhado) | B56: 0 | C56: 0 | D56: 0
A57: B – Auxílio Alimentação (Jornada acima de 6 horas) | B57: ='Memória de Cálculo'!C6 -> 25 | C57: ='Memória de Cálculo'!E6 -> 594.75 | D57: ='Memória de Cálculo'!E7 -> 343.125
A58: C – Plano de Saúde Médico e Odontológico | B58: 0
A59: D – Amparo Social | B59: =Goiânia!B59 -> 16 | C59: =B59 -> 16 | D59: =C59 -> 16
A60: E – Seguro de Vida (Auxílio Morte/Alimentação) | B60: 9.55e-05 | C60: =C38*B60*26-1 -> 4.8909175 | D60: =D38*B60*26-1 -> 4.8909175
A61: F – Outros (Cesta Básica) | B61: 0.04 | C61: =C31*B61/12 -> 6.0833333 | D61: =D31*B61/12 -> 6.0833333
A62: Total | C62: =SUM(C56:C61) -> 621.72425 | D62: =SUM(D56:D61) -> 370.09925
A63: 2 - Encargos e Benefícios Anuais, Mensais e Diários | B63: Percentuais | C63: Valor (R$) | D63: Valor (R$)
A64: 2.1 - 13º Salário, Férias e Adicional de Férias | B64: =B44 -> 0.11111111 | C64: =C44 -> 263.61111 | D64: =D44 -> 263.61111
A65: 2.2 - GPS, FGTS e outras contribuições | B65: =B54 -> 0.368 | C65: =C54 -> 970.08889 | D65: =D54 -> 970.08889
A66: 2.3 - Benefícios Mensais e Diários | B66: 0 | C66: =C62 -> 621.72425 | D66: =D62 -> 370.09925
A67: Total | C67: =SUM(C64:C66) -> 1855.4243 | D67: =SUM(D64:D66) -> 1603.7993
A69: MÓDULO 3: PROVISÃO PARA RESCISÃO
A70: 3 - Provisão para Rescisão | B70: Percentuais | C70: Valor (R$) | D70: Valor (R$)
A71: A - Aviso Prévio Indenizado (Esta parcela deverá ser reduzida após o primeiro ano da contratação para o percentual máximo de 0,042%: Acórdão 1.186/2017-P) | B71: =1/12*0.05 -> 0.0041666667 | C71: =B71*C38 -> 9.8854167 | D71: =B71*D38 -> 9.8854167
A72: B - Incidência do FGTS sobre Aviso Prévio Indenizado | B72: =B53*B71 -> 0.00033333333 | C72: =B72*C38 -> 0.79083333 | D72: =B72*D38 -> 0.79083333
A73: C - Multa do FGTS e contribuições sociais sobre o Aviso Prévio Indenizado | B73: 0 | C73: =B73*C38 -> 0 | D73: =B73*D38 -> 0
A74: D - Aviso Prévio Trabalhado (Esta parcela deverá ser reduzida após o primeiro ano da contratação para o percentual máximo de 0,194%: Acórdão 1.186/2017-P) | B74: =1/30*7/12 -> 0.019444444 | C74: =B74*C38 -> 46.131944 | D74: =B74*D38 -> 46.131944
A75: E - Incidência de GPS, FGTS e outras contribuições (submódulo 2.2) sobre o Aviso Prévio Trabalhado | B75: =B54*B74 -> 0.0071555556 | C75: =B75*C38 -> 16.976556 | D75: =B75*D38 -> 16.976556
A76: F - Multa do FGTS sobre o Aviso Prévio Trabalhado (Rescisões sem justa causa) | B76: =0.08*0.4*0.9*(1+1/12+1/12+1/3*1/12) -> 0.0344 | C76: =B76*C38 -> 81.614 | D76: =B76*D38 -> 81.614
A77: Total | B77: =SUM(B71:B76) -> 0.0655 | C77: =SUM(C71:C76) -> 155.39875 | D77: =SUM(D71:D76) -> 155.39875
A79: MÓDULO 4: CUSTO DE REPOSIÇÃO DO PROFISSIONAL AUSENTE
A80: 4.1 – Substituto nas Ausências Legais | B80: Percentuais | C80: Valor (R$) | D80: Valor (R$)
A81: A – Substituto na cobertura de Férias | B81: =1/12 -> 0.083333333 | C81: =B81*(C38+C67+C77) -> 365.27692 | D81: =B81*(D38+D67+D77) -> 344.30817
A82: B – Substituto na cobertura de ausências Legais | B82: 0.0028 | C82: =B82*(C38+C67+C77) -> 12.273304 | D82: =B82*(D38+D67+D77) -> 11.568754
A83: C - Substituto na cobertura na licença-paternidade | B83: 0.0002 | C83: =B83*(C38+C67+C77) -> 0.8766646 | D83: =B83*(D38+D67+D77) -> 0.8263396
A84: D - Substituto na cobertura na ausências por acidente de trabalho | B84: ='Memória de Cálculo'!D22/30/12 -> 0 | C84: =B84*(C38+C67+C77) -> 0 | D84: =B84*(D38+D67+D77) -> 0
A85: E - Substituto na cobertura de afastamento maternidade | B85: =120/30*'Memória de Cálculo'!D32*'Memória de Cálculo'!D33 -> 0 | C85: =B85*(C38+C67+C77) -> 0 | D85: =B85*(D38+D67+D77) -> 0
A86: F - Substituto na cobertura de outras ausências (especificar) | B86: 0 | C86: =B86*(C38+C67+C77) -> 0 | D86: =B86*(D38+D67+D77) -> 0
A87: Total | B87: =SUM(B81:B86) -> 0.086333333 | C87: =SUM(C81:C86) -> 378.42689 | D87: =SUM(D81:D86) -> 356.70326
A88: 4.2 - Substituto na Intrajornada (Indenizada) | B88: Percentuais | C88: Valor (R$) | D88: Valor (R$)
A89: A - Substituto na cobertura de intervalo para repouso ou alimentação (Intrajornada indenizada de 30 (trinta) minutos) | B89: 0.5 | C89: 0 | D89: =(D38/220)*15*1.5/2 -> 121.32102
A90: Total | C90: =SUM(C89:C89) -> 0 | D90: =SUM(D89:D89) -> 121.32102
A92: 4 - Custo de Reposição do Profissional Ausente | B92: Percentuais | C92: Valor (R$) | D92: Valor (R$)
A93: 4.1 - Substituto nas ausências Legais | B93: =B87 -> 0.086333333 | C93: =C87 -> 378.42689 | D93: =D87 -> 356.70326
A94: 4.2 - Intrajornada indenizada | B94: =B89 -> 0.5 | C94: =C90 -> 0 | D94: =D90 -> 121.32102
A95: Total | C95: =SUM(C93:C94) -> 378.42689 | D95: =SUM(D93:D94) -> 478.02428
A97: MÓDULO 5: INSUMOS DIVERSOS
A98: 5 - Insumos Diversos | B98: Valores | C98: Valor (R$) | D98: Valor (R$)
A99: A - Uniformes | B99: =Insumos!J13 -> 41.683333 | C99: =B99 -> 41.683333 | D99: =B99 -> 41.683333
A100: B - Materiais | B100: =Insumos!J21 -> 10.203333 | C100: =B100 -> 10.203333 | D100: =B100/2 -> 5.1016667
A101: C – Equipamentos | C101: =B101 -> 0 | D101: =B101 -> 0
A102: D - Outros (especificar) | B102: 0 | C102: =B102 -> 0 | D102: =B102 -> 0
A103: Total | B103: =SUM(B99:B102) -> 51.886667 | C103: =SUM(C99:C102) -> 51.886667 | D103: =SUM(D99:D102) -> 46.785
A105: MÓDULO 6: CUSTOS INDIRETOS, TRIBUTOS E LUCRO
A106: 6 - Custos Indiretos, Tributos e Lucro | B106: Percentuais | C106: Valor (R$) | D106: Valor (R$)
A107: A - Custos Indiretos | B107: 0.032 | C107: =B107*(C38+C67+C77+C95+C103) -> 154.03637 | D107: =B107*(D38+D67+D77+D95+D103) -> 149.00823
A108: B - Lucro | B108: 0.0358 | C108: =B108*(C38+C67+C77+C95+C103+C107) -> 177.84269 | D108: =B108*(D38+D67+D77+D95+D103+D107) -> 172.03746
A109: C - Tributos (De acordo com o regime tributário da empresa) | B109: =SUM(B110:B114) -> 0.0665 | C109: =((C38+C67+C77+C95+C103+C107+C108)/(1-B109))*B109 -> 366.55253 | D109: =((D38+D67+D77+D95+D103+D107+D108)/(1-B109))*B109 -> 354.58733
A110: C.1.1 - Tributos Federais (PIS) | B110: 0.0065 | C110: =((C38+C67+C77+C95+C103+C107+C108)/(1-B109))*B110 -> 35.828443 | D110: =((D38+D67+D77+D95+D103+D107+D108)/(1-B109))*B110 -> 34.658912
A111: C.1.2 - Tributos Federais (COFINS) | B111: 0.03 | C111: =((C38+C67+C77+C95+C103+C107+C108)/(1-B109))*B111 -> 165.36204 | D111: =((D38+D67+D77+D95+D103+D107+D108)/(1-B109))*B111 -> 159.96421
A112: C.2 - Tributos Estaduais (especificar)
...

Sheet Iporá
A1: PLANILHA ESTIMATIVA
A2: Planilha de Custos e Formação de Preços para Serviços de Vigilância Ostensiva
A4: Nº do Processo: | B4: 35014.499513/2022-13
A5: Pregão Eletrônico nº | B5: =Goiatuba!B5 -> 0
A6: Data: | B6: =Goiatuba!B6 -> 0
A8: Discriminação dos Serviços (dados referentes à contratação)
A9: A – Data de apresentação da proposta (dia/mês/ano)
A10: B – Município/UF | B10: Iporá - GO
A11: C – Ano Acordo, Convenção ou Sentença Normativa em Dissídio Coletivo | B11: 2021/2022
A12: D – Nº de meses de execução contratual | B12: 12
A14: Identificação do Serviço
A15: Tipo de Serviço | B15: Unid. de Medida | C15: Posto de 44 h semanais (Qtde) | D15: Quant. Total a Contratar (em função da un. de medida) para 12X36 Diurnas
A16: Contratação de serviços de segurança e vigilância orgânica e patrimonial desarmada, visando atender as demandas das Gerências Executivas de Goiânia, Anápolis e DF (unidades em Goiás), conforme condições, quantidades e exigências estabelecidas no instrumento convocatório. | B16: Serviço | C16: =Resumo!E49 -> 2 | D16: =Resumo!E48 -> 0
A19: Mão de obra vinculada à execução contratual
A20: Dados para composição dos custos referente à mão de obra
A21: 1 – Tipo de serviço (mesmo serviço com características distintas) | B21: Vigilância
A22: 2 – Classificação Brasileira de Ocupações (CBO) | B22: 517330
A23: 3 – Salário Normativo da Categoria Profissional (conforme Cláusula Terceira da CCT) | B23: =Jataí!B23 -> 1825
A24: 4 – Categoria profissional (vinculada à execução contratual) | B24: Vigilante
A25: 5 – Data base da categoria (dia/mês/ano) | B25: 01 de janeiro
A26: 6 – Numero de registro da convenção coletiva no MTE: | B26: GO000846/2022
A28: CUSTOS | B28: Percentuais e Valores de Referência | C28: 44 horas semanais diurnas | D28: 12X36 Diurnas
A29: MÓDULO 1: COMPOSIÇÃO DA REMUNERAÇÃO
A30: 1 - Composição da Remuneração | B30: Valores/ Percentuais | C30: Valor (R$) | D30: Valor (R$)
A31: A – Salário Base (conforme Cláusula Terceira da CCT) | B31: =B23 -> 1825 | C31: =B31 -> 1825 | D31: =B31 -> 1825
A32: B - Adicional de Periculosidade | B32: 0.3 | C32: =C31*B32 -> 547.5 | D32: =D31*B32 -> 547.5
A33: C - Adicional de Insalubridade
A34: D - Adicional Noturno | C34: 0 | D34: 0
A35: E - Adicional de Hora Noturna Reduzida | C35: 0 | D35: 0
A36: F - Penosidade | C36: 0 | D36: 0
A37: G - Outros | C37: 0 | D37: 0
A38: Total | C38: =SUM(C31:C37) -> 2372.5 | D38: =SUM(D31:D37) -> 2372.5
A40: MÓDULO 2: ENCARGOS E BENEFÍCIOS ANUAIS, MENSAIS E DIÁRIOS
A41: 2.1 - 13º Salário, Férias e Adicional de Férias | B41: Percentuais | C41: Valor (R$) | D41: Valor (R$)
A42: A - 13º salário | B42: =1/12 -> 0.083333333 | C42: =B42*C38 -> 197.70833 | D42: =B42*D38 -> 197.70833
A43: B - Férias e Adicional de Férias (O custo com o valor pago ao substituto durante as férias do empregado consta na letra "A" do submódulo 4.1), (custo não renovável). | B43: =B42/3 -> 0.027777778 | C43: =B43*C38 -> 65.902778 | D43: =B43*D38 -> 65.902778
A44: Total | B44: =SUM(B42:B43) -> 0.11111111 | C44: =SUM(C42:C43) -> 263.61111 | D44: =SUM(D42:D43) -> 263.61111
A45: 2.2 - GPS, FGTS e outras contribuições (Incide sobre os Módulos 1 e 2.1) | B45: Percentuais | C45: Valor (R$) | D45: Valor (R$)
A46: A - INSS | B46: 0.2 | C46: =B46*(C38+C44) -> 527.22222 | D46: =B46*(D38+D44) -> 527.22222
A47: B - Salário Educação | B47: 0.025 | C47: =B47*(C38+C44) -> 65.902778 | D47: =B47*(D38+D44) -> 65.902778
A48: C - SAT (Utilizar o RAT Ajustado conforme GFIP: RAT x FAP) | B48: 0.03 | C48: =B48*(C38+C44) -> 79.083333 | D48: =B48*(D38+D44) -> 79.083333
A49: D - SESI ou SESC | B49: 0.015 | C49: =B49*(C38+C44) -> 39.541667 | D49: =B49*(D38+D44) -> 39.541667
A50: E - SENAI ou SENAC | B50: 0.01 | C50: =B50*(C38+C44) -> 26.361111 | D50: =B50*(D38+D44) -> 26.361111
A51: F - SEBRAE | B51: 0.006 | C51: =B51*(C38+C44) -> 15.816667 | D51: =B51*(D38+D44) -> 15.816667
A52: G - INCRA | B52: 0.002 | C52: =B52*(C38+C44) -> 5.2722222 | D52: =B52*(D38+D44) -> 5.2722222
A53: F - FGTS | B53: 0.08 | C53: =B53*(C38+C44) -> 210.88889 | D53: =B53*(D38+D44) -> 210.88889
A54: Total | B54: =SUM(B46:B53) -> 0.368 | C54: =SUM(C46:C53) -> 970.08889 | D54: =SUM(D46:D53) -> 970.08889
A55: 2.3 - Benefícios Mensais e Diários | B55: Valores/ Percentuais | C55: Valor (R$) | D55: Valor (R$)
A56: A – Auxílio Transporte (Devido por dias efetivamente trabalhado) | B56: 0 | C56: 0 | D56: 0
A57: B – Auxílio Alimentação (Jornada acima de 6 horas) | B57: ='Memória de Cálculo'!C6 -> 25 | C57: ='Memória de Cálculo'!E6 -> 594.75 | D57: ='Memória de Cálculo'!E7 -> 343.125
A58: C – Plano de Saúde Médico e Odontológico | B58: 0
A59: D – Amparo Social | B59: =Jataí!$B59 -> 16 | C59: =B59 -> 16 | D59: =C59 -> 16
A60: E – Seguro de Vida (Auxílio Morte/Alimentação) | B60: 9.55e-05 | C60: =C38*B60*26-1 -> 4.8909175 | D60: =D38*B60*26-1 -> 4.8909175
A61: F – Outros (Cesta Básica) | B61: 0.04 | C61: =C31*B61/12 -> 6.0833333 | D61: =D31*B61/12 -> 6.0833333
A62: Total | C62: =SUM(C56:C61) -> 621.72425 | D62: =SUM(D56:D61) -> 370.09925
A63: 2 - Encargos e Benefícios Anuais, Mensais e Diários | B63: Percentuais | C63: Valor (R$) | D63: Valor (R$)
A64: 2.1 - 13º Salário, Férias e Adicional de Férias | B64: =B44 -> 0.11111111 | C64: =C44 -> 263.61111 | D64: =D44 -> 263.61111
A65: 2.2 - GPS, FGTS e outras contribuições | B65: =B54 -> 0.368 | C65: =C54 -> 970.08889 | D65: =D54 -> 970.08889
A66: 2.3 - Benefícios Mensais e Diários | B66: 0 | C66: =C62 -> 621.72425 | D66: =D62 -> 370.09925
A67: Total | C67: =SUM(C64:C66) -> 1855.4243 | D67: =SUM(D64:D66) -> 1603.7993
A69: MÓDULO 3: PROVISÃO PARA RESCISÃO
A70: 3 - Provisão para Rescisão | B70: Percentuais | C70: Valor (R$) | D70: Valor (R$)
A71: A - Aviso Prévio Indenizado (Esta parcela deverá ser reduzida após o primeiro ano da contratação para o percentual máximo de 0,042%: Acórdão 1.186/2017-P) | B71: =1/12*0.05 -> 0.0041666667 | C71: =B71*C38 -> 9.8854167 | D71: =B71*D38 -> 9.8854167
A72: B - Incidência do FGTS sobre Aviso Prévio Indenizado | B72: =B53*B71 -> 0.00033333333 | C72: =B72*C38 -> 0.79083333 | D72: =B72*D38 -> 0.79083333
A73: C - Multa do FGTS e contribuições sociais sobre o Aviso Prévio Indenizado | B73: 0 | C73: =B73*C38 -> 0 | D73: =B73*D38 -> 0
A74: D - Aviso Prévio Trabalhado (Esta parcela deverá ser reduzida após o primeiro ano da contratação para o percentual máximo de 0,194%: Acórdão 1.186/2017-P) | B74: =1/30*7/12 -> 0.019444444 | C74: =B74*C38 -> 46.131944 | D74: =B74*D38 -> 46.131944
A75: E - Incidência de GPS, FGTS e outras contribuições (submódulo 2.2) sobre o Aviso Prévio Trabalhado | B75: =B54*B74 -> 0.0071555556 | C75: =B75*C38 -> 16.976556 | D75: =B75*D38 -> 16.976556
A76: F - Multa do FGTS sobre o Aviso Prévio Trabalhado (Rescisões sem justa causa) | B76: =0.08*0.4*0.9*(1+1/12+1/12+1/3*1/12) -> 0.0344 | C76: =B76*C38 -> 81.614 | D76: =B76*D38 -> 81.614
A77: Total | B77: =SUM(B71:B76) -> 0.0655 | C77: =SUM(C71:C76) -> 155.39875 | D77: =SUM(D71:D76) -> 155.39875
A79: MÓDULO 4: CUSTO DE REPOSIÇÃO DO PROFISSIONAL AUSENTE
A80: 4.1 – Substituto nas Ausências Legais | B80: Percentuais | C80: Valor (R$) | D80: Valor (R$)
A81: A – Substituto na cobertura de Férias | B81: =1/12 -> 0.083333333 | C81: =B81*(C38+C67+C77) -> 365.27692 | D81: =B81*(D38+D67+D77) -> 344.30817
A82: B – Substituto na cobertura de ausências Legais | B82: 0.0028 | C82: =B82*(C38+C67+C77) -> 12.273304 | D82: =B82*(D38+D67+D77) -> 11.568754
A83: C - Substituto na cobertura na licença-paternidade | B83: 0.0002 | C83: =B83*(C38+C67+C77) -> 0.8766646 | D83: =B83*(D38+D67+D77) -> 0.8263396
A84: D - Substituto na cobertura na ausências por acidente de trabalho | B84: ='Memória de Cálculo'!D22/30/12 -> 0 | C84: =B84*(C38+C67+C77) -> 0 | D84: =B84*(D38+D67+D77) -> 0
A85: E - Substituto na cobertura de afastamento maternidade | B85: =120/30*'Memória de Cálculo'!D32*'Memória de Cálculo'!D33 -> 0 | C85: =B85*(C38+C67+C77) -> 0 | D85: =B85*(D38+D67+D77) -> 0
A86: F - Substituto na cobertura de outras ausências (especificar) | B86: 0 | C86: =B86*(C38+C67+C77) -> 0 | D86: =B86*(D38+D67+D77) -> 0
A87: Total | B87: =SUM(B81:B86) -> 0.086333333 | C87: =SUM(C81:C86) -> 378.42689 | D87: =SUM(D81:D86) -> 356.70326
A88: 4.2 - Substituto na Intrajornada (Indenizada) | B88: Percentuais | C88: Valor (R$) | D88: Valor (R$)
A89: A - Substituto na cobertura de intervalo para repouso ou alimentação (Intrajornada indenizada de 30 (trinta) minutos) | B89: 0.5 | C89: 0 | D89: =(D38/220)*15*1.5/2 -> 121.32102
A90: Total | C90: =SUM(C89:C89) -> 0 | D90: =SUM(D89:D89) -> 121.32102
A92: 4 - Custo de Reposição do Profissional Ausente | B92: Percentuais | C92: Valor (R$) | D92: Valor (R$)
A93: 4.1 - Substituto nas ausências Legais | B93: =B87 -> 0.086333333 | C93: =C87 -> 378.42689 | D93: =D87 -> 356.70326
A94: 4.2 - Intrajornada indenizada | B94: =B89 -> 0.5 | C94: =C90 -> 0 | D94: =D90 -> 121.32102
A95: Total | C95: =SUM(C93:C94) -> 378.42689 | D95: =SUM(D93:D94) -> 478.02428
A97: MÓDULO 5: INSUMOS DIVERSOS
A98: 5 - Insumos Diversos | B98: Valores | C98: Valor (R$) | D98: Valor (R$)
A99: A - Uniformes | B99: =Insumos!J13 -> 41.683333 | C99: =B99 -> 41.683333 | D99: =B99 -> 41.683333
A100: B - Materiais | B100: =Insumos!J21 -> 10.203333 | C100: =B100 -> 10.203333 | D100: =B100/2 -> 5.1016667
A101: C – Equipamentos | C101: =B101 -> 0 | D101: =B101 -> 0
A102: D - Outros (especificar) | B102: 0 | C102: =B102 -> 0 | D102: =B102 -> 0
A103: Total | B103: =SUM(B99:B102) -> 51.886667 | C103: =SUM(C99:C102) -> 51.886667 | D103: =SUM(D99:D102) -> 46.785
A105: MÓDULO 6: CUSTOS INDIRETOS, TRIBUTOS E LUCRO
A106: 6 - Custos Indiretos, Tributos e Lucro | B106: Percentuais | C106: Valor (R$) | D106: Valor (R$)
A107: A - Custos Indiretos | B107: 0.032 | C107: =B107*(C38+C67+C77+C95+C103) -> 154.03637 | D107: =B107*(D38+D67+D77+D95+D103) -> 149.00823
A108: B - Lucro | B108: 0.0358 | C108: =B108*(C38+C67+C77+C95+C103+C107) -> 177.84269 | D108: =B108*(D38+D67+D77+D95+D103+D107) -> 172.03746
A109: C - Tributos (De acordo com o regime tributário da empresa) | B109: =SUM(B110:B114) -> 0.0615 | C109: =((C38+C67+C77+C95+C103+C107+C108)/(1-B109))*B109 -> 337.18616 | D109: =((D38+D67+D77+D95+D103+D107+D108)/(1-B109))*B109 -> 326.17955
A110: C.1.1 - Tributos Federais (PIS) | B110: 0.0065 | C110: =((C38+C67+C77+C95+C103+C107+C108)/(1-B109))*B110 -> 35.637562 | D110: =((D38+D67+D77+D95+D103+D107+D108)/(1-B109))*B110 -> 34.474261
A111: C.1.2 - Tributos Federais (COFINS) | B111: 0.03 | C111: =((C38+C67+C77+C95+C103+C107+C108)/(1-B109))*B111 -> 164.48105 | D111: =((D38+D67+D77+D95+D103+D107+D108)/(1-B109))*B111 -> 159.11198
A112: C.2 - Tributos Estaduais (especificar)
...

Sheet Itumbiara
A1: PLANILHA ESTIMATIVA
A2: Planilha de Custos e Formação de Preços para Serviços de Vigilância Ostensiva
A4: Nº do Processo: | B4: 35014.499513/2022-13
A5: Pregão Eletrônico nº | B5: =Iporá!B5 -> 0
A6: Data: | B6: =Iporá!B6 -> 0
A8: Discriminação dos Serviços (dados referentes à contratação)
A9: A – Data de apresentação da proposta (dia/mês/ano)
A10: B – Município/UF | B10: Itumbiara - GO
A11: C – Ano Acordo, Convenção ou Sentença Normativa em Dissídio Coletivo | B11: 2020/2021
A12: D – Nº de meses de execução contratual | B12: 12
A14: Identificação do Serviço
A15: Tipo de Serviço | B15: Unid. de Medida | C15: Posto de 44 h semanais (Qtde) | D15: Quant. Total a Contratar (em função da un. de medida) para 12X36 Diurnas
A16: Contratação de serviços de segurança e vigilância orgânica e patrimonial desarmada, visando atender as demandas das Gerências Executivas de Goiânia, Anápolis e DF (unidades em Goiás), conforme condições, quantidades e exigências estabelecidas no instrumento convocatório. | B16: Serviço | C16: =Resumo!E52 -> 2 | D16: =Resumo!E51 -> 0
A19: Mão de obra vinculada à execução contratual
A20: Dados para composição dos custos referente à mão de obra
A21: 1 – Tipo de serviço (mesmo serviço com características distintas) | B21: Vigilância
A22: 2 – Classificação Brasileira de Ocupações (CBO) | B22: 517330
A23: 3 – Salário Normativo da Categoria Profissional (em 01/01/2021 o reajuste dos salários normativos é de 4,77%, conforme paragrafos quarto e quinto da Cláusula Terceira da CCT) | B23: =Goiânia!B23 -> 1825
A24: 4 – Categoria profissional (vinculada à execução contratual) | B24: Vigilante
A25: 5 – Data base da categoria (dia/mês/ano) | B25: 01 de janeiro
A26: 6 – Numero de registro da convenção coletiva no MTE: | B26: SRT00035/2023
A28: CUSTOS | B28: Percentuais e Valores de Referência | C28: 44 horas semanais diurnas | D28: 12X36 Diurnas
A29: MÓDULO 1: COMPOSIÇÃO DA REMUNERAÇÃO
A30: 1 - Composição da Remuneração | B30: Valores/ Percentuais | C30: Valor (R$) | D30: Valor (R$)
A31: A – Salário Base (conforme Cláusula Terceira da CCT) | B31: =B23 -> 1825 | C31: =B31 -> 1825 | D31: =B31 -> 1825
A32: B - Adicional de Periculosidade | B32: 0.3 | C32: =C31*B32 -> 547.5 | D32: =D31*B32 -> 547.5
A33: C - Adicional de Insalubridade
A34: D - Adicional Noturno | C34: 0 | D34: 0
A35: E - Adicional de Hora Noturna Reduzida | C35: 0 | D35: 0
A36: F - Penosidade | C36: 0 | D36: 0
A37: G - Outros | C37: 0 | D37: 0
A38: Total | C38: =SUM(C31:C37) -> 2372.5 | D38: =SUM(D31:D37) -> 2372.5
A40: MÓDULO 2: ENCARGOS E BENEFÍCIOS ANUAIS, MENSAIS E DIÁRIOS
A41: 2.1 - 13º Salário, Férias e Adicional de Férias | B41: Percentuais | C41: Valor (R$) | D41: Valor (R$)
A42: A - 13º salário | B42: =1/12 -> 0.083333333 | C42: =B42*C38 -> 197.70833 | D42: =B42*D38 -> 197.70833
A43: B - Férias e Adicional de Férias (O custo com o valor pago ao substituto durante as férias do empregado consta na letra "A" do submódulo 4.1), (custo não renovável). | B43: =B42/3 -> 0.027777778 | C43: =B43*C38 -> 65.902778 | D43: =B43*D38 -> 65.902778
A44: Total | B44: =SUM(B42:B43) -> 0.11111111 | C44: =SUM(C42:C43) -> 263.61111 | D44: =SUM(D42:D43) -> 263.61111
A45: 2.2 - GPS, FGTS e outras contribuições (Incide sobre os Módulos 1 e 2.1) | B45: Percentuais | C45: Valor (R$) | D45: Valor (R$)
A46: A - INSS | B46: 0.2 | C46: =B46*(C38+C44) -> 527.22222 | D46: =B46*(D38+D44) -> 527.22222
A47: B - Salário Educação | B47: 0.025 | C47: =B47*(C38+C44) -> 65.902778 | D47: =B47*(D38+D44) -> 65.902778
A48: C - SAT (Utilizar o RAT Ajustado conforme GFIP: RAT x FAP) | B48: 0.03 | C48: =B48*(C38+C44) -> 79.083333 | D48: =B48*(D38+D44) -> 79.083333
A49: D - SESI ou SESC | B49: 0.015 | C49: =B49*(C38+C44) -> 39.541667 | D49: =B49*(D38+D44) -> 39.541667
A50: E - SENAI ou SENAC | B50: 0.01 | C50: =B50*(C38+C44) -> 26.361111 | D50: =B50*(D38+D44) -> 26.361111
A51: F - SEBRAE | B51: 0.006 | C51: =B51*(C38+C44) -> 15.816667 | D51: =B51*(D38+D44) -> 15.816667
A52: G - INCRA | B52: 0.002 | C52: =B52*(C38+C44) -> 5.2722222 | D52: =B52*(D38+D44) -> 5.2722222
A53: F - FGTS | B53: 0.08 | C53: =B53*(C38+C44) -> 210.88889 | D53: =B53*(D38+D44) -> 210.88889
A54: Total | B54: =SUM(B46:B53) -> 0.368 | C54: =SUM(C46:C53) -> 970.08889 | D54: =SUM(D46:D53) -> 970.08889
A55: 2.3 - Benefícios Mensais e Diários | B55: Valores/ Percentuais | C55: Valor (R$) | D55: Valor (R$)
A56: A – Auxílio Transporte (Devido por dias efetivamente trabalhado) | B56: 3 | C56: =(B56*26*2)-(C31*0.06) -> 46.5 | D56: 0
A57: B – Auxílio Alimentação (Jornada acima de 6 horas) | B57: ='Memória de Cálculo'!C6 -> 25 | C57: ='Memória de Cálculo'!E6 -> 594.75 | D57: ='Memória de Cálculo'!E7 -> 343.125
A58: C – Plano de Saúde Médico e Odontológico | B58: 0
A59: D – Amparo Social | B59: =Goiânia!B59 -> 16 | C59: =B59 -> 16 | D59: =C59 -> 16
A60: E – Seguro de Vida (Auxílio Morte/Alimentação) | B60: 9.55e-05 | C60: =C38*B60*26-1 -> 4.8909175 | D60: =D38*B60*26-1 -> 4.8909175
A61: F – Outros (Cesta Básica) | B61: 0.04 | C61: =C31*B61/12 -> 6.0833333 | D61: =D31*B61/12 -> 6.0833333
A62: Total | C62: =SUM(C56:C61) -> 668.22425 | D62: =SUM(D56:D61) -> 370.09925
A63: 2 - Encargos e Benefícios Anuais, Mensais e Diários | B63: Percentuais | C63: Valor (R$) | D63: Valor (R$)
A64: 2.1 - 13º Salário, Férias e Adicional de Férias | B64: =B44 -> 0.11111111 | C64: =C44 -> 263.61111 | D64: =D44 -> 263.61111
A65: 2.2 - GPS, FGTS e outras contribuições | B65: =B54 -> 0.368 | C65: =C54 -> 970.08889 | D65: =D54 -> 970.08889
A66: 2.3 - Benefícios Mensais e Diários | B66: 0 | C66: =C62 -> 668.22425 | D66: =D62 -> 370.09925
A67: Total | C67: =SUM(C64:C66) -> 1901.9243 | D67: =SUM(D64:D66) -> 1603.7993
A69: MÓDULO 3: PROVISÃO PARA RESCISÃO
A70: 3 - Provisão para Rescisão | B70: Percentuais | C70: Valor (R$) | D70: Valor (R$)
A71: A - Aviso Prévio Indenizado (Esta parcela deverá ser reduzida após o primeiro ano da contratação para o percentual máximo de 0,042%: Acórdão 1.186/2017-P) | B71: =1/12*0.05 -> 0.0041666667 | C71: =B71*C38 -> 9.8854167 | D71: =B71*D38 -> 9.8854167
A72: B - Incidência do FGTS sobre Aviso Prévio Indenizado | B72: =B53*B71 -> 0.00033333333 | C72: =B72*C38 -> 0.79083333 | D72: =B72*D38 -> 0.79083333
A73: C - Multa do FGTS e contribuições sociais sobre o Aviso Prévio Indenizado | B73: 0 | C73: =B73*C38 -> 0 | D73: =B73*D38 -> 0
A74: D - Aviso Prévio Trabalhado (Esta parcela deverá ser reduzida após o primeiro ano da contratação para o percentual máximo de 0,194%: Acórdão 1.186/2017-P) | B74: =1/30*7/12 -> 0.019444444 | C74: =B74*C38 -> 46.131944 | D74: =B74*D38 -> 46.131944
A75: E - Incidência de GPS, FGTS e outras contribuições (submódulo 2.2) sobre o Aviso Prévio Trabalhado | B75: =B54*B74 -> 0.0071555556 | C75: =B75*C38 -> 16.976556 | D75: =B75*D38 -> 16.976556
A76: F - Multa do FGTS sobre o Aviso Prévio Trabalhado (Rescisões sem justa causa) | B76: =0.08*0.4*0.9*(1+1/12+1/12+1/3*1/12) -> 0.0344 | C76: =B76*C38 -> 81.614 | D76: =B76*D38 -> 81.614
A77: Total | B77: =SUM(B71:B76) -> 0.0655 | C77: =SUM(C71:C76) -> 155.39875 | D77: =SUM(D71:D76) -> 155.39875
A79: MÓDULO 4: CUSTO DE REPOSIÇÃO DO PROFISSIONAL AUSENTE
A80: 4.1 – Substituto nas Ausências Legais | B80: Percentuais | C80: Valor (R$) | D80: Valor (R$)
A81: A – Substituto na cobertura de Férias | B81: =1/12 -> 0.083333333 | C81: =B81*(C38+C67+C77) -> 369.15192 | D81: =B81*(D38+D67+D77) -> 344.30817
A82: B – Substituto na cobertura de ausências Legais | B82: 0.0028 | C82: =B82*(C38+C67+C77) -> 12.403504 | D82: =B82*(D38+D67+D77) -> 11.568754
A83: C - Substituto na cobertura na licença-paternidade | B83: 0.0002 | C83: =B83*(C38+C67+C77) -> 0.8859646 | D83: =B83*(D38+D67+D77) -> 0.8263396
A84: D - Substituto na cobertura na ausências por acidente de trabalho | B84: ='Memória de Cálculo'!D22/30/12 -> 0 | C84: =B84*(C38+C67+C77) -> 0 | D84: =B84*(D38+D67+D77) -> 0
A85: E - Substituto na cobertura de afastamento maternidade | B85: =120/30*'Memória de Cálculo'!D32*'Memória de Cálculo'!D33 -> 0 | C85: =B85*(C38+C67+C77) -> 0 | D85: =B85*(D38+D67+D77) -> 0
A86: F - Substituto na cobertura de outras ausências (especificar) | B86: 0 | C86: =B86*(C38+C67+C77) -> 0 | D86: =B86*(D38+D67+D77) -> 0
A87: Total | B87: =SUM(B81:B86) -> 0.086333333 | C87: =SUM(C81:C86) -> 382.44139 | D87: =SUM(D81:D86) -> 356.70326
A88: 4.2 - Substituto na Intrajornada (Indenizada) | B88: Percentuais | C88: Valor (R$) | D88: Valor (R$)
A89: A - Substituto na cobertura de intervalo para repouso ou alimentação (Intrajornada indenizada de 30 (trinta) minutos) | B89: 0.5 | C89: 0 | D89: =(D38/220)*15*1.5/2 -> 121.32102
A90: Total | C90: =SUM(C89:C89) -> 0 | D90: =SUM(D89:D89) -> 121.32102
A92: 4 - Custo de Reposição do Profissional Ausente | B92: Percentuais | C92: Valor (R$) | D92: Valor (R$)
A93: 4.1 - Substituto nas ausências Legais | B93: =B87 -> 0.086333333 | C93: =C87 -> 382.44139 | D93: =D87 -> 356.70326
A94: 4.2 - Intrajornada indenizada | B94: =B89 -> 0.5 | C94: =C90 -> 0 | D94: =D90 -> 121.32102
A95: Total | C95: =SUM(C93:C94) -> 382.44139 | D95: =SUM(D93:D94) -> 478.02428
A97: MÓDULO 5: INSUMOS DIVERSOS
A98: 5 - Insumos Diversos | B98: Valores | C98: Valor (R$) | D98: Valor (R$)
A99: A - Uniformes | B99: =Insumos!J13 -> 41.683333 | C99: =B99 -> 41.683333 | D99: =B99 -> 41.683333
A100: B - Materiais | B100: =Insumos!J21 -> 10.203333 | C100: =B100 -> 10.203333 | D100: =B100/2 -> 5.1016667
A101: C – Equipamentos | C101: =B101 -> 0 | D101: =B101 -> 0
A102: D - Outros (especificar) | B102: 0 | C102: =B102 -> 0 | D102: =B102 -> 0
A103: Total | B103: =SUM(B99:B102) -> 51.886667 | C103: =SUM(C99:C102) -> 51.886667 | D103: =SUM(D99:D102) -> 46.785
A105: MÓDULO 6: CUSTOS INDIRETOS, TRIBUTOS E LUCRO
A106: 6 - Custos Indiretos, Tributos e Lucro | B106: Percentuais | C106: Valor (R$) | D106: Valor (R$)
A107: A - Custos Indiretos | B107: 0.032 | C107: =B107*(C38+C67+C77+C95+C103) -> 155.65283 | D107: =B107*(D38+D67+D77+D95+D103) -> 149.00823
A108: B - Lucro | B108: 0.0358 | C108: =B108*(C38+C67+C77+C95+C103+C107) -> 179.70898 | D108: =B108*(D38+D67+D77+D95+D103+D107) -> 172.03746
A109: C - Tributos (De acordo com o regime tributário da empresa) | B109: =SUM(B110:B114) -> 0.0665 | C109: =((C38+C67+C77+C95+C103+C107+C108)/(1-B109))*B109 -> 370.39915 | D109: =((D38+D67+D77+D95+D103+D107+D108)/(1-B109))*B109 -> 354.58733
A110: C.1.1 - Tributos Federais (PIS) | B110: 0.0065 | C110: =((C38+C67+C77+C95+C103+C107+C108)/(1-B109))*B110 -> 36.204428 | D110: =((D38+D67+D77+D95+D103+D107+D108)/(1-B109))*B110 -> 34.658912
A111: C.1.2 - Tributos Federais (COFINS) | B111: 0.03 | C111: =((C38+C67+C77+C95+C103+C107+C108)/(1-B109))*B111 -> 167.09736 | D111: =((D38+D67+D77+D95+D103+D107+D108)/(1-B109))*B111 -> 159.96421
A112: C.2 - Tributos Estaduais (especificar)
...

Sheet Jataí
A1: PLANILHA ESTIMATIVA
A2: Planilha de Custos e Formação de Preços para Serviços de Vigilância Ostensiva
A4: Nº do Processo: | B4: 35014.499513/2022-13
A5: Pregão Eletrônico nº | B5: =Itumbiara!B5 -> 0
A6: Data: | B6: =Itumbiara!B6 -> 0
A8: Discriminação dos Serviços (dados referentes à contratação)
A9: A – Data de apresentação da proposta (dia/mês/ano)
A10: B – Município/UF | B10: Jataí - GO
A11: C – Ano Acordo, Convenção ou Sentença Normativa em Dissídio Coletivo | B11: 2021/2022
A12: D – Nº de meses de execução contratual | B12: 12
A14: Identificação do Serviço
A15: Tipo de Serviço | B15: Unid. de Medida | C15: Posto de 44 h semanais (Qtde) | D15: Quant. Total a Contratar (em função da un. de medida) para 12X36 Diurnas
A16: Contratação de serviços de segurança e vigilância orgânica e patrimonial desarmada, visando atender as demandas das Gerências Executivas de Goiânia, Anápolis e DF (unidades em Goiás), conforme condições, quantidades e exigências estabelecidas no instrumento convocatório. | B16: Serviço | C16: =Resumo!E55 -> 2 | D16: =Resumo!E54 -> 0
A19: Mão de obra vinculada à execução contratual
A20: Dados para composição dos custos referente à mão de obra
A21: 1 – Tipo de serviço (mesmo serviço com características distintas) | B21: Vigilância
A22: 2 – Classificação Brasileira de Ocupações (CBO) | B22: 517330
A23: 3 – Salário Normativo da Categoria Profissional (conforme Cláusula Terceira da CCT) | B23: 1825
A24: 4 – Categoria profissional (vinculada à execução contratual) | B24: Vigilante
A25: 5 – Data base da categoria (dia/mês/ano) | B25: 01 de janeiro
A26: 6 – Numero de registro da convenção coletiva no MTE: | B26: GO000846/2022
A28: CUSTOS | B28: Percentuais e Valores de Referência | C28: 44 horas semanais diurnas | D28: 12X36 Diurnas
A29: MÓDULO 1: COMPOSIÇÃO DA REMUNERAÇÃO
A30: 1 - Composição da Remuneração | B30: Valores/ Percentuais | C30: Valor (R$) | D30: Valor (R$)
A31: A – Salário Base (conforme Cláusula Terceira da CCT) | B31: =B23 -> 1825 | C31: =B31 -> 1825 | D31: =B31 -> 1825
A32: B - Adicional de Periculosidade | B32: 0.3 | C32: =C31*B32 -> 547.5 | D32: =D31*B32 -> 547.5
A33: C - Adicional de Insalubridade
A34: D - Adicional Noturno | C34: 0 | D34: 0
A35: E - Adicional de Hora Noturna Reduzida | C35: 0 | D35: 0
A36: F - Penosidade | C36: 0 | D36: 0
A37: G - Outros | C37: 0 | D37: 0
A38: Total | C38: =SUM(C31:C37) -> 2372.5 | D38: =SUM(D31:D37) -> 2372.5
A40: MÓDULO 2: ENCARGOS E BENEFÍCIOS ANUAIS, MENSAIS E DIÁRIOS
A41: 2.1 - 13º Salário, Férias e Adicional de Férias | B41: Percentuais | C41: Valor (R$) | D41: Valor (R$)
A42: A - 13º salário | B42: =1/12 -> 0.083333333 | C42: =B42*C38 -> 197.70833 | D42: =B42*D38 -> 197.70833
A43: B - Férias e Adicional de Férias (O custo com o valor pago ao substituto durante as férias do empregado consta na letra "A" do submódulo 4.1), (custo não renovável). | B43: =B42/3 -> 0.027777778 | C43: =B43*C38 -> 65.902778 | D43: =B43*D38 -> 65.902778
A44: Total | B44: =SUM(B42:B43) -> 0.11111111 | C44: =SUM(C42:C43) -> 263.61111 | D44: =SUM(D42:D43) -> 263.61111
A45: 2.2 - GPS, FGTS e outras contribuições (Incide sobre os Módulos 1 e 2.1) | B45: Percentuais | C45: Valor (R$) | D45: Valor (R$)
A46: A - INSS | B46: 0.2 | C46: =B46*(C38+C44) -> 527.22222 | D46: =B46*(D38+D44) -> 527.22222
A47: B - Salário Educação | B47: 0.025 | C47: =B47*(C38+C44) -> 65.902778 | D47: =B47*(D38+D44) -> 65.902778
A48: C - SAT (Utilizar o RAT Ajustado conforme GFIP: RAT x FAP) | B48: 0.03 | C48: =B48*(C38+C44) -> 79.083333 | D48: =B48*(D38+D44) -> 79.083333
A49: D - SESI ou SESC | B49: 0.015 | C49: =B49*(C38+C44) -> 39.541667 | D49: =B49*(D38+D44) -> 39.541667
A50: E - SENAI ou SENAC | B50: 0.01 | C50: =B50*(C38+C44) -> 26.361111 | D50: =B50*(D38+D44) -> 26.361111
A51: F - SEBRAE | B51: 0.006 | C51: =B51*(C38+C44) -> 15.816667 | D51: =B51*(D38+D44) -> 15.816667
A52: G - INCRA | B52: 0.002 | C52: =B52*(C38+C44) -> 5.2722222 | D52: =B52*(D38+D44) -> 5.2722222
A53: F - FGTS | B53: 0.08 | C53: =B53*(C38+C44) -> 210.88889 | D53: =B53*(D38+D44) -> 210.88889
A54: Total | B54: =SUM(B46:B53) -> 0.368 | C54: =SUM(C46:C53) -> 970.08889 | D54: =SUM(D46:D53) -> 970.08889
A55: 2.3 - Benefícios Mensais e Diários | B55: Valores/ Percentuais | C55: Valor (R$) | D55: Valor (R$)
A56: A – Auxílio Transporte (Devido por dias efetivamente trabalhado) | B56: 4.3 | C56: =(B56*26*2)-(C31*0.06) -> 114.1 | D56: =(B56*15*2)-(D31*0.06) -> 19.5
A57: B – Auxílio Alimentação (Jornada acima de 6 horas) | B57: ='Memória de Cálculo'!C6 -> 25 | C57: ='Memória de Cálculo'!E6 -> 594.75 | D57: ='Memória de Cálculo'!E7 -> 343.125
A58: C – Plano de Saúde Médico e Odontológico | B58: 0
A59: D – Amparo Social | B59: 16 | C59: =B59 -> 16 | D59: =C59 -> 16
A60: E – Seguro de Vida (Auxílio Morte/Alimentação) | B60: 9.55e-05 | C60: =C38*B60*26-1 -> 4.8909175 | D60: =D38*B60*26-1 -> 4.8909175
A61: F – Outros (Cesta Básica) | B61: 0.04 | C61: =C31*B61/12 -> 6.0833333 | D61: =D31*B61/12 -> 6.0833333
A62: Total | C62: =SUM(C56:C61) -> 735.82425 | D62: =SUM(D56:D61) -> 389.59925
A63: 2 - Encargos e Benefícios Anuais, Mensais e Diários | B63: Percentuais | C63: Valor (R$) | D63: Valor (R$)
A64: 2.1 - 13º Salário, Férias e Adicional de Férias | B64: =B44 -> 0.11111111 | C64: =C44 -> 263.61111 | D64: =D44 -> 263.61111
A65: 2.2 - GPS, FGTS e outras contribuições | B65: =B54 -> 0.368 | C65: =C54 -> 970.08889 | D65: =D54 -> 970.08889
A66: 2.3 - Benefícios Mensais e Diários | B66: 0 | C66: =C62 -> 735.82425 | D66: =D62 -> 389.59925
A67: Total | C67: =SUM(C64:C66) -> 1969.5243 | D67: =SUM(D64:D66) -> 1623.2993
A69: MÓDULO 3: PROVISÃO PARA RESCISÃO
A70: 3 - Provisão para Rescisão | B70: Percentuais | C70: Valor (R$) | D70: Valor (R$)
A71: A - Aviso Prévio Indenizado (Esta parcela deverá ser reduzida após o primeiro ano da contratação para o percentual máximo de 0,042%: Acórdão 1.186/2017-P) | B71: =1/12*0.05 -> 0.0041666667 | C71: =B71*C38 -> 9.8854167 | D71: =B71*D38 -> 9.8854167
A72: B - Incidência do FGTS sobre Aviso Prévio Indenizado | B72: =B53*B71 -> 0.00033333333 | C72: =B72*C38 -> 0.79083333 | D72: =B72*D38 -> 0.79083333
A73: C - Multa do FGTS e contribuições sociais sobre o Aviso Prévio Indenizado | B73: 0 | C73: =B73*C38 -> 0 | D73: =B73*D38 -> 0
A74: D - Aviso Prévio Trabalhado (Esta parcela deverá ser reduzida após o primeiro ano da contratação para o percentual máximo de 0,194%: Acórdão 1.186/2017-P) | B74: =1/30*7/12 -> 0.019444444 | C74: =B74*C38 -> 46.131944 | D74: =B74*D38 -> 46.131944
A75: E - Incidência de GPS, FGTS e outras contribuições (submódulo 2.2) sobre o Aviso Prévio Trabalhado | B75: =B54*B74 -> 0.0071555556 | C75: =B75*C38 -> 16.976556 | D75: =B75*D38 -> 16.976556
A76: F - Multa do FGTS sobre o Aviso Prévio Trabalhado (Rescisões sem justa causa) | B76: =0.08*0.4*0.9*(1+1/12+1/12+1/3*1/12) -> 0.0344 | C76: =B76*C38 -> 81.614 | D76: =B76*D38 -> 81.614
A77: Total | B77: =SUM(B71:B76) -> 0.0655 | C77: =SUM(C71:C76) -> 155.39875 | D77: =SUM(D71:D76) -> 155.39875
A79: MÓDULO 4: CUSTO DE REPOSIÇÃO DO PROFISSIONAL AUSENTE
A80: 4.1 – Substituto nas Ausências Legais | B80: Percentuais | C80: Valor (R$) | D80: Valor (R$)
A81: A – Substituto na cobertura de Férias | B81: =1/12 -> 0.083333333 | C81: =B81*(C38+C67+C77) -> 374.78525 | D81: =B81*(D38+D67+D77) -> 345.93317
A82: B – Substituto na cobertura de ausências Legais | B82: 0.0028 | C82: =B82*(C38+C67+C77) -> 12.592784 | D82: =B82*(D38+D67+D77) -> 11.623354
A83: C - Substituto na cobertura na licença-paternidade | B83: 0.0002 | C83: =B83*(C38+C67+C77) -> 0.8994846 | D83: =B83*(D38+D67+D77) -> 0.8302396
A84: D - Substituto na cobertura na ausências por acidente de trabalho | B84: ='Memória de Cálculo'!D22/30/12 -> 0 | C84: =B84*(C38+C67+C77) -> 0 | D84: =B84*(D38+D67+D77) -> 0
A85: E - Substituto na cobertura de afastamento maternidade | B85: =120/30*'Memória de Cálculo'!D32*'Memória de Cálculo'!D33 -> 0 | C85: =B85*(C38+C67+C77) -> 0 | D85: =B85*(D38+D67+D77) -> 0
A86: F - Substituto na cobertura de outras ausências (especificar) | B86: 0 | C86: =B86*(C38+C67+C77) -> 0 | D86: =B86*(D38+D67+D77) -> 0
A87: Total | B87: =SUM(B81:B86) -> 0.086333333 | C87: =SUM(C81:C86) -> 388.27752 | D87: =SUM(D81:D86) -> 358.38676
A88: 4.2 - Substituto na Intrajornada (Indenizada) | B88: Percentuais | C88: Valor (R$) | D88: Valor (R$)
A89: A - Substituto na cobertura de intervalo para repouso ou alimentação (Intrajornada indenizada de 30 (trinta) minutos) | B89: 0.5 | C89: 0 | D89: =(D38/220)*15*1.5/2 -> 121.32102
A90: Total | C90: =SUM(C89:C89) -> 0 | D90: =SUM(D89:D89) -> 121.32102
A92: 4 - Custo de Reposição do Profissional Ausente | B92: Percentuais | C92: Valor (R$) | D92: Valor (R$)
A93: 4.1 - Substituto nas ausências Legais | B93: =B87 -> 0.086333333 | C93: =C87 -> 388.27752 | D93: =D87 -> 358.38676
A94: 4.2 - Intrajornada indenizada | B94: =B89 -> 0.5 | C94: =C90 -> 0 | D94: =D90 -> 121.32102
A95: Total | C95: =SUM(C93:C94) -> 388.27752 | D95: =SUM(D93:D94) -> 479.70778
A97: MÓDULO 5: INSUMOS DIVERSOS
A98: 5 - Insumos Diversos | B98: Valores | C98: Valor (R$) | D98: Valor (R$)
A99: A - Uniformes | B99: =Insumos!J13 -> 41.683333 | C99: =B99 -> 41.683333 | D99: =B99 -> 41.683333
A100: B - Materiais | B100: =Insumos!J21 -> 10.203333 | C100: =B100 -> 10.203333 | D100: =B100/2 -> 5.1016667
A101: C – Equipamentos | C101: =B101 -> 0 | D101: =B101 -> 0
A102: D - Outros (especificar) | B102: 0 | C102: =B102 -> 0 | D102: =B102 -> 0
A103: Total | B103: =SUM(B99:B102) -> 51.886667 | C103: =SUM(C99:C102) -> 51.886667 | D103: =SUM(D99:D102) -> 46.785
A105: MÓDULO 6: CUSTOS INDIRETOS, TRIBUTOS E LUCRO
A106: 6 - Custos Indiretos, Tributos e Lucro | B106: Percentuais | C106: Valor (R$) | D106: Valor (R$)
A107: A - Custos Indiretos | B107: 0.032 | C107: =B107*(C38+C67+C77+C95+C103) -> 158.00279 | D107: =B107*(D38+D67+D77+D95+D103) -> 149.68611
A108: B - Lucro | B108: 0.0358 | C108: =B108*(C38+C67+C77+C95+C103+C107) -> 182.42212 | D108: =B108*(D38+D67+D77+D95+D103+D107) -> 172.82009
A109: C - Tributos (De acordo com o regime tributário da empresa) | B109: =SUM(B110:B114) -> 0.0765 | C109: =((C38+C67+C77+C95+C103+C107+C108)/(1-B109))*B109 -> 437.21486 | D109: =((D38+D67+D77+D95+D103+D107+D108)/(1-B109))*B109 -> 414.20148
A110: C.1.1 - Tributos Federais (PIS) | B110: 0.0065 | C110: =((C38+C67+C77+C95+C103+C107+C108)/(1-B109))*B110 -> 37.148975 | D110: =((D38+D67+D77+D95+D103+D107+D108)/(1-B109))*B110 -> 35.19359
A111: C.1.2 - Tributos Federais (COFINS) | B111: 0.03 | C111: =((C38+C67+C77+C95+C103+C107+C108)/(1-B109))*B111 -> 171.45681 | D111: =((D38+D67+D77+D95+D103+D107+D108)/(1-B109))*B111 -> 162.43195
A112: C.2 - Tributos Estaduais (especificar)
...

Sheet Mineiros
A1: PLANILHA ESTIMATIVA
A2: Planilha de Custos e Formação de Preços para Serviços de Vigilância Ostensiva
A4: Nº do Processo: | B4: 35014.499513/2022-13
A5: Pregão Eletrônico nº | B5: =Jataí!B5 -> 0
A6: Data: | B6: =Jataí!B6 -> 0
A8: Discriminação dos Serviços (dados referentes à contratação)
A9: A – Data de apresentação da proposta (dia/mês/ano)
A10: B – Município/UF | B10: Mineiros - GO
A11: C – Ano Acordo, Convenção ou Sentença Normativa em Dissídio Coletivo | B11: 2021/2022
A12: D – Nº de meses de execução contratual | B12: 12
A14: Identificação do Serviço
A15: Tipo de Serviço | B15: Unid. de Medida | C15: Posto de 44 h semanais (Qtde) | D15: Quant. Total a Contratar (em função da un. de medida) para 12X36 Diurnas
A16: Contratação de serviços de segurança e vigilância orgânica e patrimonial desarmada, visando atender as demandas das Gerências Executivas de Goiânia, Anápolis e DF (unidades em Goiás), conforme condições, quantidades e exigências estabelecidas no instrumento convocatório. | B16: Serviço | C16: =Resumo!E58 -> 1 | D16: =Resumo!E57 -> 0
A19: Mão de obra vinculada à execução contratual
A20: Dados para composição dos custos referente à mão de obra
A21: 1 – Tipo de serviço (mesmo serviço com características distintas) | B21: Vigilância
A22: 2 – Classificação Brasileira de Ocupações (CBO) | B22: 517330
A23: 3 – Salário Normativo da Categoria Profissional (conforme Cláusula Terceira da CCT) | B23: =Jataí!B23 -> 1825
A24: 4 – Categoria profissional (vinculada à execução contratual) | B24: Vigilante
A25: 5 – Data base da categoria (dia/mês/ano) | B25: 01 de janeiro
A26: 6 – Numero de registro da convenção coletiva no MTE: | B26: GO000846/2022
A28: CUSTOS | B28: Percentuais e Valores de Referência | C28: 44 horas semanais diurnas | D28: 12X36 Diurnas
A29: MÓDULO 1: COMPOSIÇÃO DA REMUNERAÇÃO
A30: 1 - Composição da Remuneração | B30: Valores/ Percentuais | C30: Valor (R$) | D30: Valor (R$)
A31: A – Salário Base (conforme Cláusula Terceira da CCT) | B31: =B23 -> 1825 | C31: =B31 -> 1825 | D31: =B31 -> 1825
A32: B - Adicional de Periculosidade | B32: 0.3 | C32: =C31*B32 -> 547.5 | D32: =D31*B32 -> 547.5
A33: C - Adicional de Insalubridade
A34: D - Adicional Noturno | C34: 0 | D34: 0
A35: E - Adicional de Hora Noturna Reduzida | C35: 0 | D35: 0
A36: F - Penosidade | C36: 0 | D36: 0
A37: G - Outros | C37: 0 | D37: 0
A38: Total | C38: =SUM(C31:C37) -> 2372.5 | D38: =SUM(D31:D37) -> 2372.5
A40: MÓDULO 2: ENCARGOS E BENEFÍCIOS ANUAIS, MENSAIS E DIÁRIOS
A41: 2.1 - 13º Salário, Férias e Adicional de Férias | B41: Percentuais | C41: Valor (R$) | D41: Valor (R$)
A42: A - 13º salário | B42: =1/12 -> 0.083333333 | C42: =B42*C38 -> 197.70833 | D42: =B42*D38 -> 197.70833
A43: B - Férias e Adicional de Férias (O custo com o valor pago ao substituto durante as férias do empregado consta na letra "A" do submódulo 4.1), (custo não renovável). | B43: =B42/3 -> 0.027777778 | C43: =B43*C38 -> 65.902778 | D43: =B43*D38 -> 65.902778
A44: Total | B44: =SUM(B42:B43) -> 0.11111111 | C44: =SUM(C42:C43) -> 263.61111 | D44: =SUM(D42:D43) -> 263.61111
A45: 2.2 - GPS, FGTS e outras contribuições (Incide sobre os Módulos 1 e 2.1) | B45: Percentuais | C45: Valor (R$) | D45: Valor (R$)
A46: A - INSS | B46: 0.2 | C46: =B46*(C38+C44) -> 527.22222 | D46: =B46*(D38+D44) -> 527.22222
A47: B - Salário Educação | B47: 0.025 | C47: =B47*(C38+C44) -> 65.902778 | D47: =B47*(D38+D44) -> 65.902778
A48: C - SAT (Utilizar o RAT Ajustado conforme GFIP: RAT x FAP) | B48: 0.03 | C48: =B48*(C38+C44) -> 79.083333 | D48: =B48*(D38+D44) -> 79.083333
A49: D - SESI ou SESC | B49: 0.015 | C49: =B49*(C38+C44) -> 39.541667 | D49: =B49*(D38+D44) -> 39.541667
A50: E - SENAI ou SENAC | B50: 0.01 | C50: =B50*(C38+C44) -> 26.361111 | D50: =B50*(D38+D44) -> 26.361111
A51: F - SEBRAE | B51: 0.006 | C51: =B51*(C38+C44) -> 15.816667 | D51: =B51*(D38+D44) -> 15.816667
A52: G - INCRA | B52: 0.002 | C52: =B52*(C38+C44) -> 5.2722222 | D52: =B52*(D38+D44) -> 5.2722222
A53: F - FGTS | B53: 0.08 | C53: =B53*(C38+C44) -> 210.88889 | D53: =B53*(D38+D44) -> 210.88889
A54: Total | B54: =SUM(B46:B53) -> 0.368 | C54: =SUM(C46:C53) -> 970.08889 | D54: =SUM(D46:D53) -> 970.08889
A55: 2.3 - Benefícios Mensais e Diários | B55: Valores/ Percentuais | C55: Valor (R$) | D55: Valor (R$)
A56: A – Auxílio Transporte (Devido por dias efetivamente trabalhado) | B56: 0 | C56: 0 | D56: 0
A57: B – Auxílio Alimentação (Jornada acima de 6 horas) | B57: ='Memória de Cálculo'!C6 -> 25 | C57: ='Memória de Cálculo'!E6 -> 594.75 | D57: ='Memória de Cálculo'!E7 -> 343.125
A58: C – Plano de Saúde Médico e Odontológico | B58: 0
A59: D – Amparo Social | B59: =Jataí!$B59 -> 16 | C59: =B59 -> 16 | D59: =C59 -> 16
A60: E – Seguro de Vida (Auxílio Morte/Alimentação) | B60: 9.55e-05 | C60: =C38*B60*26-1 -> 4.8909175 | D60: =D38*B60*26-1 -> 4.8909175
A61: F – Outros (Cesta Básica) | B61: 0.04 | C61: =C31*B61/12 -> 6.0833333 | D61: =D31*B61/12 -> 6.0833333
A62: Total | C62: =SUM(C56:C61) -> 621.72425 | D62: =SUM(D56:D61) -> 370.09925
A63: 2 - Encargos e Benefícios Anuais, Mensais e Diários | B63: Percentuais | C63: Valor (R$) | D63: Valor (R$)
A64: 2.1 - 13º Salário, Férias e Adicional de Férias | B64: =B44 -> 0.11111111 | C64: =C44 -> 263.61111 | D64: =D44 -> 263.61111
A65: 2.2 - GPS, FGTS e outras contribuições | B65: =B54 -> 0.368 | C65: =C54 -> 970.08889 | D65: =D54 -> 970.08889
A66: 2.3 - Benefícios Mensais e Diários | B66: 0 | C66: =C62 -> 621.72425 | D66: =D62 -> 370.09925
A67: Total | C67: =SUM(C64:C66) -> 1855.4243 | D67: =SUM(D64:D66) -> 1603.7993
A69: MÓDULO 3: PROVISÃO PARA RESCISÃO
A70: 3 - Provisão para Rescisão | B70: Percentuais | C70: Valor (R$) | D70: Valor (R$)
A71: A - Aviso Prévio Indenizado (Esta parcela deverá ser reduzida após o primeiro ano da contratação para o percentual máximo de 0,042%: Acórdão 1.186/2017-P) | B71: =1/12*0.05 -> 0.0041666667 | C71: =B71*C38 -> 9.8854167 | D71: =B71*D38 -> 9.8854167
A72: B - Incidência do FGTS sobre Aviso Prévio Indenizado | B72: =B53*B71 -> 0.00033333333 | C72: =B72*C38 -> 0.79083333 | D72: =B72*D38 -> 0.79083333
A73: C - Multa do FGTS e contribuições sociais sobre o Aviso Prévio Indenizado | B73: 0 | C73: =B73*C38 -> 0 | D73: =B73*D38 -> 0
A74: D - Aviso Prévio Trabalhado (Esta parcela deverá ser reduzida após o primeiro ano da contratação para o percentual máximo de 0,194%: Acórdão 1.186/2017-P) | B74: =1/30*7/12 -> 0.019444444 | C74: =B74*C38 -> 46.131944 | D74: =B74*D38 -> 46.131944
A75: E - Incidência de GPS, FGTS e outras contribuições (submódulo 2.2) sobre o Aviso Prévio Trabalhado | B75: =B54*B74 -> 0.0071555556 | C75: =B75*C38 -> 16.976556 | D75: =B75*D38 -> 16.976556
A76: F - Multa do FGTS sobre o Aviso Prévio Trabalhado (Rescisões sem justa causa) | B76: =0.08*0.4*0.9*(1+1/12+1/12+1/3*1/12) -> 0.0344 | C76: =B76*C38 -> 81.614 | D76: =B76*D38 -> 81.614
A77: Total | B77: =SUM(B71:B76) -> 0.0655 | C77: =SUM(C71:C76) -> 155.39875 | D77: =SUM(D71:D76) -> 155.39875
A79: MÓDULO 4: CUSTO DE REPOSIÇÃO DO PROFISSIONAL AUSENTE
A80: 4.1 – Substituto nas Ausências Legais | B80: Percentuais | C80: Valor (R$) | D80: Valor (R$)
A81: A – Substituto na cobertura de Férias | B81: =1/12 -> 0.083333333 | C81: =B81*(C38+C67+C77) -> 365.27692 | D81: =B81*(D38+D67+D77) -> 344.30817
A82: B – Substituto na cobertura de ausências Legais | B82: 0.0028 | C82: =B82*(C38+C67+C77) -> 12.273304 | D82: =B82*(D38+D67+D77) -> 11.568754
A83: C - Substituto na cobertura na licença-paternidade | B83: 0.0002 | C83: =B83*(C38+C67+C77) -> 0.8766646 | D83: =B83*(D38+D67+D77) -> 0.8263396
A84: D - Substituto na cobertura na ausências por acidente de trabalho | B84: ='Memória de Cálculo'!D22/30/12 -> 0 | C84: =B84*(C38+C67+C77) -> 0 | D84: =B84*(D38+D67+D77) -> 0
A85: E - Substituto na cobertura de afastamento maternidade | B85: =120/30*'Memória de Cálculo'!D32*'Memória de Cálculo'!D33 -> 0 | C85: =B85*(C38+C67+C77) -> 0 | D85: =B85*(D38+D67+D77) -> 0
A86: F - Substituto na cobertura de outras ausências (especificar) | B86: 0 | C86: =B86*(C38+C67+C77) -> 0 | D86: =B86*(D38+D67+D77) -> 0
A87: Total | B87: =SUM(B81:B86) -> 0.086333333 | C87: =SUM(C81:C86) -> 378.42689 | D87: =SUM(D81:D86) -> 356.70326
A88: 4.2 - Substituto na Intrajornada (Indenizada) | B88: Percentuais | C88: Valor (R$) | D88: Valor (R$)
A89: A - Substituto na cobertura de intervalo para repouso ou alimentação (Intrajornada indenizada de 30 (trinta) minutos) | B89: 0.5 | C89: 0 | D89: =(D38/220)*15*1.5/2 -> 121.32102
A90: Total | C90: =SUM(C89:C89) -> 0 | D90: =SUM(D89:D89) -> 121.32102
A92: 4 - Custo de Reposição do Profissional Ausente | B92: Percentuais | C92: Valor (R$) | D92: Valor (R$)
A93: 4.1 - Substituto nas ausências Legais | B93: =B87 -> 0.086333333 | C93: =C87 -> 378.42689 | D93: =D87 -> 356.70326
A94: 4.2 - Intrajornada indenizada | B94: =B89 -> 0.5 | C94: =C90 -> 0 | D94: =D90 -> 121.32102
A95: Total | C95: =SUM(C93:C94) -> 378.42689 | D95: =SUM(D93:D94) -> 478.02428
A97: MÓDULO 5: INSUMOS DIVERSOS
A98: 5 - Insumos Diversos | B98: Valores | C98: Valor (R$) | D98: Valor (R$)
A99: A - Uniformes | B99: =Insumos!J13 -> 41.683333 | C99: =B99 -> 41.683333 | D99: =B99 -> 41.683333
A100: B - Materiais | B100: =Insumos!J21 -> 10.203333 | C100: =B100 -> 10.203333 | D100: =B100/2 -> 5.1016667
A101: C – Equipamentos | C101: =B101 -> 0 | D101: =B101 -> 0
A102: D - Outros (especificar) | B102: 0 | C102: =B102 -> 0 | D102: =B102 -> 0
A103: Total | B103: =SUM(B99:B102) -> 51.886667 | C103: =SUM(C99:C102) -> 51.886667 | D103: =SUM(D99:D102) -> 46.785
A105: MÓDULO 6: CUSTOS INDIRETOS, TRIBUTOS E LUCRO
A106: 6 - Custos Indiretos, Tributos e Lucro | B106: Percentuais | C106: Valor (R$) | D106: Valor (R$)
A107: A - Custos Indiretos | B107: 0.032 | C107: =B107*(C38+C67+C77+C95+C103) -> 154.03637 | D107: =B107*(D38+D67+D77+D95+D103) -> 149.00823
A108: B - Lucro | B108: 0.0358 | C108: =B108*(C38+C67+C77+C95+C103+C107) -> 177.84269 | D108: =B108*(D38+D67+D77+D95+D103+D107) -> 172.03746
A109: C - Tributos (De acordo com o regime tributário da empresa) | B109: =SUM(B110:B114) -> 0.0665 | C109: =((C38+C67+C77+C95+C103+C107+C108)/(1-B109))*B109 -> 366.55253 | D109: =((D38+D67+D77+D95+D103+D107+D108)/(1-B109))*B109 -> 354.58733
A110: C.1.1 - Tributos Federais (PIS) | B110: 0.0065 | C110: =((C38+C67+C77+C95+C103+C107+C108)/(1-B109))*B110 -> 35.828443 | D110: =((D38+D67+D77+D95+D103+D107+D108)/(1-B109))*B110 -> 34.658912
A111: C.1.2 - Tributos Federais (COFINS) | B111: 0.03 | C111: =((C38+C67+C77+C95+C103+C107+C108)/(1-B109))*B111 -> 165.36204 | D111: =((D38+D67+D77+D95+D103+D107+D108)/(1-B109))*B111 -> 159.96421
A112: C.2 - Tributos Estaduais (especificar)
...

Sheet Morrinhos
A1: PLANILHA ESTIMATIVA
A2: Planilha de Custos e Formação de Preços para Serviços de Vigilância Ostensiva
A4: Nº do Processo: | B4: 35014.499513/2022-13
A5: Pregão Eletrônico nº | B5: =Mineiros!B5 -> 0
A6: Data: | B6: =Mineiros!B6 -> 0
A8: Discriminação dos Serviços (dados referentes à contratação)
A9: A – Data de apresentação da proposta (dia/mês/ano)
A10: B – Município/UF | B10: Morrinhos - GO
A11: C – Ano Acordo, Convenção ou Sentença Normativa em Dissídio Coletivo | B11: 2020/2021
A12: D – Nº de meses de execução contratual | B12: 12
A14: Identificação do Serviço
A15: Tipo de Serviço | B15: Unid. de Medida | C15: Posto de 44 h semanais (Qtde) | D15: Quant. Total a Contratar (em função da un. de medida) para 12X36 Diurnas
A16: Contratação de serviços de segurança e vigilância orgânica e patrimonial desarmada, visando atender as demandas das Gerências Executivas de Goiânia, Anápolis e DF (unidades em Goiás), conforme condições, quantidades e exigências estabelecidas no instrumento convocatório. | B16: Serviço | C16: =Resumo!E61 -> 1 | D16: =Resumo!E60 -> 0
A19: Mão de obra vinculada à execução contratual
A20: Dados para composição dos custos referente à mão de obra
A21: 1 – Tipo de serviço (mesmo serviço com características distintas) | B21: Vigilância
A22: 2 – Classificação Brasileira de Ocupações (CBO) | B22: 517330
A23: 3 – Salário Normativo da Categoria Profissional (conforme Cláusula Terceira da CCT) | B23: =Goiânia!B23 -> 1825
A24: 4 – Categoria profissional (vinculada à execução contratual) | B24: Vigilante
A25: 5 – Data base da categoria (dia/mês/ano) | B25: 01 de janeiro
A26: 6 – Numero de registro da convenção coletiva no MTE: | B26: SRT00035/2023
A28: CUSTOS | B28: Percentuais e Valores de Referência | C28: 44 horas semanais diurnas | D28: 12X36 Diurnas
A29: MÓDULO 1: COMPOSIÇÃO DA REMUNERAÇÃO
A30: 1 - Composição da Remuneração | B30: Valores/ Percentuais | C30: Valor (R$) | D30: Valor (R$)
A31: A – Salário Base (conforme Cláusula Terceira da CCT) | B31: =B23 -> 1825 | C31: =B31 -> 1825 | D31: =B31 -> 1825
A32: B - Adicional de Periculosidade | B32: 0.3 | C32: =C31*B32 -> 547.5 | D32: =D31*B32 -> 547.5
A33: C - Adicional de Insalubridade
A34: D - Adicional Noturno | C34: 0 | D34: 0
A35: E - Adicional de Hora Noturna Reduzida | C35: 0 | D35: 0
A36: F - Penosidade | C36: 0 | D36: 0
A37: G - Outros | C37: 0 | D37: 0
A38: Total | C38: =SUM(C31:C37) -> 2372.5 | D38: =SUM(D31:D37) -> 2372.5
A40: MÓDULO 2: ENCARGOS E BENEFÍCIOS ANUAIS, MENSAIS E DIÁRIOS
A41: 2.1 - 13º Salário, Férias e Adicional de Férias | B41: Percentuais | C41: Valor (R$) | D41: Valor (R$)
A42: A - 13º salário | B42: =1/12 -> 0.083333333 | C42: =B42*C38 -> 197.70833 | D42: =B42*D38 -> 197.70833
A43: B - Férias e Adicional de Férias (O custo com o valor pago ao substituto durante as férias do empregado consta na letra "A" do submódulo 4.1), (custo não renovável). | B43: =B42/3 -> 0.027777778 | C43: =B43*C38 -> 65.902778 | D43: =B43*D38 -> 65.902778
A44: Total | B44: =SUM(B42:B43) -> 0.11111111 | C44: =SUM(C42:C43) -> 263.61111 | D44: =SUM(D42:D43) -> 263.61111
A45: 2.2 - GPS, FGTS e outras contribuições (Incide sobre os Módulos 1 e 2.1) | B45: Percentuais | C45: Valor (R$) | D45: Valor (R$)
A46: A - INSS | B46: 0.2 | C46: =B46*(C38+C44) -> 527.22222 | D46: =B46*(D38+D44) -> 527.22222
A47: B - Salário Educação | B47: 0.025 | C47: =B47*(C38+C44) -> 65.902778 | D47: =B47*(D38+D44) -> 65.902778
A48: C - SAT (Utilizar o RAT Ajustado conforme GFIP: RAT x FAP) | B48: 0.03 | C48: =B48*(C38+C44) -> 79.083333 | D48: =B48*(D38+D44) -> 79.083333
A49: D - SESI ou SESC | B49: 0.015 | C49: =B49*(C38+C44) -> 39.541667 | D49: =B49*(D38+D44) -> 39.541667
A50: E - SENAI ou SENAC | B50: 0.01 | C50: =B50*(C38+C44) -> 26.361111 | D50: =B50*(D38+D44) -> 26.361111
A51: F - SEBRAE | B51: 0.006 | C51: =B51*(C38+C44) -> 15.816667 | D51: =B51*(D38+D44) -> 15.816667
A52: G - INCRA | B52: 0.002 | C52: =B52*(C38+C44) -> 5.2722222 | D52: =B52*(D38+D44) -> 5.2722222
A53: F - FGTS | B53: 0.08 | C53: =B53*(C38+C44) -> 210.88889 | D53: =B53*(D38+D44) -> 210.88889
A54: Total | B54: =SUM(B46:B53) -> 0.368 | C54: =SUM(C46:C53) -> 970.08889 | D54: =SUM(D46:D53) -> 970.08889
A55: 2.3 - Benefícios Mensais e Diários | B55: Valores/ Percentuais | C55: Valor (R$) | D55: Valor (R$)
A56: A – Auxílio Transporte (Devido por dias efetivamente trabalhado) | B56: 0 | C56: 0 | D56: 0
A57: B – Auxílio Alimentação (Jornada acima de 6 horas) | B57: ='Memória de Cálculo'!C6 -> 25 | C57: ='Memória de Cálculo'!E6 -> 594.75 | D57: ='Memória de Cálculo'!E7 -> 343.125
A58: C – Plano de Saúde Médico e Odontológico | B58: 0
A59: D – Amparo Social | B59: =Goiânia!B59 -> 16 | C59: =B59 -> 16 | D59: =C59 -> 16
A60: E – Seguro de Vida (Auxílio Morte/Alimentação) | B60: 9.55e-05 | C60: =C38*B60*26-1 -> 4.8909175 | D60: =D38*B60*26-1 -> 4.8909175
A61: F – Outros (Cesta Básica) | B61: 0.04 | C61: =C31*B61/12 -> 6.0833333 | D61: =D31*B61/12 -> 6.0833333
A62: Total | C62: =SUM(C56:C61) -> 621.72425 | D62: =SUM(D56:D61) -> 370.09925
A63: 2 - Encargos e Benefícios Anuais, Mensais e Diários | B63: Percentuais | C63: Valor (R$) | D63: Valor (R$)
A64: 2.1 - 13º Salário, Férias e Adicional de Férias | B64: =B44 -> 0.11111111 | C64: =C44 -> 263.61111 | D64: =D44 -> 263.61111
A65: 2.2 - GPS, FGTS e outras contribuições | B65: =B54 -> 0.368 | C65: =C54 -> 970.08889 | D65: =D54 -> 970.08889
A66: 2.3 - Benefícios Mensais e Diários | B66: 0 | C66: =C62 -> 621.72425 | D66: =D62 -> 370.09925
A67: Total | C67: =SUM(C64:C66) -> 1855.4243 | D67: =SUM(D64:D66) -> 1603.7993
A69: MÓDULO 3: PROVISÃO PARA RESCISÃO
A70: 3 - Provisão para Rescisão | B70: Percentuais | C70: Valor (R$) | D70: Valor (R$)
A71: A - Aviso Prévio Indenizado (Esta parcela deverá ser reduzida após o primeiro ano da contratação para o percentual máximo de 0,042%: Acórdão 1.186/2017-P) | B71: =1/12*0.05 -> 0.0041666667 | C71: =B71*C38 -> 9.8854167 | D71: =B71*D38 -> 9.8854167
A72: B - Incidência do FGTS sobre Aviso Prévio Indenizado | B72: =B53*B71 -> 0.00033333333 | C72: =B72*C38 -> 0.79083333 | D72: =B72*D38 -> 0.79083333
A73: C - Multa do FGTS e contribuições sociais sobre o Aviso Prévio Indenizado | B73: 0 | C73: =B73*C38 -> 0 | D73: =B73*D38 -> 0
A74: D - Aviso Prévio Trabalhado (Esta parcela deverá ser reduzida após o primeiro ano da contratação para o percentual máximo de 0,194%: Acórdão 1.186/2017-P) | B74: =1/30*7/12 -> 0.019444444 | C74: =B74*C38 -> 46.131944 | D74: =B74*D38 -> 46.131944
A75: E - Incidência de GPS, FGTS e outras contribuições (submódulo 2.2) sobre o Aviso Prévio Trabalhado | B75: =B54*B74 -> 0.0071555556 | C75: =B75*C38 -> 16.976556 | D75: =B75*D38 -> 16.976556
A76: F - Multa do FGTS sobre o Aviso Prévio Trabalhado (Rescisões sem justa causa) | B76: =0.08*0.4*0.9*(1+1/12+1/12+1/3*1/12) -> 0.0344 | C76: =B76*C38 -> 81.614 | D76: =B76*D38 -> 81.614
A77: Total | B77: =SUM(B71:B76) -> 0.0655 | C77: =SUM(C71:C76) -> 155.39875 | D77: =SUM(D71:D76) -> 155.39875
A79: MÓDULO 4: CUSTO DE REPOSIÇÃO DO PROFISSIONAL AUSENTE
A80: 4.1 – Substituto nas Ausências Legais | B80: Percentuais | C80: Valor (R$) | D80: Valor (R$)
A81: A – Substituto na cobertura de Férias | B81: =1/12 -> 0.083333333 | C81: =B81*(C38+C67+C77) -> 365.27692 | D81: =B81*(D38+D67+D77) -> 344.30817
A82: B – Substituto na cobertura de ausências Legais | B82: 0.0028 | C82: =B82*(C38+C67+C77) -> 12.273304 | D82: =B82*(D38+D67+D77) -> 11.568754
A83: C - Substituto na cobertura na licença-paternidade | B83: 0.0002 | C83: =B83*(C38+C67+C77) -> 0.8766646 | D83: =B83*(D38+D67+D77) -> 0.8263396
A84: D - Substituto na cobertura na ausências por acidente de trabalho | B84: ='Memória de Cálculo'!D22/30/12 -> 0 | C84: =B84*(C38+C67+C77) -> 0 | D84: =B84*(D38+D67+D77) -> 0
A85: E - Substituto na cobertura de afastamento maternidade | B85: =120/30*'Memória de Cálculo'!D32*'Memória de Cálculo'!D33 -> 0 | C85: =B85*(C38+C67+C77) -> 0 | D85: =B85*(D38+D67+D77) -> 0
A86: F - Substituto na cobertura de outras ausências (especificar) | B86: 0 | C86: =B86*(C38+C67+C77) -> 0 | D86: =B86*(D38+D67+D77) -> 0
A87: Total | B87: =SUM(B81:B86) -> 0.086333333 | C87: =SUM(C81:C86) -> 378.42689 | D87: =SUM(D81:D86) -> 356.70326
A88: 4.2 - Substituto na Intrajornada (Indenizada) | B88: Percentuais | C88: Valor (R$) | D88: Valor (R$)
A89: A - Substituto na cobertura de intervalo para repouso ou alimentação (Intrajornada indenizada de 30 (trinta) minutos) | B89: 0.5 | C89: 0 | D89: =(D38/220)*15*1.5/2 -> 121.32102
A90: Total | C90: =SUM(C89:C89) -> 0 | D90: =SUM(D89:D89) -> 121.32102
A92: 4 - Custo de Reposição do Profissional Ausente | B92: Percentuais | C92: Valor (R$) | D92: Valor (R$)
A93: 4.1 - Substituto nas ausências Legais | B93: =B87 -> 0.086333333 | C93: =C87 -> 378.42689 | D93: =D87 -> 356.70326
A94: 4.2 - Intrajornada indenizada | B94: =B89 -> 0.5 | C94: =C90 -> 0 | D94: =D90 -> 121.32102
A95: Total | C95: =SUM(C93:C94) -> 378.42689 | D95: =SUM(D93:D94) -> 478.02428
A97: MÓDULO 5: INSUMOS DIVERSOS
A98: 5 - Insumos Diversos | B98: Valores | C98: Valor (R$) | D98: Valor (R$)
A99: A - Uniformes | B99: =Insumos!J13 -> 41.683333 | C99: =B99 -> 41.683333 | D99: =B99 -> 41.683333
A100: B - Materiais | B100: =Insumos!J21 -> 10.203333 | C100: =B100 -> 10.203333 | D100: =B100/2 -> 5.1016667
A101: C – Equipamentos | C101: =B101 -> 0 | D101: =B101 -> 0
A102: D - Outros (especificar) | B102: 0 | C102: =B102 -> 0 | D102: =B102 -> 0
A103: Total | B103: =SUM(B99:B102) -> 51.886667 | C103: =SUM(C99:C102) -> 51.886667 | D103: =SUM(D99:D102) -> 46.785
A105: MÓDULO 6: CUSTOS INDIRETOS, TRIBUTOS E LUCRO
A106: 6 - Custos Indiretos, Tributos e Lucro | B106: Percentuais | C106: Valor (R$) | D106: Valor (R$)
A107: A - Custos Indiretos | B107: 0.032 | C107: =B107*(C38+C67+C77+C95+C103) -> 154.03637 | D107: =B107*(D38+D67+D77+D95+D103) -> 149.00823
A108: B - Lucro | B108: 0.0358 | C108: =B108*(C38+C67+C77+C95+C103+C107) -> 177.84269 | D108: =B108*(D38+D67+D77+D95+D103+D107) -> 172.03746
A109: C - Tributos (De acordo com o regime tributário da empresa) | B109: =SUM(B110:B114) -> 0.0865 | C109: =((C38+C67+C77+C95+C103+C107+C108)/(1-B109))*B109 -> 487.23273 | D109: =((D38+D67+D77+D95+D103+D107+D108)/(1-B109))*B109 -> 471.32822
A110: C.1.1 - Tributos Federais (PIS) | B110: 0.0065 | C110: =((C38+C67+C77+C95+C103+C107+C108)/(1-B109))*B110 -> 36.612864 | D110: =((D38+D67+D77+D95+D103+D107+D108)/(1-B109))*B110 -> 35.417728
A111: C.1.2 - Tributos Federais (COFINS) | B111: 0.03 | C111: =((C38+C67+C77+C95+C103+C107+C108)/(1-B109))*B111 -> 168.98245 | D111: =((D38+D67+D77+D95+D103+D107+D108)/(1-B109))*B111 -> 163.46644
A112: C.2 - Tributos Estaduais (especificar)
...

Sheet Palmeiras de Goiás
A1: PLANILHA ESTIMATIVA
A2: Planilha de Custos e Formação de Preços para Serviços de Vigilância Ostensiva
A4: Nº do Processo: | B4: 35014.499513/2022-13
A5: Pregão Eletrônico nº | B5: =Morrinhos!B5 -> 0
A6: Data: | B6: =Morrinhos!B6 -> 0
A8: Discriminação dos Serviços (dados referentes à contratação)
A9: A – Data de apresentação da proposta (dia/mês/ano)
A10: B – Município/UF | B10: Palmeira de Goiás - GO
A11: C – Ano Acordo, Convenção ou Sentença Normativa em Dissídio Coletivo | B11: 2020/2021
A12: D – Nº de meses de execução contratual | B12: 12
A14: Identificação do Serviço
A15: Tipo de Serviço | B15: Unid. de Medida | C15: Posto de 44 h semanais (Qtde) | D15: Quant. Total a Contratar (em função da un. de medida) para 12X36 Diurnas
A16: Contratação de serviços de segurança e vigilância orgânica e patrimonial desarmada, visando atender as demandas das Gerências Executivas de Goiânia, Anápolis e DF (unidades em Goiás), conforme condições, quantidades e exigências estabelecidas no instrumento convocatório. | B16: Serviço | C16: =Resumo!E64 -> 2 | D16: =Resumo!E63 -> 0
A19: Mão de obra vinculada à execução contratual
A20: Dados para composição dos custos referente à mão de obra
A21: 1 – Tipo de serviço (mesmo serviço com características distintas) | B21: Vigilância
A22: 2 – Classificação Brasileira de Ocupações (CBO) | B22: 517330
A23: 3 – Salário Normativo da Categoria Profissional (conforme Cláusula Terceira da CCT) | B23: =Goiânia!B23 -> 1825
A24: 4 – Categoria profissional (vinculada à execução contratual) | B24: Vigilante
A25: 5 – Data base da categoria (dia/mês/ano) | B25: 01 de janeiro
A26: 6 – Numero de registro da convenção coletiva no MTE: | B26: SRT00035/2023
A28: CUSTOS | B28: Percentuais e Valores de Referência | C28: 44 horas semanais diurnas | D28: 12X36 Diurnas
A29: MÓDULO 1: COMPOSIÇÃO DA REMUNERAÇÃO
A30: 1 - Composição da Remuneração | B30: Valores/ Percentuais | C30: Valor (R$) | D30: Valor (R$)
A31: A – Salário Base (conforme Cláusula Terceira da CCT) | B31: =B23 -> 1825 | C31: =B31 -> 1825 | D31: =B31 -> 1825
A32: B - Adicional de Periculosidade | B32: 0.3 | C32: =C31*B32 -> 547.5 | D32: =D31*B32 -> 547.5
A33: C - Adicional de Insalubridade
A34: D - Adicional Noturno | C34: 0 | D34: 0
A35: E - Adicional de Hora Noturna Reduzida | C35: 0 | D35: 0
A36: F - Penosidade | C36: 0 | D36: 0
A37: G - Outros | C37: 0 | D37: 0
A38: Total | C38: =SUM(C31:C37) -> 2372.5 | D38: =SUM(D31:D37) -> 2372.5
A40: MÓDULO 2: ENCARGOS E BENEFÍCIOS ANUAIS, MENSAIS E DIÁRIOS
A41: 2.1 - 13º Salário, Férias e Adicional de Férias | B41: Percentuais | C41: Valor (R$) | D41: Valor (R$)
A42: A - 13º salário | B42: =1/12 -> 0.083333333 | C42: =B42*C38 -> 197.70833 | D42: =B42*D38 -> 197.70833
A43: B - Férias e Adicional de Férias (O custo com o valor pago ao substituto durante as férias do empregado consta na letra "A" do submódulo 4.1), (custo não renovável). | B43: =B42/3 -> 0.027777778 | C43: =B43*C38 -> 65.902778 | D43: =B43*D38 -> 65.902778
A44: Total | B44: =SUM(B42:B43) -> 0.11111111 | C44: =SUM(C42:C43) -> 263.61111 | D44: =SUM(D42:D43) -> 263.61111
A45: 2.2 - GPS, FGTS e outras contribuições (Incide sobre os Módulos 1 e 2.1) | B45: Percentuais | C45: Valor (R$) | D45: Valor (R$)
A46: A - INSS | B46: 0.2 | C46: =B46*(C38+C44) -> 527.22222 | D46: =B46*(D38+D44) -> 527.22222
A47: B - Salário Educação | B47: 0.025 | C47: =B47*(C38+C44) -> 65.902778 | D47: =B47*(D38+D44) -> 65.902778
A48: C - SAT (Utilizar o RAT Ajustado conforme GFIP: RAT x FAP) | B48: 0.03 | C48: =B48*(C38+C44) -> 79.083333 | D48: =B48*(D38+D44) -> 79.083333
A49: D - SESI ou SESC | B49: 0.015 | C49: =B49*(C38+C44) -> 39.541667 | D49: =B49*(D38+D44) -> 39.541667
A50: E - SENAI ou SENAC | B50: 0.01 | C50: =B50*(C38+C44) -> 26.361111 | D50: =B50*(D38+D44) -> 26.361111
A51: F - SEBRAE | B51: 0.006 | C51: =B51*(C38+C44) -> 15.816667 | D51: =B51*(D38+D44) -> 15.816667
A52: G - INCRA | B52: 0.002 | C52: =B52*(C38+C44) -> 5.2722222 | D52: =B52*(D38+D44) -> 5.2722222
A53: F - FGTS | B53: 0.08 | C53: =B53*(C38+C44) -> 210.88889 | D53: =B53*(D38+D44) -> 210.88889
A54: Total | B54: =SUM(B46:B53) -> 0.368 | C54: =SUM(C46:C53) -> 970.08889 | D54: =SUM(D46:D53) -> 970.08889
A55: 2.3 - Benefícios Mensais e Diários | B55: Valores/ Percentuais | C55: Valor (R$) | D55: Valor (R$)
A56: A – Auxílio Transporte (Devido por dias efetivamente trabalhado) | B56: 0 | C56: 0 | D56: 0
A57: B – Auxílio Alimentação (Jornada acima de 6 horas) | B57: ='Memória de Cálculo'!C6 -> 25 | C57: ='Memória de Cálculo'!E6 -> 594.75 | D57: ='Memória de Cálculo'!E7 -> 343.125
A58: C – Plano de Saúde Médico e Odontológico | B58: 0
A59: D – Amparo Social | B59: =Goiânia!B59 -> 16 | C59: =B59 -> 16 | D59: =C59 -> 16
A60: E – Seguro de Vida (Auxílio Morte/Alimentação) | B60: 9.55e-05 | C60: =C38*B60*26-1 -> 4.8909175 | D60: =D38*B60*26-1 -> 4.8909175
A61: F – Outros (Cesta Básica) | B61: 0.04 | C61: =C31*B61/12 -> 6.0833333 | D61: =D31*B61/12 -> 6.0833333
A62: Total | C62: =SUM(C56:C61) -> 621.72425 | D62: =SUM(D56:D61) -> 370.09925
A63: 2 - Encargos e Benefícios Anuais, Mensais e Diários | B63: Percentuais | C63: Valor (R$) | D63: Valor (R$)
A64: 2.1 - 13º Salário, Férias e Adicional de Férias | B64: =B44 -> 0.11111111 | C64: =C44 -> 263.61111 | D64: =D44 -> 263.61111
A65: 2.2 - GPS, FGTS e outras contribuições | B65: =B54 -> 0.368 | C65: =C54 -> 970.08889 | D65: =D54 -> 970.08889
A66: 2.3 - Benefícios Mensais e Diários | B66: 0 | C66: =C62 -> 621.72425 | D66: =D62 -> 370.09925
A67: Total | C67: =SUM(C64:C66) -> 1855.4243 | D67: =SUM(D64:D66) -> 1603.7993
A69: MÓDULO 3: PROVISÃO PARA RESCISÃO
A70: 3 - Provisão para Rescisão | B70: Percentuais | C70: Valor (R$) | D70: Valor (R$)
A71: A - Aviso Prévio Indenizado (Esta parcela deverá ser reduzida após o primeiro ano da contratação para o percentual máximo de 0,042%: Acórdão 1.186/2017-P) | B71: =1/12*0.05 -> 0.0041666667 | C71: =B71*C38 -> 9.8854167 | D71: =B71*D38 -> 9.8854167
A72: B - Incidência do FGTS sobre Aviso Prévio Indenizado | B72: =B53*B71 -> 0.00033333333 | C72: =B72*C38 -> 0.79083333 | D72: =B72*D38 -> 0.79083333
A73: C - Multa do FGTS e contribuições sociais sobre o Aviso Prévio Indenizado | B73: 0 | C73: =B73*C38 -> 0 | D73: =B73*D38 -> 0
A74: D - Aviso Prévio Trabalhado (Esta parcela deverá ser reduzida após o primeiro ano da contratação para o percentual máximo de 0,194%: Acórdão 1.186/2017-P) | B74: =1/30*7/12 -> 0.019444444 | C74: =B74*C38 -> 46.131944 | D74: =B74*D38 -> 46.131944
A75: E - Incidência de GPS, FGTS e outras contribuições (submódulo 2.2) sobre o Aviso Prévio Trabalhado | B75: =B54*B74 -> 0.0071555556 | C75: =B75*C38 -> 16.976556 | D75: =B75*D38 -> 16.976556
A76: F - Multa do FGTS sobre o Aviso Prévio Trabalhado (Rescisões sem justa causa) | B76: =0.08*0.4*0.9*(1+1/12+1/12+1/3*1/12) -> 0.0344 | C76: =B76*C38 -> 81.614 | D76: =B76*D38 -> 81.614
A77: Total | B77: =SUM(B71:B76) -> 0.0655 | C77: =SUM(C71:C76) -> 155.39875 | D77: =SUM(D71:D76) -> 155.39875
A79: MÓDULO 4: CUSTO DE REPOSIÇÃO DO PROFISSIONAL AUSENTE
A80: 4.1 – Substituto nas Ausências Legais | B80: Percentuais | C80: Valor (R$) | D80: Valor (R$)
A81: A – Substituto na cobertura de Férias | B81: =1/12 -> 0.083333333 | C81: =B81*(C38+C67+C77) -> 365.27692 | D81: =B81*(D38+D67+D77) -> 344.30817
A82: B – Substituto na cobertura de ausências Legais | B82: 0.0028 | C82: =B82*(C38+C67+C77) -> 12.273304 | D82: =B82*(D38+D67+D77) -> 11.568754
A83: C - Substituto na cobertura na licença-paternidade | B83: 0.0002 | C83: =B83*(C38+C67+C77) -> 0.8766646 | D83: =B83*(D38+D67+D77) -> 0.8263396
A84: D - Substituto na cobertura na ausências por acidente de trabalho | B84: ='Memória de Cálculo'!D22/30/12 -> 0 | C84: =B84*(C38+C67+C77) -> 0 | D84: =B84*(D38+D67+D77) -> 0
A85: E - Substituto na cobertura de afastamento maternidade | B85: =120/30*'Memória de Cálculo'!D32*'Memória de Cálculo'!D33 -> 0 | C85: =B85*(C38+C67+C77) -> 0 | D85: =B85*(D38+D67+D77) -> 0
A86: F - Substituto na cobertura de outras ausências (especificar) | B86: 0 | C86: =B86*(C38+C67+C77) -> 0 | D86: =B86*(D38+D67+D77) -> 0
A87: Total | B87: =SUM(B81:B86) -> 0.086333333 | C87: =SUM(C81:C86) -> 378.42689 | D87: =SUM(D81:D86) -> 356.70326
A88: 4.2 - Substituto na Intrajornada (Indenizada) | B88: Percentuais | C88: Valor (R$) | D88: Valor (R$)
A89: A - Substituto na cobertura de intervalo para repouso ou alimentação (Intrajornada indenizada de 30 (trinta) minutos) | B89: 0.5 | C89: 0 | D89: =(D38/220)*15*1.5/2 -> 121.32102
A90: Total | C90: =SUM(C89:C89) -> 0 | D90: =SUM(D89:D89) -> 121.32102
A92: 4 - Custo de Reposição do Profissional Ausente | B92: Percentuais | C92: Valor (R$) | D92: Valor (R$)
A93: 4.1 - Substituto nas ausências Legais | B93: =B87 -> 0.086333333 | C93: =C87 -> 378.42689 | D93: =D87 -> 356.70326
A94: 4.2 - Intrajornada indenizada | B94: =B89 -> 0.5 | C94: =C90 -> 0 | D94: =D90 -> 121.32102
A95: Total | C95: =SUM(C93:C94) -> 378.42689 | D95: =SUM(D93:D94) -> 478.02428
A97: MÓDULO 5: INSUMOS DIVERSOS
A98: 5 - Insumos Diversos | B98: Valores | C98: Valor (R$) | D98: Valor (R$)
A99: A - Uniformes | B99: =Insumos!J13 -> 41.683333 | C99: =B99 -> 41.683333 | D99: =B99 -> 41.683333
A100: B - Materiais | B100: =Insumos!J21 -> 10.203333 | C100: =B100 -> 10.203333 | D100: =B100/2 -> 5.1016667
A101: C – Equipamentos | C101: =B101 -> 0 | D101: =B101 -> 0
A102: D - Outros (especificar) | B102: 0 | C102: =B102 -> 0 | D102: =B102 -> 0
A103: Total | B103: =SUM(B99:B102) -> 51.886667 | C103: =SUM(C99:C102) -> 51.886667 | D103: =SUM(D99:D102) -> 46.785
A105: MÓDULO 6: CUSTOS INDIRETOS, TRIBUTOS E LUCRO
A106: 6 - Custos Indiretos, Tributos e Lucro | B106: Percentuais | C106: Valor (R$) | D106: Valor (R$)
A107: A - Custos Indiretos | B107: 0.032 | C107: =B107*(C38+C67+C77+C95+C103) -> 154.03637 | D107: =B107*(D38+D67+D77+D95+D103) -> 149.00823
A108: B - Lucro | B108: 0.0358 | C108: =B108*(C38+C67+C77+C95+C103+C107) -> 177.84269 | D108: =B108*(D38+D67+D77+D95+D103+D107) -> 172.03746
A109: C - Tributos (De acordo com o regime tributário da empresa) | B109: =SUM(B110:B114) -> 0.0665 | C109: =((C38+C67+C77+C95+C103+C107+C108)/(1-B109))*B109 -> 366.55253 | D109: =((D38+D67+D77+D95+D103+D107+D108)/(1-B109))*B109 -> 354.58733
A110: C.1.1 - Tributos Federais (PIS) | B110: 0.0065 | C110: =((C38+C67+C77+C95+C103+C107+C108)/(1-B109))*B110 -> 35.828443 | D110: =((D38+D67+D77+D95+D103+D107+D108)/(1-B109))*B110 -> 34.658912
A111: C.1.2 - Tributos Federais (COFINS) | B111: 0.03 | C111: =((C38+C67+C77+C95+C103+C107+C108)/(1-B109))*B111 -> 165.36204 | D111: =((D38+D67+D77+D95+D103+D107+D108)/(1-B109))*B111 -> 159.96421
A112: C.2 - Tributos Estaduais (especificar)
...

Sheet Pontalina
A1: PLANILHA ESTIMATIVA
A2: Planilha de Custos e Formação de Preços para Serviços de Vigilância Ostensiva
A4: Nº do Processo: | B4: 35014.499513/2022-13
A5: Pregão Eletrônico nº | B5: ='Palmeiras de Goiás'!B5:D5 -> 0
A6: Data: | B6: ='Palmeiras de Goiás'!B6:D6 -> 0
A8: Discriminação dos Serviços (dados referentes à contratação)
A9: A – Data de apresentação da proposta (dia/mês/ano)
A10: B – Município/UF | B10: Pontalina - GO
A11: C – Ano Acordo, Convenção ou Sentença Normativa em Dissídio Coletivo | B11: 2020/2021
A12: D – Nº de meses de execução contratual | B12: 12
A14: Identificação do Serviço
A15: Tipo de Serviço | B15: Unid. de Medida | C15: Posto de 44 h semanais (Qtde) | D15: Quant. Total a Contratar (em função da un. de medida) para 12X36 Diurnas
A16: Contratação de serviços de segurança e vigilância orgânica e patrimonial desarmada, visando atender as demandas das Gerências Executivas de Goiânia, Anápolis e DF (unidades em Goiás), conforme condições, quantidades e exigências estabelecidas no instrumento convocatório. | B16: Serviço | C16: =Resumo!E67 -> 2 | D16: =Resumo!E66 -> 0
A19: Mão de obra vinculada à execução contratual
A20: Dados para composição dos custos referente à mão de obra
A21: 1 – Tipo de serviço (mesmo serviço com características distintas) | B21: Vigilância
A22: 2 – Classificação Brasileira de Ocupações (CBO) | B22: 517330
A23: 3 – Salário Normativo da Categoria Profissional (conforme Cláusula Terceira da CCT) | B23: =Goiânia!B23 -> 1825
A24: 4 – Categoria profissional (vinculada à execução contratual) | B24: Vigilante
A25: 5 – Data base da categoria (dia/mês/ano) | B25: 01 de janeiro
A26: 6 – Numero de registro da convenção coletiva no MTE: | B26: SRT00035/2023
A28: CUSTOS | B28: Percentuais e Valores de Referência | C28: 44 horas semanais diurnas | D28: 12X36 Diurnas
A29: MÓDULO 1: COMPOSIÇÃO DA REMUNERAÇÃO
A30: 1 - Composição da Remuneração | B30: Valores/ Percentuais | C30: Valor (R$) | D30: Valor (R$)
A31: A – Salário Base (conforme Cláusula Terceira da CCT) | B31: =B23 -> 1825 | C31: =B31 -> 1825 | D31: =B31 -> 1825
A32: B - Adicional de Periculosidade | B32: 0.3 | C32: =C31*B32 -> 547.5 | D32: =D31*B32 -> 547.5
A33: C - Adicional de Insalubridade
A34: D - Adicional Noturno | C34: 0 | D34: 0
A35: E - Adicional de Hora Noturna Reduzida | C35: 0 | D35: 0
A36: F - Penosidade | C36: 0 | D36: 0
A37: G - Outros | C37: 0 | D37: 0
A38: Total | C38: =SUM(C31:C37) -> 2372.5 | D38: =SUM(D31:D37) -> 2372.5
A40: MÓDULO 2: ENCARGOS E BENEFÍCIOS ANUAIS, MENSAIS E DIÁRIOS
A41: 2.1 - 13º Salário, Férias e Adicional de Férias | B41: Percentuais | C41: Valor (R$) | D41: Valor (R$)
A42: A - 13º salário | B42: =1/12 -> 0.083333333 | C42: =B42*C38 -> 197.70833 | D42: =B42*D38 -> 197.70833
A43: B - Férias e Adicional de Férias (O custo com o valor pago ao substituto durante as férias do empregado consta na letra "A" do submódulo 4.1), (custo não renovável). | B43: =B42/3 -> 0.027777778 | C43: =B43*C38 -> 65.902778 | D43: =B43*D38 -> 65.902778
A44: Total | B44: =SUM(B42:B43) -> 0.11111111 | C44: =SUM(C42:C43) -> 263.61111 | D44: =SUM(D42:D43) -> 263.61111
A45: 2.2 - GPS, FGTS e outras contribuições (Incide sobre os Módulos 1 e 2.1) | B45: Percentuais | C45: Valor (R$) | D45: Valor (R$)
A46: A - INSS | B46: 0.2 | C46: =B46*(C38+C44) -> 527.22222 | D46: =B46*(D38+D44) -> 527.22222
A47: B - Salário Educação | B47: 0.025 | C47: =B47*(C38+C44) -> 65.902778 | D47: =B47*(D38+D44) -> 65.902778
A48: C - SAT (Utilizar o RAT Ajustado conforme GFIP: RAT x FAP) | B48: 0.03 | C48: =B48*(C38+C44) -> 79.083333 | D48: =B48*(D38+D44) -> 79.083333
A49: D - SESI ou SESC | B49: 0.015 | C49: =B49*(C38+C44) -> 39.541667 | D49: =B49*(D38+D44) -> 39.541667
A50: E - SENAI ou SENAC | B50: 0.01 | C50: =B50*(C38+C44) -> 26.361111 | D50: =B50*(D38+D44) -> 26.361111
A51: F - SEBRAE | B51: 0.006 | C51: =B51*(C38+C44) -> 15.816667 | D51: =B51*(D38+D44) -> 15.816667
A52: G - INCRA | B52: 0.002 | C52: =B52*(C38+C44) -> 5.2722222 | D52: =B52*(D38+D44) -> 5.2722222
A53: F - FGTS | B53: 0.08 | C53: =B53*(C38+C44) -> 210.88889 | D53: =B53*(D38+D44) -> 210.88889
A54: Total | B54: =SUM(B46:B53) -> 0.368 | C54: =SUM(C46:C53) -> 970.08889 | D54: =SUM(D46:D53) -> 970.08889
A55: 2.3 - Benefícios Mensais e Diários | B55: Valores/ Percentuais | C55: Valor (R$) | D55: Valor (R$)
A56: A – Auxílio Transporte (Devido por dias efetivamente trabalhado) | B56: 0 | C56: 0 | D56: 0
A57: B – Auxílio Alimentação (Jornada acima de 6 horas) | B57: ='Memória de Cálculo'!C6 -> 25 | C57: ='Memória de Cálculo'!E6 -> 594.75 | D57: ='Memória de Cálculo'!E7 -> 343.125
A58: C – Plano de Saúde Médico e Odontológico | B58: 0
A59: D – Amparo Social | B59: =Goiânia!B59 -> 16 | C59: =B59 -> 16 | D59: =C59 -> 16
A60: E – Seguro de Vida (Auxílio Morte/Alimentação) | B60: 9.55e-05 | C60: =C38*B60*26-1 -> 4.8909175 | D60: =D38*B60*26-1 -> 4.8909175
A61: F – Outros (Cesta Básica) | B61: 0.04 | C61: =C31*B61/12 -> 6.0833333 | D61: =D31*B61/12 -> 6.0833333
A62: Total | C62: =SUM(C56:C61) -> 621.72425 | D62: =SUM(D56:D61) -> 370.09925
A63: 2 - Encargos e Benefícios Anuais, Mensais e Diários | B63: Percentuais | C63: Valor (R$) | D63: Valor (R$)
A64: 2.1 - 13º Salário, Férias e Adicional de Férias | B64: =B44 -> 0.11111111 | C64: =C44 -> 263.61111 | D64: =D44 -> 263.61111
A65: 2.2 - GPS, FGTS e outras contribuições | B65: =B54 -> 0.368 | C65: =C54 -> 970.08889 | D65: =D54 -> 970.08889
A66: 2.3 - Benefícios Mensais e Diários | B66: 0 | C66: =C62 -> 621.72425 | D66: =D62 -> 370.09925
A67: Total | C67: =SUM(C64:C66) -> 1855.4243 | D67: =SUM(D64:D66) -> 1603.7993
A69: MÓDULO 3: PROVISÃO PARA RESCISÃO
A70: 3 - Provisão para Rescisão | B70: Percentuais | C70: Valor (R$) | D70: Valor (R$)
A71: A - Aviso Prévio Indenizado (Esta parcela deverá ser reduzida após o primeiro ano da contratação para o percentual máximo de 0,042%: Acórdão 1.186/2017-P) | B71: =1/12*0.05 -> 0.0041666667 | C71: =B71*C38 -> 9.8854167 | D71: =B71*D38 -> 9.8854167
A72: B - Incidência do FGTS sobre Aviso Prévio Indenizado | B72: =B53*B71 -> 0.00033333333 | C72: =B72*C38 -> 0.79083333 | D72: =B72*D38 -> 0.79083333
A73: C - Multa do FGTS e contribuições sociais sobre o Aviso Prévio Indenizado | B73: 0 | C73: =B73*C38 -> 0 | D73: =B73*D38 -> 0
A74: D - Aviso Prévio Trabalhado (Esta parcela deverá ser reduzida após o primeiro ano da contratação para o percentual máximo de 0,194%: Acórdão 1.186/2017-P) | B74: =1/30*7/12 -> 0.019444444 | C74: =B74*C38 -> 46.131944 | D74: =B74*D38 -> 46.131944
A75: E - Incidência de GPS, FGTS e outras contribuições (submódulo 2.2) sobre o Aviso Prévio Trabalhado | B75: =B54*B74 -> 0.0071555556 | C75: =B75*C38 -> 16.976556 | D75: =B75*D38 -> 16.976556
A76: F - Multa do FGTS sobre o Aviso Prévio Trabalhado (Rescisões sem justa causa) | B76: =0.08*0.4*0.9*(1+1/12+1/12+1/3*1/12) -> 0.0344 | C76: =B76*C38 -> 81.614 | D76: =B76*D38 -> 81.614
A77: Total | B77: =SUM(B71:B76) -> 0.0655 | C77: =SUM(C71:C76) -> 155.39875 | D77: =SUM(D71:D76) -> 155.39875
A79: MÓDULO 4: CUSTO DE REPOSIÇÃO DO PROFISSIONAL AUSENTE
A80: 4.1 – Substituto nas Ausências Legais | B80: Percentuais | C80: Valor (R$) | D80: Valor (R$)
A81: A – Substituto na cobertura de Férias | B81: =1/12 -> 0.083333333 | C81: =B81*(C38+C67+C77) -> 365.27692 | D81: =B81*(D38+D67+D77) -> 344.30817
A82: B – Substituto na cobertura de ausências Legais | B82: 0.0028 | C82: =B82*(C38+C67+C77) -> 12.273304 | D82: =B82*(D38+D67+D77) -> 11.568754
A83: C - Substituto na cobertura na licença-paternidade | B83: 0.0002 | C83: =B83*(C38+C67+C77) -> 0.8766646 | D83: =B83*(D38+D67+D77) -> 0.8263396
A84: D - Substituto na cobertura na ausências por acidente de trabalho | B84: ='Memória de Cálculo'!D22/30/12 -> 0 | C84: =B84*(C38+C67+C77) -> 0 | D84: =B84*(D38+D67+D77) -> 0
A85: E - Substituto na cobertura de afastamento maternidade | B85: =120/30*'Memória de Cálculo'!D32*'Memória de Cálculo'!D33 -> 0 | C85: =B85*(C38+C67+C77) -> 0 | D85: =B85*(D38+D67+D77) -> 0
A86: F - Substituto na cobertura de outras ausências (especificar) | B86: 0 | C86: =B86*(C38+C67+C77) -> 0 | D86: =B86*(D38+D67+D77) -> 0
A87: Total | B87: =SUM(B81:B86) -> 0.086333333 | C87: =SUM(C81:C86) -> 378.42689 | D87: =SUM(D81:D86) -> 356.70326
A88: 4.2 - Substituto na Intrajornada (Indenizada) | B88: Percentuais | C88: Valor (R$) | D88: Valor (R$)
A89: A - Substituto na cobertura de intervalo para repouso ou alimentação (Intrajornada indenizada de 30 (trinta) minutos) | B89: 0.5 | C89: 0 | D89: =(D38/220)*15*1.5/2 -> 121.32102
A90: Total | C90: =SUM(C89:C89) -> 0 | D90: =SUM(D89:D89) -> 121.32102
A92: 4 - Custo de Reposição do Profissional Ausente | B92: Percentuais | C92: Valor (R$) | D92: Valor (R$)
A93: 4.1 - Substituto nas ausências Legais | B93: =B87 -> 0.086333333 | C93: =C87 -> 378.42689 | D93: =D87 -> 356.70326
A94: 4.2 - Intrajornada indenizada | B94: =B89 -> 0.5 | C94: =C90 -> 0 | D94: =D90 -> 121.32102
A95: Total | C95: =SUM(C93:C94) -> 378.42689 | D95: =SUM(D93:D94) -> 478.02428
A97: MÓDULO 5: INSUMOS DIVERSOS
A98: 5 - Insumos Diversos | B98: Valores | C98: Valor (R$) | D98: Valor (R$)
A99: A - Uniformes | B99: =Insumos!J13 -> 41.683333 | C99: =B99 -> 41.683333 | D99: =B99 -> 41.683333
A100: B - Materiais | B100: =Insumos!J21 -> 10.203333 | C100: =B100 -> 10.203333 | D100: =B100/2 -> 5.1016667
A101: C – Equipamentos | C101: =B101 -> 0 | D101: =B101 -> 0
A102: D - Outros (especificar) | B102: 0 | C102: =B102 -> 0 | D102: =B102 -> 0
A103: Total | B103: =SUM(B99:B102) -> 51.886667 | C103: =SUM(C99:C102) -> 51.886667 | D103: =SUM(D99:D102) -> 46.785
A105: MÓDULO 6: CUSTOS INDIRETOS, TRIBUTOS E LUCRO
A106: 6 - Custos Indiretos, Tributos e Lucro | B106: Percentuais | C106: Valor (R$) | D106: Valor (R$)
A107: A - Custos Indiretos | B107: 0.032 | C107: =B107*(C38+C67+C77+C95+C103) -> 154.03637 | D107: =B107*(D38+D67+D77+D95+D103) -> 149.00823
A108: B - Lucro | B108: 0.0358 | C108: =B108*(C38+C67+C77+C95+C103+C107) -> 177.84269 | D108: =B108*(D38+D67+D77+D95+D103+D107) -> 172.03746
A109: C - Tributos (De acordo com o regime tributário da empresa) | B109: =SUM(B110:B114) -> 0.0665 | C109: =((C38+C67+C77+C95+C103+C107+C108)/(1-B109))*B109 -> 366.55253 | D109: =((D38+D67+D77+D95+D103+D107+D108)/(1-B109))*B109 -> 354.58733
A110: C.1.1 - Tributos Federais (PIS) | B110: 0.0065 | C110: =((C38+C67+C77+C95+C103+C107+C108)/(1-B109))*B110 -> 35.828443 | D110: =((D38+D67+D77+D95+D103+D107+D108)/(1-B109))*B110 -> 34.658912
A111: C.1.2 - Tributos Federais (COFINS) | B111: 0.03 | C111: =((C38+C67+C77+C95+C103+C107+C108)/(1-B109))*B111 -> 165.36204 | D111: =((D38+D67+D77+D95+D103+D107+D108)/(1-B109))*B111 -> 159.96421
A112: C.2 - Tributos Estaduais (especificar)
...

Sheet Quirinópolis
A1: PLANILHA ESTIMATIVA
A2: Planilha de Custos e Formação de Preços para Serviços de Vigilância Ostensiva
A4: Nº do Processo: | B4: 35014.499513/2022-13
A5: Pregão Eletrônico nº | B5: =Pontalina!B5 -> 0
A6: Data: | B6: =Pontalina!B6 -> 0
A8: Discriminação dos Serviços (dados referentes à contratação)
A9: A – Data de apresentação da proposta (dia/mês/ano)
A10: B – Município/UF | B10: Quirinópolis - GO
A11: C – Ano Acordo, Convenção ou Sentença Normativa em Dissídio Coletivo | B11: 2021/2022
A12: D – Nº de meses de execução contratual | B12: 12
A14: Identificação do Serviço
A15: Tipo de Serviço | B15: Unid. de Medida | C15: Posto de 44 h semanais (Qtde) | D15: Quant. Total a Contratar (em função da un. de medida) para 12X36 Diurnas
A16: Contratação de serviços de segurança e vigilância orgânica e patrimonial desarmada, visando atender as demandas das Gerências Executivas de Goiânia, Anápolis e DF (unidades em Goiás), conforme condições, quantidades e exigências estabelecidas no instrumento convocatório. | B16: Serviço | C16: =Resumo!E70 -> 2 | D16: =Resumo!E69 -> 0
A19: Mão de obra vinculada à execução contratual
A20: Dados para composição dos custos referente à mão de obra
A21: 1 – Tipo de serviço (mesmo serviço com características distintas) | B21: Vigilância
A22: 2 – Classificação Brasileira de Ocupações (CBO) | B22: 517330
A23: 3 – Salário Normativo da Categoria Profissional | B23: =Jataí!B23 -> 1825
A24: 4 – Categoria profissional (vinculada à execução contratual) | B24: Vigilante
A25: 5 – Data base da categoria (dia/mês/ano) | B25: 01 de janeiro
A26: 6 – Numero de registro da convenção coletiva no MTE: | B26: GO000846/2022
A28: CUSTOS | B28: Percentuais e Valores de Referência | C28: 44 horas semanais diurnas | D28: 12X36 Diurnas
A29: MÓDULO 1: COMPOSIÇÃO DA REMUNERAÇÃO
A30: 1 - Composição da Remuneração | B30: Valores/ Percentuais | C30: Valor (R$) | D30: Valor (R$)
A31: A – Salário Base (conforme Cláusula Terceira da CCT) | B31: =B23 -> 1825 | C31: =B31 -> 1825 | D31: =B31 -> 1825
A32: B - Adicional de Periculosidade | B32: 0.3 | C32: =C31*B32 -> 547.5 | D32: =D31*B32 -> 547.5
A33: C - Adicional de Insalubridade
A34: D - Adicional Noturno | C34: 0 | D34: 0
A35: E - Adicional de Hora Noturna Reduzida | C35: 0 | D35: 0
A36: F - Penosidade | C36: 0 | D36: 0
A37: G - Outros | C37: 0 | D37: 0
A38: Total | C38: =SUM(C31:C37) -> 2372.5 | D38: =SUM(D31:D37) -> 2372.5
A40: MÓDULO 2: ENCARGOS E BENEFÍCIOS ANUAIS, MENSAIS E DIÁRIOS
A41: 2.1 - 13º Salário, Férias e Adicional de Férias | B41: Percentuais | C41: Valor (R$) | D41: Valor (R$)
A42: A - 13º salário | B42: =1/12 -> 0.083333333 | C42: =B42*C38 -> 197.70833 | D42: =B42*D38 -> 197.70833
A43: B - Férias e Adicional de Férias (O custo com o valor pago ao substituto durante as férias do empregado consta na letra "A" do submódulo 4.1), (custo não renovável). | B43: =B42/3 -> 0.027777778 | C43: =B43*C38 -> 65.902778 | D43: =B43*D38 -> 65.902778
A44: Total | B44: =SUM(B42:B43) -> 0.11111111 | C44: =SUM(C42:C43) -> 263.61111 | D44: =SUM(D42:D43) -> 263.61111
A45: 2.2 - GPS, FGTS e outras contribuições (Incide sobre os Módulos 1 e 2.1) | B45: Percentuais | C45: Valor (R$) | D45: Valor (R$)
A46: A - INSS | B46: 0.2 | C46: =B46*(C38+C44) -> 527.22222 | D46: =B46*(D38+D44) -> 527.22222
A47: B - Salário Educação | B47: 0.025 | C47: =B47*(C38+C44) -> 65.902778 | D47: =B47*(D38+D44) -> 65.902778
A48: C - SAT (Utilizar o RAT Ajustado conforme GFIP: RAT x FAP) | B48: 0.03 | C48: =B48*(C38+C44) -> 79.083333 | D48: =B48*(D38+D44) -> 79.083333
A49: D - SESI ou SESC | B49: 0.015 | C49: =B49*(C38+C44) -> 39.541667 | D49: =B49*(D38+D44) -> 39.541667
A50: E - SENAI ou SENAC | B50: 0.01 | C50: =B50*(C38+C44) -> 26.361111 | D50: =B50*(D38+D44) -> 26.361111
A51: F - SEBRAE | B51: 0.006 | C51: =B51*(C38+C44) -> 15.816667 | D51: =B51*(D38+D44) -> 15.816667
A52: G - INCRA | B52: 0.002 | C52: =B52*(C38+C44) -> 5.2722222 | D52: =B52*(D38+D44) -> 5.2722222
A53: F - FGTS | B53: 0.08 | C53: =B53*(C38+C44) -> 210.88889 | D53: =B53*(D38+D44) -> 210.88889
A54: Total | B54: =SUM(B46:B53) -> 0.368 | C54: =SUM(C46:C53) -> 970.08889 | D54: =SUM(D46:D53) -> 970.08889
A55: 2.3 - Benefícios Mensais e Diários | B55: Valores/ Percentuais | C55: Valor (R$) | D55: Valor (R$)
A56: A – Auxílio Transporte (Devido por dias efetivamente trabalhado) | B56: 0 | C56: 0 | D56: 0
A57: B – Auxílio Alimentação (Jornada acima de 6 horas) | B57: ='Memória de Cálculo'!C6 -> 25 | C57: ='Memória de Cálculo'!E6 -> 594.75 | D57: ='Memória de Cálculo'!E7 -> 343.125
A58: C – Plano de Saúde Médico e Odontológico | B58: 0
A59: D – Amparo Social | B59: =Jataí!$B59 -> 16 | C59: =B59 -> 16 | D59: =C59 -> 16
A60: E – Seguro de Vida (Auxílio Morte/Alimentação) | B60: 9.55e-05 | C60: =C38*B60*26-1 -> 4.8909175 | D60: =D38*B60*26-1 -> 4.8909175
A61: F – Outros (Cesta Básica) | B61: 0.04 | C61: =C31*B61/12 -> 6.0833333 | D61: =D31*B61/12 -> 6.0833333
A62: Total | C62: =SUM(C56:C61) -> 621.72425 | D62: =SUM(D56:D61) -> 370.09925
A63: 2 - Encargos e Benefícios Anuais, Mensais e Diários | B63: Percentuais | C63: Valor (R$) | D63: Valor (R$)
A64: 2.1 - 13º Salário, Férias e Adicional de Férias | B64: =B44 -> 0.11111111 | C64: =C44 -> 263.61111 | D64: =D44 -> 263.61111
A65: 2.2 - GPS, FGTS e outras contribuições | B65: =B54 -> 0.368 | C65: =C54 -> 970.08889 | D65: =D54 -> 970.08889
A66: 2.3 - Benefícios Mensais e Diários | B66: 0 | C66: =C62 -> 621.72425 | D66: =D62 -> 370.09925
A67: Total | C67: =SUM(C64:C66) -> 1855.4243 | D67: =SUM(D64:D66) -> 1603.7993
A69: MÓDULO 3: PROVISÃO PARA RESCISÃO
A70: 3 - Provisão para Rescisão | B70: Percentuais | C70: Valor (R$) | D70: Valor (R$)
A71: A - Aviso Prévio Indenizado (Esta parcela deverá ser reduzida após o primeiro ano da contratação para o percentual máximo de 0,042%: Acórdão 1.186/2017-P) | B71: =1/12*0.05 -> 0.0041666667 | C71: =B71*C38 -> 9.8854167 | D71: =B71*D38 -> 9.8854167
A72: B - Incidência do FGTS sobre Aviso Prévio Indenizado | B72: =B53*B71 -> 0.00033333333 | C72: =B72*C38 -> 0.79083333 | D72: =B72*D38 -> 0.79083333
A73: C - Multa do FGTS e contribuições sociais sobre o Aviso Prévio Indenizado | B73: 0 | C73: =B73*C38 -> 0 | D73: =B73*D38 -> 0
A74: D - Aviso Prévio Trabalhado (Esta parcela deverá ser reduzida após o primeiro ano da contratação para o percentual máximo de 0,194%: Acórdão 1.186/2017-P) | B74: =1/30*7/12 -> 0.019444444 | C74: =B74*C38 -> 46.131944 | D74: =B74*D38 -> 46.131944
A75: E - Incidência de GPS, FGTS e outras contribuições (submódulo 2.2) sobre o Aviso Prévio Trabalhado | B75: =B54*B74 -> 0.0071555556 | C75: =B75*C38 -> 16.976556 | D75: =B75*D38 -> 16.976556
A76: F - Multa do FGTS sobre o Aviso Prévio Trabalhado (Rescisões sem justa causa) | B76: =0.08*0.4*0.9*(1+1/12+1/12+1/3*1/12) -> 0.0344 | C76: =B76*C38 -> 81.614 | D76: =B76*D38 -> 81.614
A77: Total | B77: =SUM(B71:B76) -> 0.0655 | C77: =SUM(C71:C76) -> 155.39875 | D77: =SUM(D71:D76) -> 155.39875
A79: MÓDULO 4: CUSTO DE REPOSIÇÃO DO PROFISSIONAL AUSENTE
A80: 4.1 – Substituto nas Ausências Legais | B80: Percentuais | C80: Valor (R$) | D80: Valor (R$)
A81: A – Substituto na cobertura de Férias | B81: =1/12 -> 0.083333333 | C81: =B81*(C38+C67+C77) -> 365.27692 | D81: =B81*(D38+D67+D77) -> 344.30817
A82: B – Substituto na cobertura de ausências Legais | B82: 0.0028 | C82: =B82*(C38+C67+C77) -> 12.273304 | D82: =B82*(D38+D67+D77) -> 11.568754
A83: C - Substituto na cobertura na licença-paternidade | B83: 0.0002 | C83: =B83*(C38+C67+C77) -> 0.8766646 | D83: =B83*(D38+D67+D77) -> 0.8263396
A84: D - Substituto na cobertura na ausências por acidente de trabalho | B84: ='Memória de Cálculo'!D22/30/12 -> 0 | C84: =B84*(C38+C67+C77) -> 0 | D84: =B84*(D38+D67+D77) -> 0
A85: E - Substituto na cobertura de afastamento maternidade | B85: =120/30*'Memória de Cálculo'!D32*'Memória de Cálculo'!D33 -> 0 | C85: =B85*(C38+C67+C77) -> 0 | D85: =B85*(D38+D67+D77) -> 0
A86: F - Substituto na cobertura de outras ausências (especificar) | B86: 0 | C86: =B86*(C38+C67+C77) -> 0 | D86: =B86*(D38+D67+D77) -> 0
A87: Total | B87: =SUM(B81:B86) -> 0.086333333 | C87: =SUM(C81:C86) -> 378.42689 | D87: =SUM(D81:D86) -> 356.70326
A88: 4.2 - Substituto na Intrajornada (Indenizada) | B88: Percentuais | C88: Valor (R$) | D88: Valor (R$)
A89: A - Substituto na cobertura de intervalo para repouso ou alimentação (Intrajornada indenizada de 30 (trinta) minutos) | B89: 0.5 | C89: 0 | D89: =(D38/220)*15*1.5/2 -> 121.32102
A90: Total | C90: =SUM(C89:C89) -> 0 | D90: =SUM(D89:D89) -> 121.32102
A92: 4 - Custo de Reposição do Profissional Ausente | B92: Percentuais | C92: Valor (R$) | D92: Valor (R$)
A93: 4.1 - Substituto nas ausências Legais | B93: =B87 -> 0.086333333 | C93: =C87 -> 378.42689 | D93: =D87 -> 356.70326
A94: 4.2 - Intrajornada indenizada | B94: =B89 -> 0.5 | C94: =C90 -> 0 | D94: =D90 -> 121.32102
A95: Total | C95: =SUM(C93:C94) -> 378.42689 | D95: =SUM(D93:D94) -> 478.02428
A97: MÓDULO 5: INSUMOS DIVERSOS
A98: 5 - Insumos Diversos | B98: Valores | C98: Valor (R$) | D98: Valor (R$)
A99: A - Uniformes | B99: =Insumos!J13 -> 41.683333 | C99: =B99 -> 41.683333 | D99: =B99 -> 41.683333
A100: B - Materiais | B100: =Insumos!J21 -> 10.203333 | C100: =B100 -> 10.203333 | D100: =B100/2 -> 5.1016667
A101: C – Equipamentos | C101: =B101 -> 0 | D101: =B101 -> 0
A102: D - Outros (especificar) | B102: 0 | C102: =B102 -> 0 | D102: =B102 -> 0
A103: Total | B103: =SUM(B99:B102) -> 51.886667 | C103: =SUM(C99:C102) -> 51.886667 | D103: =SUM(D99:D102) -> 46.785
A105: MÓDULO 6: CUSTOS INDIRETOS, TRIBUTOS E LUCRO
A106: 6 - Custos Indiretos, Tributos e Lucro | B106: Percentuais | C106: Valor (R$) | D106: Valor (R$)
A107: A - Custos Indiretos | B107: 0.032 | C107: =B107*(C38+C67+C77+C95+C103) -> 154.03637 | D107: =B107*(D38+D67+D77+D95+D103) -> 149.00823
A108: B - Lucro | B108: 0.0358 | C108: =B108*(C38+C67+C77+C95+C103+C107) -> 177.84269 | D108: =B108*(D38+D67+D77+D95+D103+D107) -> 172.03746
A109: C - Tributos (De acordo com o regime tributário da empresa) | B109: =SUM(B110:B114) -> 0.0865 | C109: =((C38+C67+C77+C95+C103+C107+C108)/(1-B109))*B109 -> 487.23273 | D109: =((D38+D67+D77+D95+D103+D107+D108)/(1-B109))*B109 -> 471.32822
A110: C.1.1 - Tributos Federais (PIS) | B110: 0.0065 | C110: =((C38+C67+C77+C95+C103+C107+C108)/(1-B109))*B110 -> 36.612864 | D110: =((D38+D67+D77+D95+D103+D107+D108)/(1-B109))*B110 -> 35.417728
A111: C.1.2 - Tributos Federais (COFINS) | B111: 0.03 | C111: =((C38+C67+C77+C95+C103+C107+C108)/(1-B109))*B111 -> 168.98245 | D111: =((D38+D67+D77+D95+D103+D107+D108)/(1-B109))*B111 -> 163.46644
A112: C.2 - Tributos Estaduais (especificar)
...

Sheet Rio Verde
A1: PLANILHA ESTIMATIVA
A2: Planilha de Custos e Formação de Preços para Serviços de Vigilância Ostensiva
A4: Nº do Processo: | B4: 35014.499513/2022-13
A5: Pregão Eletrônico nº | B5: =Quirinópolis!B5 -> 0
A6: Data: | B6: =Quirinópolis!B6 -> 0
A8: Discriminação dos Serviços (dados referentes à contratação)
A9: A – Data de apresentação da proposta (dia/mês/ano)
A10: B – Município/UF | B10: Rio Verde - GO
A11: C – Ano Acordo, Convenção ou Sentença Normativa em Dissídio Coletivo | B11: 2021/2022
A12: D – Nº de meses de execução contratual | B12: 12
A14: Identificação do Serviço
A15: Tipo de Serviço | B15: Unid. de Medida | C15: Posto de 44 h semanais (Qtde) | D15: Quant. Total a Contratar (em função da un. de medida) para 12X36 Diurnas
A16: Contratação de serviços de segurança e vigilância orgânica e patrimonial desarmada, visando atender as demandas das Gerências Executivas de Goiânia, Anápolis e DF (unidades em Goiás), conforme condições, quantidades e exigências estabelecidas no instrumento convocatório. | B16: Serviço | C16: =Resumo!E73 -> 3 | D16: =Resumo!E72 -> 0
A19: Mão de obra vinculada à execução contratual
A20: Dados para composição dos custos referente à mão de obra
A21: 1 – Tipo de serviço (mesmo serviço com características distintas) | B21: Vigilância
A22: 2 – Classificação Brasileira de Ocupações (CBO) | B22: 517330
A23: 3 – Salário Normativo da Categoria Profissional (conforme Cláusula Terceira da CCT) | B23: 1825
A24: 4 – Categoria profissional (vinculada à execução contratual) | B24: Vigilante
A25: 5 – Data base da categoria (dia/mês/ano) | B25: 01 de janeiro
A26: 6 – Numero de registro da convenção coletiva no MTE: | B26: GO000842/2022
A28: CUSTOS | B28: Percentuais e Valores de Referência | C28: 44 horas semanais diurnas | D28: 12X36 Diurnas
A29: MÓDULO 1: COMPOSIÇÃO DA REMUNERAÇÃO
A30: 1 - Composição da Remuneração | B30: Valores/ Percentuais | C30: Valor (R$) | D30: Valor (R$)
A31: A – Salário Base (conforme Cláusula Terceira da CCT) | B31: =B23 -> 1825 | C31: =B31 -> 1825 | D31: =B31 -> 1825
A32: B - Adicional de Periculosidade | B32: 0.3 | C32: =C31*B32 -> 547.5 | D32: =D31*B32 -> 547.5
A33: C - Adicional de Insalubridade
A34: D - Adicional Noturno | C34: 0 | D34: 0
A35: E - Adicional de Hora Noturna Reduzida | C35: 0 | D35: 0
A36: F - Penosidade | C36: 0 | D36: 0
A37: G - Outros | C37: 0 | D37: 0
A38: Total | C38: =SUM(C31:C37) -> 2372.5 | D38: =SUM(D31:D37) -> 2372.5
A40: MÓDULO 2: ENCARGOS E BENEFÍCIOS ANUAIS, MENSAIS E DIÁRIOS
A41: 2.1 - 13º Salário, Férias e Adicional de Férias | B41: Percentuais | C41: Valor (R$) | D41: Valor (R$)
A42: A - 13º salário | B42: =1/12 -> 0.083333333 | C42: =B42*C38 -> 197.70833 | D42: =B42*D38 -> 197.70833
A43: B - Férias e Adicional de Férias (O custo com o valor pago ao substituto durante as férias do empregado consta na letra "A" do submódulo 4.1), (custo não renovável). | B43: =B42/3 -> 0.027777778 | C43: =B43*C38 -> 65.902778 | D43: =B43*D38 -> 65.902778
A44: Total | B44: =SUM(B42:B43) -> 0.11111111 | C44: =SUM(C42:C43) -> 263.61111 | D44: =SUM(D42:D43) -> 263.61111
A45: 2.2 - GPS, FGTS e outras contribuições (Incide sobre os Módulos 1 e 2.1) | B45: Percentuais | C45: Valor (R$) | D45: Valor (R$)
A46: A - INSS | B46: 0.2 | C46: =B46*(C38+C44) -> 527.22222 | D46: =B46*(D38+D44) -> 527.22222
A47: B - Salário Educação | B47: 0.025 | C47: =B47*(C38+C44) -> 65.902778 | D47: =B47*(D38+D44) -> 65.902778
A48: C - SAT (Utilizar o RAT Ajustado conforme GFIP: RAT x FAP) | B48: 0.03 | C48: =B48*(C38+C44) -> 79.083333 | D48: =B48*(D38+D44) -> 79.083333
A49: D - SESI ou SESC | B49: 0.015 | C49: =B49*(C38+C44) -> 39.541667 | D49: =B49*(D38+D44) -> 39.541667
A50: E - SENAI ou SENAC | B50: 0.01 | C50: =B50*(C38+C44) -> 26.361111 | D50: =B50*(D38+D44) -> 26.361111
A51: F - SEBRAE | B51: 0.006 | C51: =B51*(C38+C44) -> 15.816667 | D51: =B51*(D38+D44) -> 15.816667
A52: G - INCRA | B52: 0.002 | C52: =B52*(C38+C44) -> 5.2722222 | D52: =B52*(D38+D44) -> 5.2722222
A53: F - FGTS | B53: 0.08 | C53: =B53*(C38+C44) -> 210.88889 | D53: =B53*(D38+D44) -> 210.88889
A54: Total | B54: =SUM(B46:B53) -> 0.368 | C54: =SUM(C46:C53) -> 970.08889 | D54: =SUM(D46:D53) -> 970.08889
A55: 2.3 - Benefícios Mensais e Diários | B55: Valores/ Percentuais | C55: Valor (R$) | D55: Valor (R$)
A56: A – Auxílio Transporte (Devido por dias efetivamente trabalhado) | B56: 3.7 | C56: =(B56*26*2)-(C31*0.06) -> 82.9 | D56: =(B56*15*2)-(D31*0.06) -> 1.5
A57: B – Auxílio Alimentação (Jornada acima de 6 horas) | B57: ='Memória de Cálculo'!C6 -> 25 | C57: ='Memória de Cálculo'!E6 -> 594.75 | D57: ='Memória de Cálculo'!E7 -> 343.125
A58: C – Plano de Saúde Médico e Odontológico | B58: 0
A59: D – Amparo Social | B59: 16 | C59: =B59 -> 16 | D59: =C59 -> 16
A60: E – Seguro de Vida (Auxílio Morte/Alimentação) | B60: 9.55e-05 | C60: =C38*B60*26-1 -> 4.8909175 | D60: =D38*B60*26-1 -> 4.8909175
A61: F – Outros (Cesta Básica) | B61: 0.04 | C61: =C31*B61/12 -> 6.0833333 | D61: =D31*B61/12 -> 6.0833333
A62: Total | C62: =SUM(C56:C61) -> 704.62425 | D62: =SUM(D56:D61) -> 371.59925
A63: 2 - Encargos e Benefícios Anuais, Mensais e Diários | B63: Percentuais | C63: Valor (R$) | D63: Valor (R$)
A64: 2.1 - 13º Salário, Férias e Adicional de Férias | B64: =B44 -> 0.11111111 | C64: =C44 -> 263.61111 | D64: =D44 -> 263.61111
A65: 2.2 - GPS, FGTS e outras contribuições | B65: =B54 -> 0.368 | C65: =C54 -> 970.08889 | D65: =D54 -> 970.08889
A66: 2.3 - Benefícios Mensais e Diários | B66: 0 | C66: =C62 -> 704.62425 | D66: =D62 -> 371.59925
A67: Total | C67: =SUM(C64:C66) -> 1938.3243 | D67: =SUM(D64:D66) -> 1605.2993
A69: MÓDULO 3: PROVISÃO PARA RESCISÃO
A70: 3 - Provisão para Rescisão | B70: Percentuais | C70: Valor (R$) | D70: Valor (R$)
A71: A - Aviso Prévio Indenizado (Esta parcela deverá ser reduzida após o primeiro ano da contratação para o percentual máximo de 0,042%: Acórdão 1.186/2017-P) | B71: =1/12*0.05 -> 0.0041666667 | C71: =B71*C38 -> 9.8854167 | D71: =B71*D38 -> 9.8854167
A72: B - Incidência do FGTS sobre Aviso Prévio Indenizado | B72: =B53*B71 -> 0.00033333333 | C72: =B72*C38 -> 0.79083333 | D72: =B72*D38 -> 0.79083333
A73: C - Multa do FGTS e contribuições sociais sobre o Aviso Prévio Indenizado | B73: 0 | C73: =B73*C38 -> 0 | D73: =B73*D38 -> 0
A74: D - Aviso Prévio Trabalhado (Esta parcela deverá ser reduzida após o primeiro ano da contratação para o percentual máximo de 0,194%: Acórdão 1.186/2017-P) | B74: =1/30*7/12 -> 0.019444444 | C74: =B74*C38 -> 46.131944 | D74: =B74*D38 -> 46.131944
A75: E - Incidência de GPS, FGTS e outras contribuições (submódulo 2.2) sobre o Aviso Prévio Trabalhado | B75: =B54*B74 -> 0.0071555556 | C75: =B75*C38 -> 16.976556 | D75: =B75*D38 -> 16.976556
A76: F - Multa do FGTS sobre o Aviso Prévio Trabalhado (Rescisões sem justa causa) | B76: =0.08*0.4*0.9*(1+1/12+1/12+1/3*1/12) -> 0.0344 | C76: =B76*C38 -> 81.614 | D76: =B76*D38 -> 81.614
A77: Total | B77: =SUM(B71:B76) -> 0.0655 | C77: =SUM(C71:C76) -> 155.39875 | D77: =SUM(D71:D76) -> 155.39875
A79: MÓDULO 4: CUSTO DE REPOSIÇÃO DO PROFISSIONAL AUSENTE
A80: 4.1 – Substituto nas Ausências Legais | B80: Percentuais | C80: Valor (R$) | D80: Valor (R$)
A81: A – Substituto na cobertura de Férias | B81: =1/12 -> 0.083333333 | C81: =B81*(C38+C67+C77) -> 372.18525 | D81: =B81*(D38+D67+D77) -> 344.43317
A82: B – Substituto na cobertura de ausências Legais | B82: 0.0028 | C82: =B82*(C38+C67+C77) -> 12.505424 | D82: =B82*(D38+D67+D77) -> 11.572954
A83: C - Substituto na cobertura na licença-paternidade | B83: 0.0002 | C83: =B83*(C38+C67+C77) -> 0.8932446 | D83: =B83*(D38+D67+D77) -> 0.8266396
A84: D - Substituto na cobertura na ausências por acidente de trabalho | B84: ='Memória de Cálculo'!D22/30/12 -> 0 | C84: =B84*(C38+C67+C77) -> 0 | D84: =B84*(D38+D67+D77) -> 0
A85: E - Substituto na cobertura de afastamento maternidade | B85: =120/30*'Memória de Cálculo'!D32*'Memória de Cálculo'!D33 -> 0 | C85: =B85*(C38+C67+C77) -> 0 | D85: =B85*(D38+D67+D77) -> 0
A86: F - Substituto na cobertura de outras ausências (especificar) | B86: 0 | C86: =B86*(C38+C67+C77) -> 0 | D86: =B86*(D38+D67+D77) -> 0
A87: Total | B87: =SUM(B81:B86) -> 0.086333333 | C87: =SUM(C81:C86) -> 385.58392 | D87: =SUM(D81:D86) -> 356.83276
A88: 4.2 - Substituto na Intrajornada (Indenizada) | B88: Percentuais | C88: Valor (R$) | D88: Valor (R$)
A89: A - Substituto na cobertura de intervalo para repouso ou alimentação (Intrajornada indenizada de 30 (trinta) minutos) | B89: 0.5 | C89: 0 | D89: =(D38/220)*15*1.5/2 -> 121.32102
A90: Total | C90: =SUM(C89:C89) -> 0 | D90: =SUM(D89:D89) -> 121.32102
A92: 4 - Custo de Reposição do Profissional Ausente | B92: Percentuais | C92: Valor (R$) | D92: Valor (R$)
A93: 4.1 - Substituto nas ausências Legais | B93: =B87 -> 0.086333333 | C93: =C87 -> 385.58392 | D93: =D87 -> 356.83276
A94: 4.2 - Intrajornada indenizada | B94: =B89 -> 0.5 | C94: =C90 -> 0 | D94: =D90 -> 121.32102
A95: Total | C95: =SUM(C93:C94) -> 385.58392 | D95: =SUM(D93:D94) -> 478.15378
A97: MÓDULO 5: INSUMOS DIVERSOS
A98: 5 - Insumos Diversos | B98: Valores | C98: Valor (R$) | D98: Valor (R$)
A99: A - Uniformes | B99: =Insumos!J13 -> 41.683333 | C99: =B99 -> 41.683333 | D99: =B99 -> 41.683333
A100: B - Materiais | B100: =Insumos!J21 -> 10.203333 | C100: =B100 -> 10.203333 | D100: =B100/2 -> 5.1016667
A101: C – Equipamentos | C101: =B101 -> 0 | D101: =B101 -> 0
A102: D - Outros (especificar) | B102: 0 | C102: =B102 -> 0 | D102: =B102 -> 0
A103: Total | B103: =SUM(B99:B102) -> 51.886667 | C103: =SUM(C99:C102) -> 51.886667 | D103: =SUM(D99:D102) -> 46.785
A105: MÓDULO 6: CUSTOS INDIRETOS, TRIBUTOS E LUCRO
A106: 6 - Custos Indiretos, Tributos e Lucro | B106: Percentuais | C106: Valor (R$) | D106: Valor (R$)
A107: A - Custos Indiretos | B107: 0.032 | C107: =B107*(C38+C67+C77+C95+C103) -> 156.91819 | D107: =B107*(D38+D67+D77+D95+D103) -> 149.06038
A108: B - Lucro | B108: 0.0358 | C108: =B108*(C38+C67+C77+C95+C103+C107) -> 181.1699 | D108: =B108*(D38+D67+D77+D95+D103+D107) -> 172.09766
A109: C - Tributos (De acordo com o regime tributário da empresa) | B109: =SUM(B110:B114) -> 0.0665 | C109: =((C38+C67+C77+C95+C103+C107+C108)/(1-B109))*B109 -> 373.41026 | D109: =((D38+D67+D77+D95+D103+D107+D108)/(1-B109))*B109 -> 354.71141
A110: C.1.1 - Tributos Federais (PIS) | B110: 0.0065 | C110: =((C38+C67+C77+C95+C103+C107+C108)/(1-B109))*B110 -> 36.498748 | D110: =((D38+D67+D77+D95+D103+D107+D108)/(1-B109))*B110 -> 34.671041
